Workbook

Sheet COGS(매출원가+재공품+완성제품)
A2: COSTING SUMMARY
A3: For the month of JUNE 2018
C4: COGS OF GOOD SOLD JUNE '18
C6: 511 | D6: 19607773243 | E6: ='Sales profit (스타일 별 매출이익)'!O5 -> 864612.25 | F6: ='Sales profit (스타일 별 매출이익)'!E5 -> 392031 | G6: pcs
C7: 622 | D7: 6782821106
C8: 627 | D8: 13251858147
C9: TOTAL | D9: =SUM(D7:D8) -> 20034679253
D10: =C14+F14+D9-D21-G21-I19 -> 0
A12: THE AMOUNT | C12: ACC 154 | F12: ACC 155 | I12: ACC 632
B14: Beginning | C14: ='WIP(재공품)'!L7 -> 8125656666 | E14: Beginning | F14: ='In-out-bal products (155)(완성제품)'!F7 -> 6043796522
D15: ='WIP(재공품)'!X7 -> 18291801777 | F15: ='In-out-bal products (155)(완성제품)'!L7 -> 18291801777 | G15: ='In-out-bal products (155)(완성제품)'!X7 -> 15788962803 | I15: =G15 -> 15788962803
C16: =D9 -> 20034679253 | D16: ='WIP(재공품)'!U7 -> 28190139 | F16: ='In-out-bal products (155)(완성제품)'!O7 -> 28190139 | G16: ='In-out-bal products (155)(완성제품)'!AA7 -> 0 | I16: =G16 -> 0
G17: ='In-out-bal products (155)(완성제품)'!AG7 -> 28190139 | I17: =G17 -> 28190139
C19: =C14+C16 -> 28160335919 | D19: =D15+D16 -> 18319991916 | F19: =F14+F15+F16 -> 24363788438 | G19: =G15+G16+G17 -> 15817152942 | I19: =I15+I16+I17 -> 15817152942
B21: Ending | D21: =C19-D19 -> 9840344003 | E21: Ending | G21: =ROUND(F19-G19,0) -> 8546635496
C22: 622 | D22: ='Direct labour(직접노무비)'!AA7 -> 3495335232 | G22: ='In-out-bal products (155)(완성제품)'!AU7 -> 7306633775 | H22: Inventory of Ms Qui
C23: 627 | D23: ='Overhead exp(제조경비)'!AA7 -> 6345008754 | G23: ='In-out-bal products (155)(완성제품)'!AW7 -> 1240001721 | H23: Inventory of Ms Nga
D24: =+D22+D23-D21 -> -17 | G24: =+G21-G22-G23 -> 0
A27: THE QUANTITY | C27: ACC 154 | F27: ACC 155 | I27: ACC 632
B29: Beginning | C29: ='WIP(재공품)'!I7 -> 290539 | E29: Beginning | F29: ='In-out-bal products (155)(완성제품)'!D7 -> 173116
D30: ='WIP(재공품)'!S7 -> 445561 | F30: ='In-out-bal products (155)(완성제품)'!G7+'In-out-bal products (155)(완성제품)'!H7 -> 445561 | G30: ='In-out-bal products (155)(완성제품)'!V7 -> 392031 | I30: =G30 -> 392031
D31: =+'WIP(재공품)'!T7 -> 605 | F31: =D31 -> 605 | G31: ='In-out-bal products (155)(완성제품)'!Y7 -> 0 | I31: =G31 -> 0
C32: ='JUNE (물량흐름)'!H8+'JUNE (물량흐름)'!V8 -> 482727 | G32: ='In-out-bal products (155)(완성제품)'!AE7 -> 605 | I32: =G32 -> 605
C35: =C29+C32+C33 -> 773266 | D35: =D30+D31+D32 -> 446166 | F35: =F29+SUM(F30:F32) -> 619282 | G35: =SUM(G30:G32) -> 392636 | I35: =I30+I31+I32 -> 392636
B37: Ending | D37: =C35-D35 -> 327100 | E37: Ending | G37: =F35-G35 -> 226646
G39: ='In-out-bal products (155)(완성제품)'!AT7 -> 184933 | H39: Inventory of Ms Qui
G40: ='In-out-bal products (155)(완성제품)'!AV7 -> 41713 | H40: Inventory of Ms Nga

Sheet JUNE (물량흐름)
K2: =M8-N8-O8-P8 -> 0 | M2: =+M8-N8-O8-P8 -> 0
L5: =+G8+H8-J8-L8-M8 -> 0
A6: THÁNG 06 /JUNE '18
S7: PACKING | W7: Ecus | AC7: 41713 | AD7: =+AC7-AC8 -> 0
D8: =SUBTOTAL(9,D13:D493) -> 451937 | E8: =SUBTOTAL(9,E13:E493) -> 2172048 | F8: =SUBTOTAL(9,F13:F493) -> 2623985 | G8: =SUBTOTAL(9,G13:G493) -> 290539 | H8: =SUBTOTAL(9,H13:H493) -> 451937 | I8: =SUBTOTAL(9,I13:I493) -> 30790 | J8: =SUBTOTAL(9,J13:J493) -> 415376 | K8: =SUBTOTAL(9,K13:K493) -> 0 | ... AD8: =SUBTOTAL(9,AD13:AD493) -> 226646 | AE8: =SUBTOTAL(9,AE13:AE488) -> 0 | AH8: =SUBTOTAL(9,AH13:AH391) -> 0 | AI8: =SUBTOTAL(9,AI13:AI274) -> 0 | AJ8: =SUBTOTAL(9,AJ13:AJ274) -> 0
A9: STT/ Ref. | B9: Khách hàng/Buyer | C9: Mã hàng/STYLE-ACC | D9: Số cắt trong tháng( Cutting in month) | E9: Số cắt luỹ kế đấu tháng/ Cutting of beginning month | F9: Số cắt luỹ kế cuối tháng/ Cutting of ending month | G9: WIP dư đầu kỳ/ WIP of beginning | H9: WIP tăng trong kỳ/ WIP in month | I9: Nhận bán thành phẩm tu xưởng khác/ Receipt Wip from other factory | J9: WIP giảm trong kỳ/ Output WIP in month | M9: WIP cuối kỳ/ WIP of ending month | N9: Mức độ hoàn thành WIP/ WIP Equivalent | Q9: TP DK QUÝ/ OPENING FINISING | R9: TP DK NGA/ OPENING AT WAREHOUSE | S9: Số đóng gói luỹ kế/ Packing | T9: TP tăng trong kỳ/ FG in month - packing | U9: TP chuyển kho nga/ FG in month - WAREHOUSE | V9: Nhân Điều chuyển TP từ xưởng khác/ receipt FG from other factory | W9: Xuất TP/ Output FG | AA9: Tổng kết chuyển TP/ Total Transfer into FG | AB9: FG cuối kỳ trong Kho TP PX/ FG ending INVENTORY OF QUY | AC9: FG cuối kỳ trong Kho TP PX chưa Xk/ FG ending at Warehouse have not export | AD9: Tổng Tp cuối kỳ kho PX/Sum FG ending at Warehouse | AE9: Tp cuối kỳ warehouse/ Sum FG ending at Warehouse
J11: TP tăng trong kỳ/ FG in month | K11: Chuyển bán thành phẩm sang xưởng khác/Transfer WIP to other | L11: Hàng phế (Chuyền May)/ Damages | N11: Cắt/Cut (20%) | O11: May/Made (50%) | P11: Ủi/Ironed (80%) | W11: Xuất xưởng (Đã xuất khẩu)/ Export | X11: Xuất xưởng (Đã xuất khẩu)/ warehouse | Y11: Hàng phế (sample) | Z11: Xuất xưởng (Chưa xuất khẩu)/ Output warehouse but have not export
B12: 2 | C12: 3 | D12: 4 | E12: 5 | F12: 6 | G12: 7 | H12: 8 | I12: 9 | J12: 10 | K12: 11 | L12: 12 | M12: 13 | N12: 14 | O12: 15 | P12: 16 | Q12: 17 | R12: 25 | S12: 18 | T12: 19 | V12: 20 | W12: 21 | X12: 22 | Y12: 23 | Z12: 24 | AA12: 26 | AB12: 27 | AC12: 28 | AD12: 29 | AE12: 35 | AR12: =SUBTOTAL(9,AR13:AR488) -> 0
A13: 1 | B13: =IFERROR(VLOOKUP(A13,O.B.JUNE!$A$7:$C$448,2,0),0) -> ALFANI | C13: =IFERROR(VLOOKUP(A13,O.B.JUNE!$A$7:$C$448,3,0),0) -> 69717 | D13: =F13-E13 -> 0 | E13: =IFERROR(VLOOKUP(C13,O.B.JUNE!$C$7:$D$448,2,0),0) -> 12331 | F13: =VLOOKUP(C13,'CUTTING ON JUNE'!$A$4:$D$316,3,0) -> 12331 | G13: =IFERROR(VLOOKUP(C13,O.B.JUNE!$C$7:$E$448,3,0),0) -> 3455 | H13: =IF(F13="","",F13-E13) -> 0 | J13: =IF(S13="",0,S13-Q13-V13-R13) -> 2500 | K13: 0 | L13: 0 | M13: =ROUND(IF(ISERROR(F13-S13-K13-L13-R13),0,(F13-S13-K13-L13+Q13+R13+G13-E13)),0) -> 955 | N13: 0 | O13: 224 | P13: =+M13-N13-O13 -> 731 | Q13: =IFERROR(VLOOKUP(C13,O.B.JUNE!$C$7:$K$448,7,0),0) -> 1878 | R13: =IFERROR(VLOOKUP(C13,O.B.JUNE!$C$7:$J$448,8,0),0) -> 0 | S13: =Q13+T13+U13+R13 -> 4378 | T13: 2500 | W13: 2370 | Y13: 0 | Z13: 0 | AA13: =V13+U13+T13 -> 2500 | AB13: =ROUND(Q13+T13+V13-W13-Y13-Z13,0) -> 2008 | AC13: =+R13+U13+Z13-X13 -> 0 | AD13: =AB13+AC13 -> 2008 | AH13: =G13+H13-J13-L13-M13 -> 0 | AI13: =Q13+T13+U13-S13+R13 -> 0 | AJ13: =M13-N13-O13-P13 -> 0 | AK13: =M13-N13-O13-P13 -> 0 | AN13: 0
A14: 2 | B14: =IFERROR(VLOOKUP(A14,O.B.JUNE!$A$7:$C$448,2,0),0) -> ALFANI | C14: =IFERROR(VLOOKUP(A14,O.B.JUNE!$A$7:$C$448,3,0),0) -> 73738 | D14: =F14-E14 -> 0 | E14: =IFERROR(VLOOKUP(C14,O.B.JUNE!$C$7:$D$448,2,0),0) -> 0 | F14: 0 | G14: =IFERROR(VLOOKUP(C14,O.B.JUNE!$C$7:$E$448,3,0),0) -> 473 | H14: =IF(F14="","",F14-E14) -> 0 | J14: =IF(S14="",0,S14-Q14-V14-R14) -> 473 | K14: 0 | L14: 0 | M14: =ROUND(IF(ISERROR(F14-S14-K14-L14-R14),0,(F14-S14-K14-L14+Q14+R14+G14-E14)),0) -> 0 | N14: 0 | O14: 0 | P14: =+M14-N14-O14 -> 0 | Q14: =IFERROR(VLOOKUP(C14,O.B.JUNE!$C$7:$K$448,7,0),0) -> 0 | R14: =IFERROR(VLOOKUP(C14,O.B.JUNE!$C$7:$J$448,8,0),0) -> 0 | S14: =Q14+T14+U14+R14 -> 473 | T14: 0 | U14: 473 | W14: 0 | Y14: 0 | Z14: 0 | AA14: =V14+U14+T14 -> 473 | AB14: =ROUND(Q14+T14+V14-X14-W14-Y14-Z14,0) -> 0 | AC14: =+R14+U14+Z14-X14 -> 473 | AD14: =AB14+AC14 -> 473 | AH14: =G14+H14-J14-L14-M14 -> 0 | AI14: =Q14+T14+U14-S14+R14 -> 0 | AJ14: =M14-N14-O14-P14 -> 0 | AK14: =M14-N14-O14-P14 -> 0 | AS14: ĐÃ HẾT SẢN XUẤT
A15: 3 | B15: =IFERROR(VLOOKUP(A15,O.B.JUNE!$A$7:$C$448,2,0),0) -> ALFANI | C15: =IFERROR(VLOOKUP(A15,O.B.JUNE!$A$7:$C$448,3,0),0) -> 73746 | D15: =F15-E15 -> 0 | E15: =IFERROR(VLOOKUP(C15,O.B.JUNE!$C$7:$D$448,2,0),0) -> 0 | F15: 0 | G15: =IFERROR(VLOOKUP(C15,O.B.JUNE!$C$7:$E$448,3,0),0) -> 0 | H15: =IF(F15="","",F15-E15) -> 0 | J15: =IF(S15="",0,S15-Q15-V15-R15) -> 0 | K15: 0 | L15: 0 | M15: =ROUND(IF(ISERROR(F15-S15-K15-L15-R15),0,(F15-S15-K15-L15+Q15+R15+G15-E15)),0) -> 0 | N15: 0 | O15: 0 | P15: 0 | Q15: =IFERROR(VLOOKUP(C15,O.B.JUNE!$C$7:$K$448,7,0),0) -> 0 | R15: =IFERROR(VLOOKUP(C15,O.B.JUNE!$C$7:$J$448,8,0),0) -> 11 | S15: =Q15+T15+U15+R15 -> 11 | T15: 0 | W15: 0 | Y15: 0 | Z15: 0 | AA15: =V15+U15+T15 -> 0 | AB15: =ROUND(Q15+T15+V15-X15-W15-Y15-Z15,0) -> 0 | AC15: =+R15+U15+Z15-X15 -> 11 | AD15: =AB15+AC15 -> 11 | AH15: =G15+H15-J15-L15-M15 -> 0 | AI15: =Q15+T15+U15-S15+R15 -> 0 | AJ15: =M15-N15-O15-P15 -> 0 | AK15: =M15-N15-O15-P15 -> 0
A16: 4 | B16: =IFERROR(VLOOKUP(A16,O.B.JUNE!$A$7:$C$448,2,0),0) -> ALFANI | C16: =IFERROR(VLOOKUP(A16,O.B.JUNE!$A$7:$C$448,3,0),0) -> 74211 | D16: =F16-E16 -> 0 | E16: =IFERROR(VLOOKUP(C16,O.B.JUNE!$C$7:$D$448,2,0),0) -> 3960 | F16: =VLOOKUP(C16,'CUTTING ON JUNE'!$A$4:$D$316,3,0) -> 3960 | G16: =IFERROR(VLOOKUP(C16,O.B.JUNE!$C$7:$E$448,3,0),0) -> 37 | H16: =IF(F16="","",F16-E16) -> 0 | J16: =IF(S16="",0,S16-Q16-V16-R16) -> 37 | K16: 0 | L16: 0 | M16: =ROUND(IF(ISERROR(F16-S16-K16-L16-R16),0,(F16-S16-K16-L16+Q16+R16+G16-E16)),0) -> 0 | N16: 0 | O16: 0 | P16: =+M16-N16-O16 -> 0 | Q16: =IFERROR(VLOOKUP(C16,O.B.JUNE!$C$7:$K$448,7,0),0) -> 0 | R16: =IFERROR(VLOOKUP(C16,O.B.JUNE!$C$7:$J$448,8,0),0) -> 0 | S16: =Q16+T16+U16+R16 -> 37 | T16: 0 | U16: 37 | W16: 0 | Y16: 0 | Z16: 0 | AA16: =V16+U16+T16 -> 37 | AB16: =ROUND(Q16+T16+V16-X16-W16-Y16-Z16,0) -> 0 | AC16: =+R16+U16+Z16-X16 -> 37 | AD16: =AB16+AC16 -> 37 | AH16: =G16+H16-J16-L16-M16 -> 0 | AI16: =Q16+T16+U16-S16+R16 -> 0 | AJ16: =M16-N16-O16-P16 -> 0 | AK16: =M16-N16-O16-P16 -> 0 | AS16: ĐÃ HẾT SẢN XUẤT
A17: 5 | B17: =IFERROR(VLOOKUP(A17,O.B.JUNE!$A$7:$C$448,2,0),0) -> ALFANI | C17: =IFERROR(VLOOKUP(A17,O.B.JUNE!$A$7:$C$448,3,0),0) -> 2072 | D17: =F17-E17 -> 17463 | E17: =IFERROR(VLOOKUP(C17,O.B.JUNE!$C$7:$D$448,2,0),0) -> 142225 | F17: =VLOOKUP(C17,'CUTTING ON JUNE'!$A$4:$D$316,3,0) -> 159688 | G17: =IFERROR(VLOOKUP(C17,O.B.JUNE!$C$7:$E$448,3,0),0) -> 10378 | H17: =IF(F17="","",F17-E17) -> 17463 | J17: =IF(S17="",0,S17-Q17-V17-R17) -> 15677 | K17: 0 | L17: 0 | M17: =ROUND(IF(ISERROR(F17-S17-K17-L17-R17),0,(F17-S17-K17-L17+Q17+R17+G17-E17)),0) -> 12164 | N17: 50 | O17: 595 | P17: =+M17-N17-O17 -> 11519 | Q17: =IFERROR(VLOOKUP(C17,O.B.JUNE!$C$7:$K$448,7,0),0) -> 0 | R17: =IFERROR(VLOOKUP(C17,O.B.JUNE!$C$7:$J$448,8,0),0) -> 142 | S17: =Q17+T17+U17+R17 -> 15819 | T17: 15677 | W17: 11304 | Y17: 0 | Z17: 0 | AA17: =V17+U17+T17 -> 15677 | AB17: =ROUND(Q17+T17+V17-X17-W17-Y17-Z17,0) -> 4373 | AC17: =+R17+U17+Z17-X17 -> 142 | AD17: =AB17+AC17 -> 4515 | AH17: =G17+H17-J17-L17-M17 -> 0 | AI17: =Q17+T17+U17-S17+R17 -> 0 | AJ17: =M17-N17-O17-P17 -> 0 | AK17: =M17-N17-O17-P17 -> 0
A18: 6 | B18: =IFERROR(VLOOKUP(A18,O.B.JUNE!$A$7:$C$448,2,0),0) -> J JILL | C18: =IFERROR(VLOOKUP(A18,O.B.JUNE!$A$7:$C$448,3,0),0) -> KPT001611 | D18: =F18-E18 -> 0 | E18: =IFERROR(VLOOKUP(C18,O.B.JUNE!$C$7:$D$448,2,0),0) -> 89849 | F18: =VLOOKUP(C18,'CUTTING ON JUNE'!$A$4:$D$316,3,0) -> 89849 | G18: =IFERROR(VLOOKUP(C18,O.B.JUNE!$C$7:$E$448,3,0),0) -> 16696 | H18: =IF(F18="","",F18-E18) -> 0 | J18: =IF(S18="",0,S18-Q18-V18-R18) -> 0 | K18: 0 | L18: 0 | M18: =ROUND(IF(ISERROR(F18-S18-K18-L18-R18),0,(F18-S18-K18-L18+Q18+R18+G18-E18)),0) -> 16696 | N18: 79 | O18: 129 | P18: =+M18-N18-O18 -> 16488 | Q18: =IFERROR(VLOOKUP(C18,O.B.JUNE!$C$7:$K$448,7,0),0) -> 0 | R18: =IFERROR(VLOOKUP(C18,O.B.JUNE!$C$7:$J$448,8,0),0) -> 0 | S18: =Q18+T18+U18+R18 -> 0 | T18: 0 | W18: 0 | Y18: 0 | Z18: 0 | AA18: =V18+U18+T18 -> 0 | AB18: =ROUND(Q18+T18+V18-X18-W18-Y18-Z18,0) -> 0 | AC18: =+R18+U18+Z18-X18 -> 0 | AD18: =AB18+AC18 -> 0 | AH18: =G18+H18-J18-L18-M18 -> 0 | AI18: =Q18+T18+U18-S18+R18 -> 0 | AJ18: =M18-N18-O18-P18 -> 0 | AK18: =M18-N18-O18-P18 -> 0 | AR18: =VLOOKUP(C18,'[1]DA HET SAN XUAT'!$D$8:$AJ$419,33,0) -> 0
A19: 7 | B19: =IFERROR(VLOOKUP(A19,O.B.JUNE!$A$7:$C$448,2,0),0) -> J JILL | C19: =IFERROR(VLOOKUP(A19,O.B.JUNE!$A$7:$C$448,3,0),0) -> KPT101081 | D19: =F19-E19 -> 4453 | E19: =IFERROR(VLOOKUP(C19,O.B.JUNE!$C$7:$D$448,2,0),0) -> 45884 | F19: =VLOOKUP(C19,'CUTTING ON JUNE'!$A$4:$D$316,3,0) -> 50337 | G19: =IFERROR(VLOOKUP(C19,O.B.JUNE!$C$7:$E$448,3,0),0) -> 2660 | H19: =IF(F19="","",F19-E19) -> 4453 | J19: =IF(S19="",0,S19-Q19-V19-R19) -> 4292 | K19: 0 | L19: 0 | M19: =ROUND(IF(ISERROR(F19-S19-K19-L19-R19),0,(F19-S19-K19-L19+Q19+R19+G19-E19)),0) -> 2821 | N19: 234 | O19: 362 | P19: =+M19-N19-O19 -> 2225 | Q19: =IFERROR(VLOOKUP(C19,O.B.JUNE!$C$7:$K$448,7,0),0) -> 5304 | R19: =IFERROR(VLOOKUP(C19,O.B.JUNE!$C$7:$J$448,8,0),0) -> 58 | S19: =Q19+T19+U19+R19 -> 9654 | T19: 4292 | W19: 5407 | Y19: 0 | Z19: 35 | AA19: =V19+U19+T19 -> 4292 | AB19: =ROUND(Q19+T19+V19-X19-W19-Y19-Z19,0) -> 4154 | AC19: =+R19+U19+Z19-X19 -> 93 | AD19: =AB19+AC19 -> 4247 | AH19: =G19+H19-J19-L19-M19 -> 0 | AI19: =Q19+T19+U19-S19+R19 -> 0 | AJ19: =M19-N19-O19-P19 -> 0 | AK19: =M19-N19-O19-P19 -> 0
A20: 8 | B20: =IFERROR(VLOOKUP(A20,O.B.JUNE!$A$7:$C$448,2,0),0) -> ALFANI | C20: =IFERROR(VLOOKUP(A20,O.B.JUNE!$A$7:$C$448,3,0),0) -> 7285 | D20: =F20-E20 -> 0 | E20: =IFERROR(VLOOKUP(C20,O.B.JUNE!$C$7:$D$448,2,0),0) -> 0 | F20: 0 | G20: =IFERROR(VLOOKUP(C20,O.B.JUNE!$C$7:$E$448,3,0),0) -> 32 | H20: =IF(F20="","",F20-E20) -> 0 | J20: =IF(S20="",0,S20-Q20-V20-R20) -> 32 | K20: 0 | L20: 0 | M20: =ROUND(IF(ISERROR(F20-S20-K20-L20-R20),0,(F20-S20-K20-L20+Q20+R20+G20-E20)),0) -> 0 | N20: 0 | O20: 0 | P20: =+M20-N20-O20 -> 0 | Q20: =IFERROR(VLOOKUP(C20,O.B.JUNE!$C$7:$K$448,7,0),0) -> 0 | R20: =IFERROR(VLOOKUP(C20,O.B.JUNE!$C$7:$J$448,8,0),0) -> 0 | S20: =Q20+T20+U20+R20 -> 32 | T20: 0 | U20: 32 | W20: 0 | Y20: 0 | Z20: 0 | AA20: =V20+U20+T20 -> 32 | AB20: =ROUND(Q20+T20+V20-X20-W20-Y20-Z20,0) -> 0 | AC20: =+R20+U20+Z20-X20 -> 32 | AD20: =AB20+AC20 -> 32 | AH20: =G20+H20-J20-L20-M20 -> 0 | AI20: =Q20+T20+U20-S20+R20 -> 0 | AJ20: =M20-N20-O20-P20 -> 0 | AK20: =M20-N20-O20-P20 -> 0 | AS20: ĐÃ HẾT SẢN XUẤT
A21: 9 | B21: =IFERROR(VLOOKUP(A21,O.B.JUNE!$A$7:$C$448,2,0),0) -> ALFANI | C21: =IFERROR(VLOOKUP(A21,O.B.JUNE!$A$7:$C$448,3,0),0) -> 100004407 | D21: =F21-E21 -> 0 | E21: =IFERROR(VLOOKUP(C21,O.B.JUNE!$C$7:$D$448,2,0),0) -> 14942 | F21: =VLOOKUP(C21,'CUTTING ON JUNE'!$A$4:$D$316,3,0) -> 14942 | G21: =IFERROR(VLOOKUP(C21,O.B.JUNE!$C$7:$E$448,3,0),0) -> 305 | H21: =IF(F21="","",F21-E21) -> 0 | J21: =IF(S21="",0,S21-Q21-V21-R21) -> 0 | K21: 0 | L21: 0 | M21: =ROUND(IF(ISERROR(F21-S21-K21-L21-R21),0,(F21-S21-K21-L21+Q21+R21+G21-E21)),0) -> 305 | N21: 0 | O21: 116 | P21: =+M21-N21-O21 -> 189 | Q21: =IFERROR(VLOOKUP(C21,O.B.JUNE!$C$7:$K$448,7,0),0) -> 0 | R21: =IFERROR(VLOOKUP(C21,O.B.JUNE!$C$7:$J$448,8,0),0) -> 0 | S21: =Q21+T21+U21+R21 -> 0 | T21: 0 | W21: 0 | Y21: 0 | Z21: 0 | AA21: =V21+U21+T21 -> 0 | AB21: =ROUND(Q21+T21+V21-X21-W21-Y21-Z21,0) -> 0 | AC21: =+R21+U21+Z21-X21 -> 0 | AD21: =AB21+AC21 -> 0 | AH21: =G21+H21-J21-L21-M21 -> 0 | AI21: =Q21+T21+U21-S21+R21 -> 0 | AJ21: =M21-N21-O21-P21 -> 0 | AK21: =M21-N21-O21-P21 -> 0 | AS21: ĐÃ HẾT SẢN XUẤT
A22: 10 | B22: =IFERROR(VLOOKUP(A22,O.B.JUNE!$A$7:$C$448,2,0),0) -> ANN TAYLOR | C22: =IFERROR(VLOOKUP(A22,O.B.JUNE!$A$7:$C$448,3,0),0) -> 446749 | D22: =F22-E22 -> 0 | E22: =IFERROR(VLOOKUP(C22,O.B.JUNE!$C$7:$D$448,2,0),0) -> 0 | F22: 0 | G22: =IFERROR(VLOOKUP(C22,O.B.JUNE!$C$7:$E$448,3,0),0) -> 165 | H22: =IF(F22="","",F22-E22) -> 0 | J22: =IF(S22="",0,S22-Q22-V22-R22) -> 165 | K22: 0 | L22: 0 | M22: =ROUND(IF(ISERROR(F22-S22-K22-L22-R22),0,(F22-S22-K22-L22+Q22+R22+G22-E22)),0) -> 0 | N22: 0 | O22: 0 | P22: =+M22-N22-O22 -> 0 | Q22: =IFERROR(VLOOKUP(C22,O.B.JUNE!$C$7:$K$448,7,0),0) -> 0 | R22: =IFERROR(VLOOKUP(C22,O.B.JUNE!$C$7:$J$448,8,0),0) -> 0 | S22: =Q22+T22+U22+R22 -> 165 | T22: 0 | U22: 165 | W22: 0 | Y22: 0 | Z22: 0 | AA22: =V22+U22+T22 -> 165 | AB22: =ROUND(Q22+T22+V22-X22-W22-Y22-Z22,0) -> 0 | AC22: =+R22+U22+Z22-X22 -> 165 | AD22: =AB22+AC22 -> 165 | AH22: =G22+H22-J22-L22-M22 -> 0 | AI22: =Q22+T22+U22-S22+R22 -> 0 | AJ22: =M22-N22-O22-P22 -> 0 | AK22: =M22-N22-O22-P22 -> 0 | AS22: ĐÃ HẾT SẢN XUẤT
A23: 11 | B23: =IFERROR(VLOOKUP(A23,O.B.JUNE!$A$7:$C$448,2,0),0) -> ANN TAYLOR | C23: =IFERROR(VLOOKUP(A23,O.B.JUNE!$A$7:$C$448,3,0),0) -> 446053 | D23: =F23-E23 -> 0 | E23: =IFERROR(VLOOKUP(C23,O.B.JUNE!$C$7:$D$448,2,0),0) -> 0 | F23: 0 | G23: =IFERROR(VLOOKUP(C23,O.B.JUNE!$C$7:$E$448,3,0),0) -> 63 | H23: =IF(F23="","",F23-E23) -> 0 | J23: =IF(S23="",0,S23-Q23-V23-R23) -> 63 | K23: 0 | L23: 0 | M23: =ROUND(IF(ISERROR(F23-S23-K23-L23-R23),0,(F23-S23-K23-L23+Q23+R23+G23-E23)),0) -> 0 | N23: 0 | O23: 0 | P23: =+M23-N23-O23 -> 0 | Q23: =IFERROR(VLOOKUP(C23,O.B.JUNE!$C$7:$K$448,7,0),0) -> 0 | R23: =IFERROR(VLOOKUP(C23,O.B.JUNE!$C$7:$J$448,8,0),0) -> 0 | S23: =Q23+T23+U23+R23 -> 63 | T23: 0 | U23: 63 | W23: 0 | Y23: 0 | Z23: 0 | AA23: =V23+U23+T23 -> 63 | AB23: =ROUND(Q23+T23+V23-X23-W23-Y23-Z23,0) -> 0 | AC23: =+R23+U23+Z23-X23 -> 63 | AD23: =AB23+AC23 -> 63 | AH23: =G23+H23-J23-L23-M23 -> 0 | AI23: =Q23+T23+U23-S23+R23 -> 0 | AJ23: =M23-N23-O23-P23 -> 0 | AK23: =M23-N23-O23-P23 -> 0 | AS23: ĐÃ HẾT SẢN XUẤT
A24: 12 | B24: =IFERROR(VLOOKUP(A24,O.B.JUNE!$A$7:$C$448,2,0),0) -> ALFANI | C24: =IFERROR(VLOOKUP(A24,O.B.JUNE!$A$7:$C$448,3,0),0) -> 100004405 | D24: =F24-E24 -> 0 | E24: =IFERROR(VLOOKUP(C24,O.B.JUNE!$C$7:$D$448,2,0),0) -> 0 | F24: 0 | G24: =IFERROR(VLOOKUP(C24,O.B.JUNE!$C$7:$E$448,3,0),0) -> 79 | H24: =IF(F24="","",F24-E24) -> 0 | J24: =IF(S24="",0,S24-Q24-V24-R24) -> 79 | K24: 0 | L24: 0 | M24: =ROUND(IF(ISERROR(F24-S24-K24-L24-R24),0,(F24-S24-K24-L24+Q24+R24+G24-E24)),0) -> 0 | N24: 0 | O24: 0 | P24: =+M24-N24-O24 -> 0 | Q24: =IFERROR(VLOOKUP(C24,O.B.JUNE!$C$7:$K$448,7,0),0) -> 0 | R24: =IFERROR(VLOOKUP(C24,O.B.JUNE!$C$7:$J$448,8,0),0) -> 0 | S24: =Q24+T24+U24+R24 -> 79 | T24: 0 | U24: 79 | W24: 0 | Y24: 0 | Z24: 0 | AA24: =V24+U24+T24 -> 79 | AB24: =ROUND(Q24+T24+V24-X24-W24-Y24-Z24,0) -> 0 | AC24: =+R24+U24+Z24-X24 -> 79 | AD24: =AB24+AC24 -> 79 | AH24: =G24+H24-J24-L24-M24 -> 0 | AI24: =Q24+T24+U24-S24+R24 -> 0 | AJ24: =M24-N24-O24-P24 -> 0 | AK24: =M24-N24-O24-P24 -> 0 | AS24: ĐÃ HẾT SẢN XUẤT
A25: 13 | B25: =IFERROR(VLOOKUP(A25,O.B.JUNE!$A$7:$C$448,2,0),0) -> ALFANI | C25: =IFERROR(VLOOKUP(A25,O.B.JUNE!$A$7:$C$448,3,0),0) -> 100003246 | D25: =F25-E25 -> 0 | E25: =IFERROR(VLOOKUP(C25,O.B.JUNE!$C$7:$D$448,2,0),0) -> 0 | F25: 0 | G25: =IFERROR(VLOOKUP(C25,O.B.JUNE!$C$7:$E$448,3,0),0) -> 377 | H25: =IF(F25="","",F25-E25) -> 0 | J25: =IF(S25="",0,S25-Q25-V25-R25) -> 377 | K25: 0 | L25: 0 | M25: =ROUND(IF(ISERROR(F25-S25-K25-L25-R25),0,(F25-S25-K25-L25+Q25+R25+G25-E25)),0) -> 0 | N25: 0 | O25: 0 | P25: =+M25-N25-O25 -> 0 | Q25: =IFERROR(VLOOKUP(C25,O.B.JUNE!$C$7:$K$448,7,0),0) -> 0 | R25: =IFERROR(VLOOKUP(C25,O.B.JUNE!$C$7:$J$448,8,0),0) -> 0 | S25: =Q25+T25+U25+R25 -> 377 | T25: 0 | U25: 377 | W25: 0 | Y25: 0 | Z25: 0 | AA25: =V25+U25+T25 -> 377 | AB25: =ROUND(Q25+T25+V25-X25-W25-Y25-Z25,0) -> 0 | AC25: =+R25+U25+Z25-X25 -> 377 | AD25: =AB25+AC25 -> 377 | AH25: =G25+H25-J25-L25-M25 -> 0 | AI25: =Q25+T25+U25-S25+R25 -> 0 | AJ25: =M25-N25-O25-P25 -> 0 | AK25: =M25-N25-O25-P25 -> 0 | AS25: ĐÃ HẾT SẢN XUẤT
A26: 14 | B26: =IFERROR(VLOOKUP(A26,O.B.JUNE!$A$7:$C$448,2,0),0) -> ALFANI | C26: =IFERROR(VLOOKUP(A26,O.B.JUNE!$A$7:$C$448,3,0),0) -> 100001802 | D26: =F26-E26 -> 0 | E26: =IFERROR(VLOOKUP(C26,O.B.JUNE!$C$7:$D$448,2,0),0) -> 0 | F26: 0 | G26: =IFERROR(VLOOKUP(C26,O.B.JUNE!$C$7:$E$448,3,0),0) -> 103 | H26: =IF(F26="","",F26-E26) -> 0 | J26: =IF(S26="",0,S26-Q26-V26-R26) -> 0 | K26: 0 | L26: 0 | M26: =ROUND(IF(ISERROR(F26-S26-K26-L26-R26),0,(F26-S26-K26-L26+Q26+R26+G26-E26)),0) -> 103 | N26: 0 | O26: 0 | P26: =+M26-N26-O26 -> 103 | Q26: =IFERROR(VLOOKUP(C26,O.B.JUNE!$C$7:$K$448,7,0),0) -> 0 | R26: =IFERROR(VLOOKUP(C26,O.B.JUNE!$C$7:$J$448,8,0),0) -> 0 | S26: =Q26+T26+U26+R26 -> 0 | T26: 0 | W26: 0 | Y26: 0 | Z26: 0 | AA26: =V26+U26+T26 -> 0 | AB26: =ROUND(Q26+T26+V26-X26-W26-Y26-Z26,0) -> 0 | AC26: =+R26+U26+Z26-X26 -> 0 | AD26: =AB26+AC26 -> 0 | AH26: =G26+H26-J26-L26-M26 -> 0 | AI26: =Q26+T26+U26-S26+R26 -> 0 | AJ26: =M26-N26-O26-P26 -> 0 | AK26: =M26-N26-O26-P26 -> 0
A27: 15 | B27: =IFERROR(VLOOKUP(A27,O.B.JUNE!$A$7:$C$448,2,0),0) -> ALFANI | C27: =IFERROR(VLOOKUP(A27,O.B.JUNE!$A$7:$C$448,3,0),0) -> 68416 | D27: =F27-E27 -> 32 | E27: =IFERROR(VLOOKUP(C27,O.B.JUNE!$C$7:$D$448,2,0),0) -> 2385 | F27: =VLOOKUP(C27,'CUTTING ON JUNE'!$A$4:$D$316,3,0) -> 2417 | G27: =IFERROR(VLOOKUP(C27,O.B.JUNE!$C$7:$E$448,3,0),0) -> 872 | H27: =IF(F27="","",F27-E27) -> 32 | J27: =IF(S27="",0,S27-Q27-V27-R27) -> 688 | K27: 0 | L27: 0 | M27: =ROUND(IF(ISERROR(F27-S27-K27-L27-R27),0,(F27-S27-K27-L27+Q27+R27+G27-E27)),0) -> 216 | N27: 0 | O27: 27 | P27: =+M27-N27-O27 -> 189 | Q27: =IFERROR(VLOOKUP(C27,O.B.JUNE!$C$7:$K$448,7,0),0) -> 197 | R27: =IFERROR(VLOOKUP(C27,O.B.JUNE!$C$7:$J$448,8,0),0) -> 0 | S27: =Q27+T27+U27+R27 -> 885 | T27: 688 | W27: 864 | Y27: 5 | Z27: 16 | AA27: =V27+U27+T27 -> 688 | AB27: =ROUND(Q27+T27+V27-X27-W27-Y27-Z27,0) -> 0 | AC27: =+R27+U27+Z27-X27 -> 16 | AD27: =AB27+AC27 -> 16 | AH27: =G27+H27-J27-L27-M27 -> 0 | AI27: =Q27+T27+U27-S27+R27 -> 0 | AJ27: =M27-N27-O27-P27 -> 0 | AK27: =M27-N27-O27-P27 -> 0
A28: 16 | B28: =IFERROR(VLOOKUP(A28,O.B.JUNE!$A$7:$C$448,2,0),0) -> ALFANI | C28: =IFERROR(VLOOKUP(A28,O.B.JUNE!$A$7:$C$448,3,0),0) -> 7X408 | D28: =F28-E28 -> 0 | E28: =IFERROR(VLOOKUP(C28,O.B.JUNE!$C$7:$D$448,2,0),0) -> 0 | F28: 0 | G28: =IFERROR(VLOOKUP(C28,O.B.JUNE!$C$7:$E$448,3,0),0) -> 108 | H28: =IF(F28="","",F28-E28) -> 0 | J28: =IF(S28="",0,S28-Q28-V28-R28) -> 108 | K28: 0 | L28: 0 | M28: =ROUND(IF(ISERROR(F28-S28-K28-L28-R28),0,(F28-S28-K28-L28+Q28+R28+G28-E28)),0) -> 0 | N28: 0 | O28: 0 | P28: =+M28-N28-O28 -> 0 | Q28: =IFERROR(VLOOKUP(C28,O.B.JUNE!$C$7:$K$448,7,0),0) -> 0 | R28: =IFERROR(VLOOKUP(C28,O.B.JUNE!$C$7:$J$448,8,0),0) -> 0 | S28: =Q28+T28+U28+R28 -> 108 | T28: 0 | U28: 108 | W28: 0 | Y28: 0 | Z28: 0 | AA28: =V28+U28+T28 -> 108 | AB28: =ROUND(Q28+T28+V28-X28-W28-Y28-Z28,0) -> 0 | AC28: =+R28+U28+Z28-X28 -> 108 | AD28: =AB28+AC28 -> 108 | AH28: =G28+H28-J28-L28-M28 -> 0 | AI28: =Q28+T28+U28-S28+R28 -> 0 | AJ28: =M28-N28-O28-P28 -> 0 | AK28: =M28-N28-O28-P28 -> 0 | AS28: ĐÃ HẾT SẢN XUẤT
A29: 17 | B29: =IFERROR(VLOOKUP(A29,O.B.JUNE!$A$7:$C$448,2,0),0) -> ALFANI | C29: =IFERROR(VLOOKUP(A29,O.B.JUNE!$A$7:$C$448,3,0),0) -> 7X708 | D29: =F29-E29 -> 0 | E29: =IFERROR(VLOOKUP(C29,O.B.JUNE!$C$7:$D$448,2,0),0) -> 7574 | F29: =VLOOKUP(C29,'CUTTING ON JUNE'!$A$4:$D$316,3,0) -> 7574 | G29: =IFERROR(VLOOKUP(C29,O.B.JUNE!$C$7:$E$448,3,0),0) -> 187 | H29: =IF(F29="","",F29-E29) -> 0 | J29: =IF(S29="",0,S29-Q29-V29-R29) -> 187 | K29: 0 | L29: 0 | M29: =ROUND(IF(ISERROR(F29-S29-K29-L29-R29),0,(F29-S29-K29-L29+Q29+R29+G29-E29)),0) -> 0 | N29: 0 | O29: 0 | P29: =+M29-N29-O29 -> 0 | Q29: =IFERROR(VLOOKUP(C29,O.B.JUNE!$C$7:$K$448,7,0),0) -> 0 | R29: =IFERROR(VLOOKUP(C29,O.B.JUNE!$C$7:$J$448,8,0),0) -> 0 | S29: =Q29+T29+U29+R29 -> 187 | T29: 0 | U29: 187 | W29: 0 | Y29: 0 | Z29: 0 | AA29: =V29+U29+T29 -> 187 | AB29: =ROUND(Q29+T29+V29-X29-W29-Y29-Z29,0) -> 0 | AC29: =+R29+U29+Z29-X29 -> 187 | AD29: =AB29+AC29 -> 187 | AH29: =G29+H29-J29-L29-M29 -> 0 | AI29: =Q29+T29+U29-S29+R29 -> 0 | AJ29: =M29-N29-O29-P29 -> 0 | AK29: =M29-N29-O29-P29 -> 0 | AS29: ĐÃ HẾT SẢN XUẤT
A30: 18 | B30: =IFERROR(VLOOKUP(A30,O.B.JUNE!$A$7:$C$448,2,0),0) -> ALFANI | C30: =IFERROR(VLOOKUP(A30,O.B.JUNE!$A$7:$C$448,3,0),0) -> 7N900 | D30: =F30-E30 -> 0 | E30: =IFERROR(VLOOKUP(C30,O.B.JUNE!$C$7:$D$448,2,0),0) -> 0 | F30: 0 | G30: =IFERROR(VLOOKUP(C30,O.B.JUNE!$C$7:$E$448,3,0),0) -> 144 | H30: =IF(F30="","",F30-E30) -> 0 | J30: =IF(S30="",0,S30-Q30-V30-R30) -> 144 | K30: 0 | L30: 0 | M30: =ROUND(IF(ISERROR(F30-S30-K30-L30-R30),0,(F30-S30-K30-L30+Q30+R30+G30-E30)),0) -> 0 | N30: 0 | O30: 0 | P30: =+M30-N30-O30 -> 0 | Q30: =IFERROR(VLOOKUP(C30,O.B.JUNE!$C$7:$K$448,7,0),0) -> 0 | R30: =IFERROR(VLOOKUP(C30,O.B.JUNE!$C$7:$J$448,8,0),0) -> 0 | S30: =Q30+T30+U30+R30 -> 144 | T30: 0 | U30: 144 | W30: 0 | Y30: 0 | Z30: 0 | AA30: =V30+U30+T30 -> 144 | AB30: =ROUND(Q30+T30+V30-X30-W30-Y30-Z30,0) -> 0 | AC30: =+R30+U30+Z30-X30 -> 144 | AD30: =AB30+AC30 -> 144 | AH30: =G30+H30-J30-L30-M30 -> 0 | AI30: =Q30+T30+U30-S30+R30 -> 0 | AJ30: =M30-N30-O30-P30 -> 0 | AK30: =M30-N30-O30-P30 -> 0 | AS30: ĐÃ HẾT SẢN XUẤT
A31: 19 | B31: =IFERROR(VLOOKUP(A31,O.B.JUNE!$A$7:$C$448,2,0),0) -> ALFANI | C31: =IFERROR(VLOOKUP(A31,O.B.JUNE!$A$7:$C$448,3,0),0) -> 100004400 | D31: =F31-E31 -> 0 | E31: =IFERROR(VLOOKUP(C31,O.B.JUNE!$C$7:$D$448,2,0),0) -> 0 | F31: 0 | G31: =IFERROR(VLOOKUP(C31,O.B.JUNE!$C$7:$E$448,3,0),0) -> 66 | H31: =IF(F31="","",F31-E31) -> 0 | J31: =IF(S31="",0,S31-Q31-V31-R31) -> 66 | K31: 0 | L31: 0 | M31: =ROUND(IF(ISERROR(F31-S31-K31-L31-R31),0,(F31-S31-K31-L31+Q31+R31+G31-E31)),0) -> 0 | N31: 0 | O31: 0 | P31: =+M31-N31-O31 -> 0 | Q31: =IFERROR(VLOOKUP(C31,O.B.JUNE!$C$7:$K$448,7,0),0) -> 0 | R31: =IFERROR(VLOOKUP(C31,O.B.JUNE!$C$7:$J$448,8,0),0) -> 0 | S31: =Q31+T31+U31+R31 -> 66 | T31: 0 | U31: 66 | W31: 0 | Y31: 0 | Z31: 0 | AA31: =V31+U31+T31 -> 66 | AB31: =ROUND(Q31+T31+V31-X31-W31-Y31-Z31,0) -> 0 | AC31: =+R31+U31+Z31-X31 -> 66 | AD31: =AB31+AC31 -> 66 | AH31: =G31+H31-J31-L31-M31 -> 0 | AI31: =Q31+T31+U31-S31+R31 -> 0 | AJ31: =M31-N31-O31-P31 -> 0 | AK31: =M31-N31-O31-P31 -> 0 | AS31: ĐÃ HẾT SẢN XUẤT
A32: 20 | B32: =IFERROR(VLOOKUP(A32,O.B.JUNE!$A$7:$C$448,2,0),0) -> ALFANI | C32: =IFERROR(VLOOKUP(A32,O.B.JUNE!$A$7:$C$448,3,0),0) -> 100008889 | D32: =F32-E32 -> 0 | E32: =IFERROR(VLOOKUP(C32,O.B.JUNE!$C$7:$D$448,2,0),0) -> 0 | F32: 0 | G32: =IFERROR(VLOOKUP(C32,O.B.JUNE!$C$7:$E$448,3,0),0) -> 164 | H32: =IF(F32="","",F32-E32) -> 0 | J32: =IF(S32="",0,S32-Q32-V32-R32) -> 164 | K32: 0 | L32: 0 | M32: =ROUND(IF(ISERROR(F32-S32-K32-L32-R32),0,(F32-S32-K32-L32+Q32+R32+G32-E32)),0) -> 0 | N32: 0 | O32: 0 | P32: =+M32-N32-O32 -> 0 | Q32: =IFERROR(VLOOKUP(C32,O.B.JUNE!$C$7:$K$448,7,0),0) -> 0 | R32: =IFERROR(VLOOKUP(C32,O.B.JUNE!$C$7:$J$448,8,0),0) -> 0 | S32: =Q32+T32+U32+R32 -> 164 | T32: 0 | U32: 164 | W32: 0 | Y32: 0 | Z32: 0 | AA32: =V32+U32+T32 -> 164 | AB32: =ROUND(Q32+T32+V32-X32-W32-Y32-Z32,0) -> 0 | AC32: =+R32+U32+Z32-X32 -> 164 | AD32: =AB32+AC32 -> 164 | AH32: =G32+H32-J32-L32-M32 -> 0 | AI32: =Q32+T32+U32-S32+R32 -> 0 | AJ32: =M32-N32-O32-P32 -> 0 | AK32: =M32-N32-O32-P32 -> 0 | AS32: ĐÃ HẾT SẢN XUẤT
A33: 21 | B33: =IFERROR(VLOOKUP(A33,O.B.JUNE!$A$7:$C$448,2,0),0) -> ALFANI | C33: =IFERROR(VLOOKUP(A33,O.B.JUNE!$A$7:$C$448,3,0),0) -> 100010579 | D33: =F33-E33 -> 859 | E33: =IFERROR(VLOOKUP(C33,O.B.JUNE!$C$7:$D$448,2,0),0) -> 13189 | F33: =VLOOKUP(C33,'CUTTING ON JUNE'!$A$4:$D$316,3,0) -> 14048 | G33: =IFERROR(VLOOKUP(C33,O.B.JUNE!$C$7:$E$448,3,0),0) -> 1457 | H33: =IF(F33="","",F33-E33) -> 859 | J33: =IF(S33="",0,S33-Q33-V33-R33) -> 1367 | K33: 0 | L33: 0 | M33: =ROUND(IF(ISERROR(F33-S33-K33-L33-R33),0,(F33-S33-K33-L33+Q33+R33+G33-E33)),0) -> 949 | N33: 0 | O33: 389 | P33: =+M33-N33-O33 -> 560 | Q33: =IFERROR(VLOOKUP(C33,O.B.JUNE!$C$7:$K$448,7,0),0) -> 8626 | R33: =IFERROR(VLOOKUP(C33,O.B.JUNE!$C$7:$J$448,8,0),0) -> 15 | S33: =Q33+T33+U33+R33 -> 10008 | T33: 1367 | W33: 9137 | Y33: 0 | Z33: 6 | AA33: =V33+U33+T33 -> 1367 | AB33: =ROUND(Q33+T33+V33-X33-W33-Y33-Z33,0) -> 850 | AC33: =+R33+U33+Z33-X33 -> 21 | AD33: =AB33+AC33 -> 871 | AH33: =G33+H33-J33-L33-M33 -> 0 | AI33: =Q33+T33+U33-S33+R33 -> 0 | AJ33: =M33-N33-O33-P33 -> 0 | AK33: =M33-N33-O33-P33 -> 0
A34: 22 | B34: =IFERROR(VLOOKUP(A34,O.B.JUNE!$A$7:$C$448,2,0),0) -> TALBOTS | C34: =IFERROR(VLOOKUP(A34,O.B.JUNE!$A$7:$C$448,3,0),0) -> 174034722 | D34: =F34-E34 -> 0 | E34: =IFERROR(VLOOKUP(C34,O.B.JUNE!$C$7:$D$448,2,0),0) -> 0 | F34: 0 | G34: =IFERROR(VLOOKUP(C34,O.B.JUNE!$C$7:$E$448,3,0),0) -> 182 | H34: =IF(F34="","",F34-E34) -> 0 | J34: =IF(S34="",0,S34-Q34-V34-R34) -> 182 | K34: 0 | L34: 0 | M34: =ROUND(IF(ISERROR(F34-S34-K34-L34-R34),0,(F34-S34-K34-L34+Q34+R34+G34-E34)),0) -> 0 | N34: 0 | O34: 0 | P34: =+M34-N34-O34 -> 0 | Q34: =IFERROR(VLOOKUP(C34,O.B.JUNE!$C$7:$K$448,7,0),0) -> 0 | R34: =IFERROR(VLOOKUP(C34,O.B.JUNE!$C$7:$J$448,8,0),0) -> 0 | S34: =Q34+T34+U34+R34 -> 182 | T34: 0 | U34: 182 | W34: 0 | Y34: 0 | Z34: 0 | AA34: =V34+U34+T34 -> 182 | AB34: =ROUND(Q34+T34+V34-X34-W34-Y34-Z34,0) -> 0 | AC34: =+R34+U34+Z34-X34 -> 182 | AD34: =AB34+AC34 -> 182 | AH34: =G34+H34-J34-L34-M34 -> 0 | AI34: =Q34+T34+U34-S34+R34 -> 0 | AJ34: =M34-N34-O34-P34 -> 0 | AK34: =M34-N34-O34-P34 -> 0 | AR34: =VLOOKUP(C34,'[1]DA HET SAN XUAT'!$D$8:$AJ$419,33,0) -> 0 | AS34: ĐÃ HẾT SẢN XUẤT
A35: 23 | B35: =IFERROR(VLOOKUP(A35,O.B.JUNE!$A$7:$C$448,2,0),0) -> TALBOTS | C35: =IFERROR(VLOOKUP(A35,O.B.JUNE!$A$7:$C$448,3,0),0) -> 174034719 | D35: =F35-E35 -> 0 | E35: =IFERROR(VLOOKUP(C35,O.B.JUNE!$C$7:$D$448,2,0),0) -> 0 | F35: 0 | G35: =IFERROR(VLOOKUP(C35,O.B.JUNE!$C$7:$E$448,3,0),0) -> 129 | H35: =IF(F35="","",F35-E35) -> 0 | J35: =IF(S35="",0,S35-Q35-V35-R35) -> 129 | K35: 0 | L35: 0 | M35: =ROUND(IF(ISERROR(F35-S35-K35-L35-R35),0,(F35-S35-K35-L35+Q35+R35+G35-E35)),0) -> 0 | N35: 0 | O35: 0 | P35: =+M35-N35-O35 -> 0 | Q35: =IFERROR(VLOOKUP(C35,O.B.JUNE!$C$7:$K$448,7,0),0) -> 0 | R35: =IFERROR(VLOOKUP(C35,O.B.JUNE!$C$7:$J$448,8,0),0) -> 0 | S35: =Q35+T35+U35+R35 -> 129 | T35: 0 | U35: 129 | W35: 0 | Y35: 0 | Z35: 0 | AA35: =V35+U35+T35 -> 129 | AB35: =ROUND(Q35+T35+V35-X35-W35-Y35-Z35,0) -> 0 | AC35: =+R35+U35+Z35-X35 -> 129 | AD35: =AB35+AC35 -> 129 | AH35: =G35+H35-J35-L35-M35 -> 0 | AI35: =Q35+T35+U35-S35+R35 -> 0 | AJ35: =M35-N35-O35-P35 -> 0 | AK35: =M35-N35-O35-P35 -> 0 | AS35: ĐÃ HẾT SẢN XUẤT
A36: 24 | B36: =IFERROR(VLOOKUP(A36,O.B.JUNE!$A$7:$C$448,2,0),0) -> TALBOTS | C36: =IFERROR(VLOOKUP(A36,O.B.JUNE!$A$7:$C$448,3,0),0) -> 174034721 | D36: =F36-E36 -> 0 | E36: =IFERROR(VLOOKUP(C36,O.B.JUNE!$C$7:$D$448,2,0),0) -> 0 | F36: 0 | G36: =IFERROR(VLOOKUP(C36,O.B.JUNE!$C$7:$E$448,3,0),0) -> 109 | H36: =IF(F36="","",F36-E36) -> 0 | J36: =IF(S36="",0,S36-Q36-V36-R36) -> 109 | K36: 0 | L36: 0 | M36: =ROUND(IF(ISERROR(F36-S36-K36-L36-R36),0,(F36-S36-K36-L36+Q36+R36+G36-E36)),0) -> 0 | N36: 0 | O36: 0 | P36: =+M36-N36-O36 -> 0 | Q36: =IFERROR(VLOOKUP(C36,O.B.JUNE!$C$7:$K$448,7,0),0) -> 0 | R36: =IFERROR(VLOOKUP(C36,O.B.JUNE!$C$7:$J$448,8,0),0) -> 0 | S36: =Q36+T36+U36+R36 -> 109 | T36: 0 | U36: 109 | V36: 0 | W36: 0 | Y36: 0 | Z36: 0 | AA36: =V36+U36+T36 -> 109 | AB36: =ROUND(Q36+T36+V36-X36-W36-Y36-Z36,0) -> 0 | AC36: =+R36+U36+Z36-X36 -> 109 | AD36: =AB36+AC36 -> 109 | AH36: =G36+H36-J36-L36-M36 -> 0 | AI36: =Q36+T36+U36-S36+R36 -> 0 | AJ36: =M36-N36-O36-P36 -> 0 | AK36: =M36-N36-O36-P36 -> 0 | AR36: =VLOOKUP(C36,'[1]DA HET SAN XUAT'!$D$8:$AJ$419,33,0) -> 0 | AS36: ĐÃ HẾT SẢN XUẤT
A37: 25 | B37: =IFERROR(VLOOKUP(A37,O.B.JUNE!$A$7:$C$448,2,0),0) -> ALFANI | C37: =IFERROR(VLOOKUP(A37,O.B.JUNE!$A$7:$C$448,3,0),0) -> 100003226 | D37: =F37-E37 -> 0 | E37: =IFERROR(VLOOKUP(C37,O.B.JUNE!$C$7:$D$448,2,0),0) -> 0 | F37: 0 | G37: =IFERROR(VLOOKUP(C37,O.B.JUNE!$C$7:$E$448,3,0),0) -> 101 | H37: =IF(F37="","",F37-E37) -> 0 | J37: =IF(S37="",0,S37-Q37-V37-R37) -> 101 | K37: 0 | L37: 0 | M37: =ROUND(IF(ISERROR(F37-S37-K37-L37-R37),0,(F37-S37-K37-L37+Q37+R37+G37-E37)),0) -> 0 | N37: 0 | O37: 0 | P37: =+M37-N37-O37 -> 0 | Q37: =IFERROR(VLOOKUP(C37,O.B.JUNE!$C$7:$K$448,7,0),0) -> 0 | R37: =IFERROR(VLOOKUP(C37,O.B.JUNE!$C$7:$J$448,8,0),0) -> 0 | S37: =Q37+T37+U37+R37 -> 101 | T37: 0 | U37: 101 | W37: 0 | Y37: 0 | Z37: 0 | AA37: =V37+U37+T37 -> 101 | AB37: =ROUND(Q37+T37+V37-X37-W37-Y37-Z37,0) -> 0 | AC37: =+R37+U37+Z37-X37 -> 101 | AD37: =AB37+AC37 -> 101 | AH37: =G37+H37-J37-L37-M37 -> 0 | AI37: =Q37+T37+U37-S37+R37 -> 0 | AJ37: =M37-N37-O37-P37 -> 0 | AK37: =M37-N37-O37-P37 -> 0 | AS37: ĐÃ HẾT SẢN XUẤT
A38: 26 | B38: =IFERROR(VLOOKUP(A38,O.B.JUNE!$A$7:$C$448,2,0),0) -> TALBOTS | C38: =IFERROR(VLOOKUP(A38,O.B.JUNE!$A$7:$C$448,3,0),0) -> 174034717 | D38: =F38-E38 -> 0 | E38: =IFERROR(VLOOKUP(C38,O.B.JUNE!$C$7:$D$448,2,0),0) -> 0 | F38: 0 | G38: =IFERROR(VLOOKUP(C38,O.B.JUNE!$C$7:$E$448,3,0),0) -> 99 | H38: =IF(F38="","",F38-E38) -> 0 | J38: =IF(S38="",0,S38-Q38-V38-R38) -> 99 | K38: 0 | L38: 0 | M38: =ROUND(IF(ISERROR(F38-S38-K38-L38-R38),0,(F38-S38-K38-L38+Q38+R38+G38-E38)),0) -> 0 | N38: 0 | O38: 0 | P38: =+M38-N38-O38 -> 0 | Q38: =IFERROR(VLOOKUP(C38,O.B.JUNE!$C$7:$K$448,7,0),0) -> 0 | R38: =IFERROR(VLOOKUP(C38,O.B.JUNE!$C$7:$J$448,8,0),0) -> 0 | S38: =Q38+T38+U38+R38 -> 99 | T38: 0 | U38: 99 | W38: 0 | Y38: 0 | Z38: 0 | AA38: =V38+U38+T38 -> 99 | AB38: =ROUND(Q38+T38+V38-X38-W38-Y38-Z38,0) -> 0 | AC38: =+R38+U38+Z38-X38 -> 99 | AD38: =AB38+AC38 -> 99 | AH38: =G38+H38-J38-L38-M38 -> 0 | AI38: =Q38+T38+U38-S38+R38 -> 0 | AJ38: =M38-N38-O38-P38 -> 0 | AK38: =M38-N38-O38-P38 -> 0 | AR38: =VLOOKUP(C38,'[1]DA HET SAN XUAT'!$D$8:$AJ$419,33,0) -> 0 | AS38: ĐÃ HẾT SẢN XUẤT
A39: 27 | B39: =IFERROR(VLOOKUP(A39,O.B.JUNE!$A$7:$C$448,2,0),0) -> ALFANI | C39: =IFERROR(VLOOKUP(A39,O.B.JUNE!$A$7:$C$448,3,0),0) -> 7N713 | D39: =F39-E39 -> 0 | E39: =IFERROR(VLOOKUP(C39,O.B.JUNE!$C$7:$D$448,2,0),0) -> 0 | F39: 0 | G39: =IFERROR(VLOOKUP(C39,O.B.JUNE!$C$7:$E$448,3,0),0) -> 179 | H39: =IF(F39="","",F39-E39) -> 0 | J39: =IF(S39="",0,S39-Q39-V39-R39) -> 0 | K39: 0 | L39: 0 | M39: =ROUND(IF(ISERROR(F39-S39-K39-L39-R39),0,(F39-S39-K39-L39+Q39+R39+G39-E39)),0) -> 179 | N39: 0 | O39: 0 | P39: =+M39-N39-O39 -> 179 | Q39: =IFERROR(VLOOKUP(C39,O.B.JUNE!$C$7:$K$448,7,0),0) -> 0 | R39: =IFERROR(VLOOKUP(C39,O.B.JUNE!$C$7:$J$448,8,0),0) -> 0 | S39: =Q39+T39+U39+R39 -> 0 | T39: 0 | W39: 0 | Y39: 0 | Z39: 0 | AA39: =V39+U39+T39 -> 0 | AB39: =ROUND(Q39+T39+V39-X39-W39-Y39-Z39,0) -> 0 | AC39: =+R39+U39+Z39-X39 -> 0 | AD39: =AB39+AC39 -> 0 | AH39: =G39+H39-J39-L39-M39 -> 0 | AI39: =Q39+T39+U39-S39+R39 -> 0 | AJ39: =M39-N39-O39-P39 -> 0 | AK39: =M39-N39-O39-P39 -> 0
A40: 28 | B40: =IFERROR(VLOOKUP(A40,O.B.JUNE!$A$7:$C$448,2,0),0) -> NORDSTROM | C40: =IFERROR(VLOOKUP(A40,O.B.JUNE!$A$7:$C$448,3,0),0) -> RK368419MI | D40: =F40-E40 -> 0 | E40: =IFERROR(VLOOKUP(C40,O.B.JUNE!$C$7:$D$448,2,0),0) -> 0 | F40: 0 | G40: =IFERROR(VLOOKUP(C40,O.B.JUNE!$C$7:$E$448,3,0),0) -> 71 | H40: =IF(F40="","",F40-E40) -> 0 | J40: =IF(S40="",0,S40-Q40-V40-R40) -> 71 | K40: 0 | L40: 0 | M40: =ROUND(IF(ISERROR(F40-S40-K40-L40-R40),0,(F40-S40-K40-L40+Q40+R40+G40-E40)),0) -> 0 | N40: 0 | O40: 0 | P40: =+M40-N40-O40 -> 0 | Q40: =IFERROR(VLOOKUP(C40,O.B.JUNE!$C$7:$K$448,7,0),0) -> 0 | R40: =IFERROR(VLOOKUP(C40,O.B.JUNE!$C$7:$J$448,8,0),0) -> 0 | S40: =Q40+T40+U40+R40 -> 71 | T40: 0 | U40: 71 | W40: 0 | Y40: 0 | Z40: 0 | AA40: =V40+U40+T40 -> 71 | AB40: =ROUND(Q40+T40+V40-X40-W40-Y40-Z40,0) -> 0 | AC40: =+R40+U40+Z40-X40 -> 71 | AD40: =AB40+AC40 -> 71 | AH40: =G40+H40-J40-L40-M40 -> 0 | AI40: =Q40+T40+U40-S40+R40 -> 0 | AJ40: =M40-N40-O40-P40 -> 0 | AK40: =M40-N40-O40-P40 -> 0 | AS40: ĐÃ HẾT SẢN XUẤT
A41: 29 | B41: =IFERROR(VLOOKUP(A41,O.B.JUNE!$A$7:$C$448,2,0),0) -> ANN TAYLOR | C41: =IFERROR(VLOOKUP(A41,O.B.JUNE!$A$7:$C$448,3,0),0) -> 453280 | D41: =F41-E41 -> 0 | E41: =IFERROR(VLOOKUP(C41,O.B.JUNE!$C$7:$D$448,2,0),0) -> 0 | F41: 0 | G41: =IFERROR(VLOOKUP(C41,O.B.JUNE!$C$7:$E$448,3,0),0) -> 196 | H41: =IF(F41="","",F41-E41) -> 0 | J41: =IF(S41="",0,S41-Q41-V41-R41) -> 196 | K41: 0 | L41: 0 | M41: =ROUND(IF(ISERROR(F41-S41-K41-L41-R41),0,(F41-S41-K41-L41+Q41+R41+G41-E41)),0) -> 0 | N41: 0 | O41: 0 | P41: =+M41-N41-O41 -> 0 | Q41: =IFERROR(VLOOKUP(C41,O.B.JUNE!$C$7:$K$448,7,0),0) -> 0 | R41: =IFERROR(VLOOKUP(C41,O.B.JUNE!$C$7:$J$448,8,0),0) -> 0 | S41: =Q41+T41+U41+R41 -> 196 | T41: 0 | U41: 196 | W41: 0 | Y41: 0 | Z41: 0 | AA41: =V41+U41+T41 -> 196 | AB41: =ROUND(Q41+T41+V41-X41-W41-Y41-Z41,0) -> 0 | AC41: =+R41+U41+Z41-X41 -> 196 | AD41: =AB41+AC41 -> 196 | AH41: =G41+H41-J41-L41-M41 -> 0 | AI41: =Q41+T41+U41-S41+R41 -> 0 | AJ41: =M41-N41-O41-P41 -> 0 | AK41: =M41-N41-O41-P41 -> 0 | AS41: ĐÃ HẾT SẢN XUẤT
A42: 30 | B42: =IFERROR(VLOOKUP(A42,O.B.JUNE!$A$7:$C$448,2,0),0) -> ALFANI | C42: =IFERROR(VLOOKUP(A42,O.B.JUNE!$A$7:$C$448,3,0),0) -> 100003227 | D42: =F42-E42 -> 0 | E42: =IFERROR(VLOOKUP(C42,O.B.JUNE!$C$7:$D$448,2,0),0) -> 10247 | F42: =VLOOKUP(C42,'CUTTING ON JUNE'!$A$4:$D$316,3,0) -> 10247 | G42: =IFERROR(VLOOKUP(C42,O.B.JUNE!$C$7:$E$448,3,0),0) -> 378 | H42: =IF(F42="","",F42-E42) -> 0 | J42: =IF(S42="",0,S42-Q42-V42-R42) -> 0 | K42: 0 | L42: 0 | M42: =ROUND(IF(ISERROR(F42-S42-K42-L42-R42),0,(F42-S42-K42-L42+Q42+R42+G42-E42)),0) -> 378 | N42: 0 | O42: 0 | P42: =+M42-N42-O42 -> 378 | Q42: =IFERROR(VLOOKUP(C42,O.B.JUNE!$C$7:$K$448,7,0),0) -> 0 | R42: =IFERROR(VLOOKUP(C42,O.B.JUNE!$C$7:$J$448,8,0),0) -> 0 | S42: =Q42+T42+U42+R42 -> 0 | T42: 0 | W42: 0 | Y42: 0 | Z42: 0 | AA42: =V42+U42+T42 -> 0 | AB42: =ROUND(Q42+T42+V42-X42-W42-Y42-Z42,0) -> 0 | AC42: =+R42+U42+Z42-X42 -> 0 | AD42: =AB42+AC42 -> 0 | AH42: =G42+H42-J42-L42-M42 -> 0 | AI42: =Q42+T42+U42-S42+R42 -> 0 | AJ42: =M42-N42-O42-P42 -> 0 | AK42: =M42-N42-O42-P42 -> 0 | AR42: =VLOOKUP(C42,'[1]DA HET SAN XUAT'!$D$8:$AJ$419,33,0) -> 0
A43: 31 | B43: =IFERROR(VLOOKUP(A43,O.B.JUNE!$A$7:$C$448,2,0),0) -> ALFANI | C43: =IFERROR(VLOOKUP(A43,O.B.JUNE!$A$7:$C$448,3,0),0) -> 100003486 | D43: =F43-E43 -> 0 | E43: =IFERROR(VLOOKUP(C43,O.B.JUNE!$C$7:$D$448,2,0),0) -> 0 | F43: 0 | G43: =IFERROR(VLOOKUP(C43,O.B.JUNE!$C$7:$E$448,3,0),0) -> 249 | H43: =IF(F43="","",F43-E43) -> 0 | J43: =IF(S43="",0,S43-Q43-V43-R43) -> 0 | K43: 0 | L43: 0 | M43: =ROUND(IF(ISERROR(F43-S43-K43-L43-R43),0,(F43-S43-K43-L43+Q43+R43+G43-E43)),0) -> 249 | N43: 0 | O43: 0 | P43: =+M43-N43-O43 -> 249 | Q43: =IFERROR(VLOOKUP(C43,O.B.JUNE!$C$7:$K$448,7,0),0) -> 0 | R43: =IFERROR(VLOOKUP(C43,O.B.JUNE!$C$7:$J$448,8,0),0) -> 0 | S43: =Q43+T43+U43+R43 -> 0 | T43: 0 | W43: 0 | Y43: 0 | Z43: 0 | AA43: =V43+U43+T43 -> 0 | AB43: =ROUND(Q43+T43+V43-X43-W43-Y43-Z43,0) -> 0 | AC43: =+R43+U43+Z43-X43 -> 0 | AD43: =AB43+AC43 -> 0 | AH43: =G43+H43-J43-L43-M43 -> 0 | AI43: =Q43+T43+U43-S43+R43 -> 0 | AJ43: =M43-N43-O43-P43 -> 0 | AK43: =M43-N43-O43-P43 -> 0
A44: 32 | B44: =IFERROR(VLOOKUP(A44,O.B.JUNE!$A$7:$C$448,2,0),0) -> ALFANI | C44: =IFERROR(VLOOKUP(A44,O.B.JUNE!$A$7:$C$448,3,0),0) -> 100003532 | D44: =F44-E44 -> 0 | E44: =IFERROR(VLOOKUP(C44,O.B.JUNE!$C$7:$D$448,2,0),0) -> 0 | F44: 0 | G44: =IFERROR(VLOOKUP(C44,O.B.JUNE!$C$7:$E$448,3,0),0) -> 68 | H44: =IF(F44="","",F44-E44) -> 0 | J44: =IF(S44="",0,S44-Q44-V44-R44) -> 0 | K44: 0 | L44: 0 | M44: =ROUND(IF(ISERROR(F44-S44-K44-L44-R44),0,(F44-S44-K44-L44+Q44+R44+G44-E44)),0) -> 68 | N44: 0 | O44: 0 | P44: =+M44-N44-O44 -> 68 | Q44: =IFERROR(VLOOKUP(C44,O.B.JUNE!$C$7:$K$448,7,0),0) -> 0 | R44: =IFERROR(VLOOKUP(C44,O.B.JUNE!$C$7:$J$448,8,0),0) -> 0 | S44: =Q44+T44+U44+R44 -> 0 | T44: 0 | W44: 0 | Y44: 0 | Z44: 0 | AA44: =V44+U44+T44 -> 0 | AB44: =ROUND(Q44+T44+V44-X44-W44-Y44-Z44,0) -> 0 | AC44: =+R44+U44+Z44-X44 -> 0 | AD44: =AB44+AC44 -> 0 | AH44: =G44+H44-J44-L44-M44 -> 0 | AI44: =Q44+T44+U44-S44+R44 -> 0 | AJ44: =M44-N44-O44-P44 -> 0 | AK44: =M44-N44-O44-P44 -> 0
A45: 33 | B45: =IFERROR(VLOOKUP(A45,O.B.JUNE!$A$7:$C$448,2,0),0) -> ALFANI | C45: =IFERROR(VLOOKUP(A45,O.B.JUNE!$A$7:$C$448,3,0),0) -> 100003576 | D45: =F45-E45 -> 0 | E45: =IFERROR(VLOOKUP(C45,O.B.JUNE!$C$7:$D$448,2,0),0) -> 0 | F45: 0 | G45: =IFERROR(VLOOKUP(C45,O.B.JUNE!$C$7:$E$448,3,0),0) -> 96 | H45: =IF(F45="","",F45-E45) -> 0 | J45: =IF(S45="",0,S45-Q45-V45-R45) -> 0 | K45: 0 | L45: 0 | M45: =ROUND(IF(ISERROR(F45-S45-K45-L45-R45),0,(F45-S45-K45-L45+Q45+R45+G45-E45)),0) -> 96 | N45: 0 | O45: 0 | P45: =+M45-N45-O45 -> 96 | Q45: =IFERROR(VLOOKUP(C45,O.B.JUNE!$C$7:$K$448,7,0),0) -> 0 | R45: =IFERROR(VLOOKUP(C45,O.B.JUNE!$C$7:$J$448,8,0),0) -> 0 | S45: =Q45+T45+U45+R45 -> 0 | T45: 0 | W45: 0 | Y45: 0 | Z45: 0 | AA45: =V45+U45+T45 -> 0 | AB45: =ROUND(Q45+T45+V45-X45-W45-Y45-Z45,0) -> 0 | AC45: =+R45+U45+Z45-X45 -> 0 | AD45: =AB45+AC45 -> 0 | AH45: =G45+H45-J45-L45-M45 -> 0 | AI45: =Q45+T45+U45-S45+R45 -> 0 | AJ45: =M45-N45-O45-P45 -> 0 | AK45: =M45-N45-O45-P45 -> 0
A46: 34 | B46: =IFERROR(VLOOKUP(A46,O.B.JUNE!$A$7:$C$448,2,0),0) -> ALFANI | C46: =IFERROR(VLOOKUP(A46,O.B.JUNE!$A$7:$C$448,3,0),0) -> 100004422 | D46: =F46-E46 -> 0 | E46: =IFERROR(VLOOKUP(C46,O.B.JUNE!$C$7:$D$448,2,0),0) -> 0 | F46: 0 | G46: =IFERROR(VLOOKUP(C46,O.B.JUNE!$C$7:$E$448,3,0),0) -> 63 | H46: =IF(F46="","",F46-E46) -> 0 | J46: =IF(S46="",0,S46-Q46-V46-R46) -> 0 | K46: 0 | L46: 0 | M46: =ROUND(IF(ISERROR(F46-S46-K46-L46-R46),0,(F46-S46-K46-L46+Q46+R46+G46-E46)),0) -> 63 | N46: 0 | O46: 0 | P46: =+M46-N46-O46 -> 63 | Q46: =IFERROR(VLOOKUP(C46,O.B.JUNE!$C$7:$K$448,7,0),0) -> 0 | R46: =IFERROR(VLOOKUP(C46,O.B.JUNE!$C$7:$J$448,8,0),0) -> 0 | S46: =Q46+T46+U46+R46 -> 0 | T46: 0 | W46: 0 | Y46: 0 | Z46: 0 | AA46: =V46+U46+T46 -> 0 | AB46: =ROUND(Q46+T46+V46-X46-W46-Y46-Z46,0) -> 0 | AC46: =+R46+U46+Z46-X46 -> 0 | AD46: =AB46+AC46 -> 0 | AH46: =G46+H46-J46-L46-M46 -> 0 | AI46: =Q46+T46+U46-S46+R46 -> 0 | AJ46: =M46-N46-O46-P46 -> 0 | AK46: =M46-N46-O46-P46 -> 0 | AR46: =VLOOKUP(C46,'[1]DA HET SAN XUAT'!$D$8:$AJ$419,33,0) -> 0
A47: 35 | B47: =IFERROR(VLOOKUP(A47,O.B.JUNE!$A$7:$C$448,2,0),0) -> ALFANI | C47: =IFERROR(VLOOKUP(A47,O.B.JUNE!$A$7:$C$448,3,0),0) -> 100004424 | D47: =F47-E47 -> 0 | E47: =IFERROR(VLOOKUP(C47,O.B.JUNE!$C$7:$D$448,2,0),0) -> 0 | F47: 0 | G47: =IFERROR(VLOOKUP(C47,O.B.JUNE!$C$7:$E$448,3,0),0) -> 81 | H47: =IF(F47="","",F47-E47) -> 0 | J47: =IF(S47="",0,S47-Q47-V47-R47) -> 0 | K47: 0 | L47: 0 | M47: =ROUND(IF(ISERROR(F47-S47-K47-L47-R47),0,(F47-S47-K47-L47+Q47+R47+G47-E47)),0) -> 81 | N47: 0 | O47: 0 | P47: =+M47-N47-O47 -> 81 | Q47: =IFERROR(VLOOKUP(C47,O.B.JUNE!$C$7:$K$448,7,0),0) -> 0 | R47: =IFERROR(VLOOKUP(C47,O.B.JUNE!$C$7:$J$448,8,0),0) -> 0 | S47: =Q47+T47+U47+R47 -> 0 | T47: 0 | W47: 0 | Y47: 0 | Z47: 0 | AA47: =V47+U47+T47 -> 0 | AB47: =ROUND(Q47+T47+V47-X47-W47-Y47-Z47,0) -> 0 | AC47: =+R47+U47+Z47-X47 -> 0 | AD47: =AB47+AC47 -> 0 | AH47: =G47+H47-J47-L47-M47 -> 0 | AI47: =Q47+T47+U47-S47+R47 -> 0 | AJ47: =M47-N47-O47-P47 -> 0 | AK47: =M47-N47-O47-P47 -> 0 | AR47: =VLOOKUP(C47,'[1]DA HET SAN XUAT'!$D$8:$AJ$419,33,0) -> 0
A48: 36 | B48: =IFERROR(VLOOKUP(A48,O.B.JUNE!$A$7:$C$448,2,0),0) -> ALFANI | C48: =IFERROR(VLOOKUP(A48,O.B.JUNE!$A$7:$C$448,3,0),0) -> 100005621 | D48: =F48-E48 -> 0 | E48: =IFERROR(VLOOKUP(C48,O.B.JUNE!$C$7:$D$448,2,0),0) -> 0 | F48: 0 | G48: =IFERROR(VLOOKUP(C48,O.B.JUNE!$C$7:$E$448,3,0),0) -> 56 | H48: =IF(F48="","",F48-E48) -> 0 | J48: =IF(S48="",0,S48-Q48-V48-R48) -> 56 | K48: 0 | L48: 0 | M48: =ROUND(IF(ISERROR(F48-S48-K48-L48-R48),0,(F48-S48-K48-L48+Q48+R48+G48-E48)),0) -> 0 | N48: 0 | O48: 0 | P48: =+M48-N48-O48 -> 0 | Q48: =IFERROR(VLOOKUP(C48,O.B.JUNE!$C$7:$K$448,7,0),0) -> 0 | R48: =IFERROR(VLOOKUP(C48,O.B.JUNE!$C$7:$J$448,8,0),0) -> 0 | S48: =Q48+T48+U48+R48 -> 56 | T48: 0 | U48: 56 | W48: 0 | Y48: 0 | Z48: 0 | AA48: =V48+U48+T48 -> 56 | AB48: =ROUND(Q48+T48+V48-X48-W48-Y48-Z48,0) -> 0 | AC48: =+R48+U48+Z48-X48 -> 56 | AD48: =AB48+AC48 -> 56 | AH48: =G48+H48-J48-L48-M48 -> 0 | AI48: =Q48+T48+U48-S48+R48 -> 0 | AJ48: =M48-N48-O48-P48 -> 0 | AK48: =M48-N48-O48-P48 -> 0 | AS48: ĐÃ HẾT SẢN XUẤT
A49: 37 | B49: =IFERROR(VLOOKUP(A49,O.B.JUNE!$A$7:$C$448,2,0),0) -> ALFANI | C49: =IFERROR(VLOOKUP(A49,O.B.JUNE!$A$7:$C$448,3,0),0) -> 100005705 | D49: =F49-E49 -> 0 | E49: =IFERROR(VLOOKUP(C49,O.B.JUNE!$C$7:$D$448,2,0),0) -> 5880 | F49: =VLOOKUP(C49,'CUTTING ON JUNE'!$A$4:$D$316,3,0) -> 5880 | G49: =IFERROR(VLOOKUP(C49,O.B.JUNE!$C$7:$E$448,3,0),0) -> 352 | H49: =IF(F49="","",F49-E49) -> 0 | J49: =IF(S49="",0,S49-Q49-V49-R49) -> 0 | K49: 0 | L49: 0 | M49: =ROUND(IF(ISERROR(F49-S49-K49-L49-R49),0,(F49-S49-K49-L49+Q49+R49+G49-E49)),0) -> 352 | N49: 0 | O49: 69 | P49: =+M49-N49-O49 -> 283 | Q49: =IFERROR(VLOOKUP(C49,O.B.JUNE!$C$7:$K$448,7,0),0) -> 0 | R49: =IFERROR(VLOOKUP(C49,O.B.JUNE!$C$7:$J$448,8,0),0) -> 3 | S49: =Q49+T49+U49+R49 -> 3 | T49: 0 | W49: 0 | Y49: 0 | Z49: 0 | AA49: =V49+U49+T49 -> 0 | AB49: =ROUND(Q49+T49+V49-X49-W49-Y49-Z49,0) -> 0 | AC49: =+R49+U49+Z49-X49 -> 3 | AD49: =AB49+AC49 -> 3 | AH49: =G49+H49-J49-L49-M49 -> 0 | AI49: =Q49+T49+U49-S49+R49 -> 0 | AJ49: =M49-N49-O49-P49 -> 0 | AK49: =M49-N49-O49-P49 -> 0 | AR49: =VLOOKUP(C49,'[1]DA HET SAN XUAT'!$D$8:$AJ$419,33,0) -> 0
A50: 38 | B50: =IFERROR(VLOOKUP(A50,O.B.JUNE!$A$7:$C$448,2,0),0) -> ALFANI | C50: =IFERROR(VLOOKUP(A50,O.B.JUNE!$A$7:$C$448,3,0),0) -> 100005710 | D50: =F50-E50 -> 0 | E50: =IFERROR(VLOOKUP(C50,O.B.JUNE!$C$7:$D$448,2,0),0) -> 0 | F50: 0 | G50: =IFERROR(VLOOKUP(C50,O.B.JUNE!$C$7:$E$448,3,0),0) -> 109 | H50: =IF(F50="","",F50-E50) -> 0 | J50: =IF(S50="",0,S50-Q50-V50-R50) -> 0 | K50: 0 | L50: 0 | M50: =ROUND(IF(ISERROR(F50-S50-K50-L50-R50),0,(F50-S50-K50-L50+Q50+R50+G50-E50)),0) -> 109 | N50: 0 | O50: 69 | P50: =+M50-N50-O50 -> 40 | Q50: =IFERROR(VLOOKUP(C50,O.B.JUNE!$C$7:$K$448,7,0),0) -> 0 | R50: =IFERROR(VLOOKUP(C50,O.B.JUNE!$C$7:$J$448,8,0),0) -> 0 | S50: =Q50+T50+U50+R50 -> 0 | T50: 0 | W50: 0 | Y50: 0 | Z50: 0 | AA50: =V50+U50+T50 -> 0 | AB50: =ROUND(Q50+T50+V50-X50-W50-Y50-Z50,0) -> 0 | AC50: =+R50+U50+Z50-X50 -> 0 | AD50: =AB50+AC50 -> 0 | AH50: =G50+H50-J50-L50-M50 -> 0 | AI50: =Q50+T50+U50-S50+R50 -> 0 | AJ50: =M50-N50-O50-P50 -> 0 | AK50: =M50-N50-O50-P50 -> 0
A51: 39 | B51: =IFERROR(VLOOKUP(A51,O.B.JUNE!$A$7:$C$448,2,0),0) -> ALFANI | C51: =IFERROR(VLOOKUP(A51,O.B.JUNE!$A$7:$C$448,3,0),0) -> 100008197 | D51: =F51-E51 -> 0 | E51: =IFERROR(VLOOKUP(C51,O.B.JUNE!$C$7:$D$448,2,0),0) -> 9784 | F51: =VLOOKUP(C51,'CUTTING ON JUNE'!$A$4:$D$316,3,0) -> 9784 | G51: =IFERROR(VLOOKUP(C51,O.B.JUNE!$C$7:$E$448,3,0),0) -> 461 | H51: =IF(F51="","",F51-E51) -> 0 | J51: =IF(S51="",0,S51-Q51-V51-R51) -> 0 | K51: 0 | L51: 0 | M51: =ROUND(IF(ISERROR(F51-S51-K51-L51-R51),0,(F51-S51-K51-L51+Q51+R51+G51-E51)),0) -> 461 | N51: 0 | O51: 0 | P51: =+M51-N51-O51 -> 461 | Q51: =IFERROR(VLOOKUP(C51,O.B.JUNE!$C$7:$K$448,7,0),0) -> 0 | R51: =IFERROR(VLOOKUP(C51,O.B.JUNE!$C$7:$J$448,8,0),0) -> 0 | S51: =Q51+T51+U51+R51 -> 0 | T51: 0 | W51: 0 | Y51: 0 | Z51: 0 | AA51: =V51+U51+T51 -> 0 | AB51: =ROUND(Q51+T51+V51-X51-W51-Y51-Z51,0) -> 0 | AC51: =+R51+U51+Z51-X51 -> 0 | AD51: =AB51+AC51 -> 0 | AH51: =G51+H51-J51-L51-M51 -> 0 | AI51: =Q51+T51+U51-S51+R51 -> 0 | AJ51: =M51-N51-O51-P51 -> 0 | AK51: =M51-N51-O51-P51 -> 0
A52: 40 | B52: =IFERROR(VLOOKUP(A52,O.B.JUNE!$A$7:$C$448,2,0),0) -> ALFANI | C52: =IFERROR(VLOOKUP(A52,O.B.JUNE!$A$7:$C$448,3,0),0) -> 100008887 | D52: =F52-E52 -> 0 | E52: =IFERROR(VLOOKUP(C52,O.B.JUNE!$C$7:$D$448,2,0),0) -> 0 | F52: 0 | G52: =IFERROR(VLOOKUP(C52,O.B.JUNE!$C$7:$E$448,3,0),0) -> 200 | H52: =IF(F52="","",F52-E52) -> 0 | J52: =IF(S52="",0,S52-Q52-V52-R52) -> 0 | K52: 0 | L52: 0 | M52: =ROUND(IF(ISERROR(F52-S52-K52-L52-R52),0,(F52-S52-K52-L52+Q52+R52+G52-E52)),0) -> 200 | N52: 0 | O52: 0 | P52: =+M52-N52-O52 -> 200 | Q52: =IFERROR(VLOOKUP(C52,O.B.JUNE!$C$7:$K$448,7,0),0) -> 0 | R52: =IFERROR(VLOOKUP(C52,O.B.JUNE!$C$7:$J$448,8,0),0) -> 0 | S52: =Q52+T52+U52+R52 -> 0 | T52: 0 | W52: 0 | Y52: 0 | Z52: 0 | AA52: =V52+U52+T52 -> 0 | AB52: =ROUND(Q52+T52+V52-X52-W52-Y52-Z52,0) -> 0 | AC52: =+R52+U52+Z52-X52 -> 0 | AD52: =AB52+AC52 -> 0 | AH52: =G52+H52-J52-L52-M52 -> 0 | AI52: =Q52+T52+U52-S52+R52 -> 0 | AJ52: =M52-N52-O52-P52 -> 0 | AK52: =M52-N52-O52-P52 -> 0 | AR52: =VLOOKUP(C52,'[1]DA HET SAN XUAT'!$D$8:$AJ$419,33,0) -> 0
A53: 41 | B53: =IFERROR(VLOOKUP(A53,O.B.JUNE!$A$7:$C$448,2,0),0) -> ALFANI | C53: =IFERROR(VLOOKUP(A53,O.B.JUNE!$A$7:$C$448,3,0),0) -> 100010879 | D53: =F53-E53 -> 0 | E53: =IFERROR(VLOOKUP(C53,O.B.JUNE!$C$7:$D$448,2,0),0) -> 0 | F53: 0 | G53: =IFERROR(VLOOKUP(C53,O.B.JUNE!$C$7:$E$448,3,0),0) -> 250 | H53: =IF(F53="","",F53-E53) -> 0 | J53: =IF(S53="",0,S53-Q53-V53-R53) -> 0 | K53: 0 | L53: 0 | M53: =ROUND(IF(ISERROR(F53-S53-K53-L53-R53),0,(F53-S53-K53-L53+Q53+R53+G53-E53)),0) -> 250 | N53: 0 | O53: 0 | P53: =+M53-N53-O53 -> 250 | Q53: =IFERROR(VLOOKUP(C53,O.B.JUNE!$C$7:$K$448,7,0),0) -> 0 | R53: =IFERROR(VLOOKUP(C53,O.B.JUNE!$C$7:$J$448,8,0),0) -> 0 | S53: =Q53+T53+U53+R53 -> 0 | T53: 0 | W53: 0 | Y53: 0 | Z53: 0 | AA53: =V53+U53+T53 -> 0 | AB53: =ROUND(Q53+T53+V53-X53-W53-Y53-Z53,0) -> 0 | AC53: =+R53+U53+Z53-X53 -> 0 | AD53: =AB53+AC53 -> 0 | AH53: =G53+H53-J53-L53-M53 -> 0 | AI53: =Q53+T53+U53-S53+R53 -> 0 | AJ53: =M53-N53-O53-P53 -> 0 | AK53: =M53-N53-O53-P53 -> 0
A54: 42 | B54: =IFERROR(VLOOKUP(A54,O.B.JUNE!$A$7:$C$448,2,0),0) -> ALFANI | C54: =IFERROR(VLOOKUP(A54,O.B.JUNE!$A$7:$C$448,3,0),0) -> 100010914 | D54: =F54-E54 -> 0 | E54: =IFERROR(VLOOKUP(C54,O.B.JUNE!$C$7:$D$448,2,0),0) -> 0 | F54: 0 | G54: =IFERROR(VLOOKUP(C54,O.B.JUNE!$C$7:$E$448,3,0),0) -> 55 | H54: =IF(F54="","",F54-E54) -> 0 | J54: =IF(S54="",0,S54-Q54-V54-R54) -> 0 | K54: 0 | L54: 0 | M54: =ROUND(IF(ISERROR(F54-S54-K54-L54-R54),0,(F54-S54-K54-L54+Q54+R54+G54-E54)),0) -> 55 | N54: 0 | O54: 0 | P54: =+M54-N54-O54 -> 55 | Q54: =IFERROR(VLOOKUP(C54,O.B.JUNE!$C$7:$K$448,7,0),0) -> 0 | R54: =IFERROR(VLOOKUP(C54,O.B.JUNE!$C$7:$J$448,8,0),0) -> 0 | S54: =Q54+T54+U54+R54 -> 0 | T54: 0 | W54: 0 | Y54: 0 | Z54: 0 | AA54: =V54+U54+T54 -> 0 | AB54: =ROUND(Q54+T54+V54-X54-W54-Y54-Z54,0) -> 0 | AC54: =+R54+U54+Z54-X54 -> 0 | AD54: =AB54+AC54 -> 0 | AH54: =G54+H54-J54-L54-M54 -> 0 | AI54: =Q54+T54+U54-S54+R54 -> 0 | AJ54: =M54-N54-O54-P54 -> 0 | AK54: =M54-N54-O54-P54 -> 0
A55: 43 | B55: =IFERROR(VLOOKUP(A55,O.B.JUNE!$A$7:$C$448,2,0),0) -> ALFANI | C55: =IFERROR(VLOOKUP(A55,O.B.JUNE!$A$7:$C$448,3,0),0) -> 100011006 | D55: =F55-E55 -> 0 | E55: =IFERROR(VLOOKUP(C55,O.B.JUNE!$C$7:$D$448,2,0),0) -> 0 | F55: 0 | G55: =IFERROR(VLOOKUP(C55,O.B.JUNE!$C$7:$E$448,3,0),0) -> 94 | H55: =IF(F55="","",F55-E55) -> 0 | J55: =IF(S55="",0,S55-Q55-V55-R55) -> 0 | K55: 0 | L55: 0 | M55: =ROUND(IF(ISERROR(F55-S55-K55-L55-R55),0,(F55-S55-K55-L55+Q55+R55+G55-E55)),0) -> 94 | N55: 0 | O55: 0 | P55: =+M55-N55-O55 -> 94 | Q55: =IFERROR(VLOOKUP(C55,O.B.JUNE!$C$7:$K$448,7,0),0) -> 0 | R55: =IFERROR(VLOOKUP(C55,O.B.JUNE!$C$7:$J$448,8,0),0) -> 0 | S55: =Q55+T55+U55+R55 -> 0 | T55: 0 | W55: 0 | Y55: 0 | Z55: 0 | AA55: =V55+U55+T55 -> 0 | AB55: =ROUND(Q55+T55+V55-X55-W55-Y55-Z55,0) -> 0 | AC55: =+R55+U55+Z55-X55 -> 0 | AD55: =AB55+AC55 -> 0 | AH55: =G55+H55-J55-L55-M55 -> 0 | AI55: =Q55+T55+U55-S55+R55 -> 0 | AJ55: =M55-N55-O55-P55 -> 0 | AK55: =M55-N55-O55-P55 -> 0
A56: 44 | B56: =IFERROR(VLOOKUP(A56,O.B.JUNE!$A$7:$C$448,2,0),0) -> ALFANI | C56: =IFERROR(VLOOKUP(A56,O.B.JUNE!$A$7:$C$448,3,0),0) -> 100011101 | D56: =F56-E56 -> 0 | E56: =IFERROR(VLOOKUP(C56,O.B.JUNE!$C$7:$D$448,2,0),0) -> 0 | F56: 0 | G56: =IFERROR(VLOOKUP(C56,O.B.JUNE!$C$7:$E$448,3,0),0) -> 21 | H56: =IF(F56="","",F56-E56) -> 0 | J56: =IF(S56="",0,S56-Q56-V56-R56) -> 0 | K56: 0 | L56: 0 | M56: =ROUND(IF(ISERROR(F56-S56-K56-L56-R56),0,(F56-S56-K56-L56+Q56+R56+G56-E56)),0) -> 21 | N56: 0 | O56: 0 | P56: =+M56-N56-O56 -> 21 | Q56: =IFERROR(VLOOKUP(C56,O.B.JUNE!$C$7:$K$448,7,0),0) -> 0 | R56: =IFERROR(VLOOKUP(C56,O.B.JUNE!$C$7:$J$448,8,0),0) -> 0 | S56: =Q56+T56+U56+R56 -> 0 | T56: 0 | W56: 0 | Y56: 0 | Z56: 0 | AA56: =V56+U56+T56 -> 0 | AB56: =ROUND(Q56+T56+V56-X56-W56-Y56-Z56,0) -> 0 | AC56: =+R56+U56+Z56-X56 -> 0 | AD56: =AB56+AC56 -> 0 | AH56: =G56+H56-J56-L56-M56 -> 0 | AI56: =Q56+T56+U56-S56+R56 -> 0 | AJ56: =M56-N56-O56-P56 -> 0 | AK56: =M56-N56-O56-P56 -> 0
A57: 45 | B57: =IFERROR(VLOOKUP(A57,O.B.JUNE!$A$7:$C$448,2,0),0) -> ALFANI | C57: =IFERROR(VLOOKUP(A57,O.B.JUNE!$A$7:$C$448,3,0),0) -> 100011102 | D57: =F57-E57 -> 0 | E57: =IFERROR(VLOOKUP(C57,O.B.JUNE!$C$7:$D$448,2,0),0) -> 0 | F57: 0 | G57: =IFERROR(VLOOKUP(C57,O.B.JUNE!$C$7:$E$448,3,0),0) -> 31 | H57: =IF(F57="","",F57-E57) -> 0 | J57: =IF(S57="",0,S57-Q57-V57-R57) -> 0 | K57: 0 | L57: 0 | M57: =ROUND(IF(ISERROR(F57-S57-K57-L57-R57),0,(F57-S57-K57-L57+Q57+R57+G57-E57)),0) -> 31 | N57: 0 | O57: 0 | P57: =+M57-N57-O57 -> 31 | Q57: =IFERROR(VLOOKUP(C57,O.B.JUNE!$C$7:$K$448,7,0),0) -> 0 | R57: =IFERROR(VLOOKUP(C57,O.B.JUNE!$C$7:$J$448,8,0),0) -> 0 | S57: =Q57+T57+U57+R57 -> 0 | T57: 0 | W57: 0 | Y57: 0 | Z57: 0 | AA57: =V57+U57+T57 -> 0 | AB57: =ROUND(Q57+T57+V57-X57-W57-Y57-Z57,0) -> 0 | AC57: =+R57+U57+Z57-X57 -> 0 | AD57: =AB57+AC57 -> 0 | AH57: =G57+H57-J57-L57-M57 -> 0 | AI57: =Q57+T57+U57-S57+R57 -> 0 | AJ57: =M57-N57-O57-P57 -> 0 | AK57: =M57-N57-O57-P57 -> 0
A58: 46 | B58: =IFERROR(VLOOKUP(A58,O.B.JUNE!$A$7:$C$448,2,0),0) -> ALFANI | C58: =IFERROR(VLOOKUP(A58,O.B.JUNE!$A$7:$C$448,3,0),0) -> 2335 | D58: =F58-E58 -> 0 | E58: =IFERROR(VLOOKUP(C58,O.B.JUNE!$C$7:$D$448,2,0),0) -> 23823 | F58: =VLOOKUP(C58,'CUTTING ON JUNE'!$A$4:$D$316,3,0) -> 23823 | G58: =IFERROR(VLOOKUP(C58,O.B.JUNE!$C$7:$E$448,3,0),0) -> 1273 | H58: =IF(F58="","",F58-E58) -> 0 | J58: =IF(S58="",0,S58-Q58-V58-R58) -> 0 | K58: 0 | L58: 0 | M58: =ROUND(IF(ISERROR(F58-S58-K58-L58-R58),0,(F58-S58-K58-L58+Q58+R58+G58-E58)),0) -> 1273 | N58: 0 | O58: 4 | P58: =+M58-N58-O58 -> 1269 | Q58: =IFERROR(VLOOKUP(C58,O.B.JUNE!$C$7:$K$448,7,0),0) -> 0 | R58: =IFERROR(VLOOKUP(C58,O.B.JUNE!$C$7:$J$448,8,0),0) -> 89 | S58: =Q58+T58+U58+R58 -> 89 | T58: 0 | W58: 0 | Y58: 0 | Z58: 0 | AA58: =V58+U58+T58 -> 0 | AB58: =ROUND(Q58+T58+V58-X58-W58-Y58-Z58,0) -> 0 | AC58: =+R58+U58+Z58-X58 -> 89 | AD58: =AB58+AC58 -> 89 | AH58: =G58+H58-J58-L58-M58 -> 0 | AI58: =Q58+T58+U58-S58+R58 -> 0 | AJ58: =M58-N58-O58-P58 -> 0 | AK58: =M58-N58-O58-P58 -> 0 | AR58: =VLOOKUP(C58,'[1]DA HET SAN XUAT'!$D$8:$AJ$419,33,0) -> 0
A59: 47 | B59: =IFERROR(VLOOKUP(A59,O.B.JUNE!$A$7:$C$448,2,0),0) -> ALFANI | C59: =IFERROR(VLOOKUP(A59,O.B.JUNE!$A$7:$C$448,3,0),0) -> 7220 | D59: =F59-E59 -> 0 | E59: =IFERROR(VLOOKUP(C59,O.B.JUNE!$C$7:$D$448,2,0),0) -> 5987 | F59: =VLOOKUP(C59,'CUTTING ON JUNE'!$A$4:$D$316,3,0) -> 5987 | G59: =IFERROR(VLOOKUP(C59,O.B.JUNE!$C$7:$E$448,3,0),0) -> 1361 | H59: =IF(F59="","",F59-E59) -> 0 | J59: =IF(S59="",0,S59-Q59-V59-R59) -> 1142 | K59: 0 | L59: 0 | M59: =ROUND(IF(ISERROR(F59-S59-K59-L59-R59),0,(F59-S59-K59-L59+Q59+R59+G59-E59)),0) -> 219 | N59: 0 | O59: 101 | P59: =+M59-N59-O59 -> 118 | Q59: =IFERROR(VLOOKUP(C59,O.B.JUNE!$C$7:$K$448,7,0),0) -> 0 | R59: =IFERROR(VLOOKUP(C59,O.B.JUNE!$C$7:$J$448,8,0),0) -> 0 | S59: =Q59+T59+U59+R59 -> 1142 | T59: 1142 | W59: 1116 | Y59: 2 | Z59: 24 | AA59: =V59+U59+T59 -> 1142 | AB59: =ROUND(Q59+T59+V59-X59-W59-Y59-Z59,0) -> 0 | AC59: =+R59+U59+Z59-X59 -> 24 | AD59: =AB59+AC59 -> 24 | AH59: =G59+H59-J59-L59-M59 -> 0 | AI59: =Q59+T59+U59-S59+R59 -> 0 | AJ59: =M59-N59-O59-P59 -> 0 | AK59: =M59-N59-O59-P59 -> 0 | AR59: =VLOOKUP(C59,'[1]DA HET SAN XUAT'!$D$8:$AJ$419,33,0) -> 0
A60: 48 | B60: =IFERROR(VLOOKUP(A60,O.B.JUNE!$A$7:$C$448,2,0),0) -> ALFANI | C60: =IFERROR(VLOOKUP(A60,O.B.JUNE!$A$7:$C$448,3,0),0) -> 7D400 | D60: =F60-E60 -> 0 | E60: =IFERROR(VLOOKUP(C60,O.B.JUNE!$C$7:$D$448,2,0),0) -> 0 | F60: 0 | G60: =IFERROR(VLOOKUP(C60,O.B.JUNE!$C$7:$E$448,3,0),0) -> 72 | H60: =IF(F60="","",F60-E60) -> 0 | J60: =IF(S60="",0,S60-Q60-V60-R60) -> 72 | K60: 0 | L60: 0 | M60: =ROUND(IF(ISERROR(F60-S60-K60-L60-R60),0,(F60-S60-K60-L60+Q60+R60+G60-E60)),0) -> 0 | N60: 0 | O60: 0 | P60: =+M60-N60-O60 -> 0 | Q60: =IFERROR(VLOOKUP(C60,O.B.JUNE!$C$7:$K$448,7,0),0) -> 0 | R60: =IFERROR(VLOOKUP(C60,O.B.JUNE!$C$7:$J$448,8,0),0) -> 0 | S60: =Q60+T60+U60+R60 -> 72 | T60: 0 | U60: 72 | W60: 0 | Y60: 0 | Z60: 0 | AA60: =V60+U60+T60 -> 72 | AB60: =ROUND(Q60+T60+V60-X60-W60-Y60-Z60,0) -> 0 | AC60: =+R60+U60+Z60-X60 -> 72 | AD60: =AB60+AC60 -> 72 | AH60: =G60+H60-J60-L60-M60 -> 0 | AI60: =Q60+T60+U60-S60+R60 -> 0 | AJ60: =M60-N60-O60-P60 -> 0 | AK60: =M60-N60-O60-P60 -> 0 | AS60: ĐÃ HẾT SẢN XUẤT
A61: 49 | B61: =IFERROR(VLOOKUP(A61,O.B.JUNE!$A$7:$C$448,2,0),0) -> ALFANI | C61: =IFERROR(VLOOKUP(A61,O.B.JUNE!$A$7:$C$448,3,0),0) -> 7D701 | D61: =F61-E61 -> 0 | E61: =IFERROR(VLOOKUP(C61,O.B.JUNE!$C$7:$D$448,2,0),0) -> 0 | F61: 0 | G61: =IFERROR(VLOOKUP(C61,O.B.JUNE!$C$7:$E$448,3,0),0) -> 180 | H61: =IF(F61="","",F61-E61) -> 0 | J61: =IF(S61="",0,S61-Q61-V61-R61) -> 180 | K61: 0 | L61: 0 | M61: =ROUND(IF(ISERROR(F61-S61-K61-L61-R61),0,(F61-S61-K61-L61+Q61+R61+G61-E61)),0) -> 0 | N61: 0 | O61: 0 | P61: =+M61-N61-O61 -> 0 | Q61: =IFERROR(VLOOKUP(C61,O.B.JUNE!$C$7:$K$448,7,0),0) -> 0 | R61: =IFERROR(VLOOKUP(C61,O.B.JUNE!$C$7:$J$448,8,0),0) -> 0 | S61: =Q61+T61+U61+R61 -> 180 | T61: 0 | U61: 180 | W61: 0 | Y61: 0 | Z61: 0 | AA61: =V61+U61+T61 -> 180 | AB61: =ROUND(Q61+T61+V61-X61-W61-Y61-Z61,0) -> 0 | AC61: =+R61+U61+Z61-X61 -> 180 | AD61: =AB61+AC61 -> 180 | AH61: =G61+H61-J61-L61-M61 -> 0 | AI61: =Q61+T61+U61-S61+R61 -> 0 | AJ61: =M61-N61-O61-P61 -> 0 | AK61: =M61-N61-O61-P61 -> 0 | AS61: ĐÃ HẾT SẢN XUẤT
A62: 50 | B62: =IFERROR(VLOOKUP(A62,O.B.JUNE!$A$7:$C$448,2,0),0) -> ALFANI | C62: =IFERROR(VLOOKUP(A62,O.B.JUNE!$A$7:$C$448,3,0),0) -> 7D707 | D62: =F62-E62 -> 0 | E62: =IFERROR(VLOOKUP(C62,O.B.JUNE!$C$7:$D$448,2,0),0) -> 0 | F62: 0 | G62: =IFERROR(VLOOKUP(C62,O.B.JUNE!$C$7:$E$448,3,0),0) -> 387 | H62: =IF(F62="","",F62-E62) -> 0 | J62: =IF(S62="",0,S62-Q62-V62-R62) -> 0 | K62: 0 | L62: 0 | M62: =ROUND(IF(ISERROR(F62-S62-K62-L62-R62),0,(F62-S62-K62-L62+Q62+R62+G62-E62)),0) -> 387 | N62: 0 | O62: 0 | P62: =+M62-N62-O62 -> 387 | Q62: =IFERROR(VLOOKUP(C62,O.B.JUNE!$C$7:$K$448,7,0),0) -> 0 | R62: =IFERROR(VLOOKUP(C62,O.B.JUNE!$C$7:$J$448,8,0),0) -> 0 | S62: =Q62+T62+U62+R62 -> 0 | T62: 0 | W62: 0 | Y62: 0 | Z62: 0 | AA62: =V62+U62+T62 -> 0 | AB62: =ROUND(Q62+T62+V62-X62-W62-Y62-Z62,0) -> 0 | AC62: =+R62+U62+Z62-X62 -> 0 | AD62: =AB62+AC62 -> 0 | AH62: =G62+H62-J62-L62-M62 -> 0 | AI62: =Q62+T62+U62-S62+R62 -> 0 | AJ62: =M62-N62-O62-P62 -> 0 | AK62: =M62-N62-O62-P62 -> 0 | AR62: =VLOOKUP(C62,'[1]DA HET SAN XUAT'!$D$8:$AJ$419,33,0) -> 0
A63: 51 | B63: =IFERROR(VLOOKUP(A63,O.B.JUNE!$A$7:$C$448,2,0),0) -> ALFANI | C63: =IFERROR(VLOOKUP(A63,O.B.JUNE!$A$7:$C$448,3,0),0) -> 7D902 | D63: =F63-E63 -> 0 | E63: =IFERROR(VLOOKUP(C63,O.B.JUNE!$C$7:$D$448,2,0),0) -> 0 | F63: 0 | G63: =IFERROR(VLOOKUP(C63,O.B.JUNE!$C$7:$E$448,3,0),0) -> 92 | H63: =IF(F63="","",F63-E63) -> 0 | J63: =IF(S63="",0,S63-Q63-V63-R63) -> 0 | K63: 0 | L63: 0 | M63: =ROUND(IF(ISERROR(F63-S63-K63-L63-R63),0,(F63-S63-K63-L63+Q63+R63+G63-E63)),0) -> 92 | N63: 0 | O63: 0 | P63: =+M63-N63-O63 -> 92 | Q63: =IFERROR(VLOOKUP(C63,O.B.JUNE!$C$7:$K$448,7,0),0) -> 0 | R63: =IFERROR(VLOOKUP(C63,O.B.JUNE!$C$7:$J$448,8,0),0) -> 0 | S63: =Q63+T63+U63+R63 -> 0 | T63: 0 | W63: 0 | Y63: 0 | Z63: 0 | AA63: =V63+U63+T63 -> 0 | AB63: =ROUND(Q63+T63+V63-X63-W63-Y63-Z63,0) -> 0 | AC63: =+R63+U63+Z63-X63 -> 0 | AD63: =AB63+AC63 -> 0 | AH63: =G63+H63-J63-L63-M63 -> 0 | AI63: =Q63+T63+U63-S63+R63 -> 0 | AJ63: =M63-N63-O63-P63 -> 0 | AK63: =M63-N63-O63-P63 -> 0 | AR63: =VLOOKUP(C63,'[1]DA HET SAN XUAT'!$D$8:$AJ$419,33,0) -> 0
A64: 52 | B64: =IFERROR(VLOOKUP(A64,O.B.JUNE!$A$7:$C$448,2,0),0) -> ALFANI | C64: =IFERROR(VLOOKUP(A64,O.B.JUNE!$A$7:$C$448,3,0),0) -> 7N714 | D64: =F64-E64 -> 0 | E64: =IFERROR(VLOOKUP(C64,O.B.JUNE!$C$7:$D$448,2,0),0) -> 0 | F64: 0 | G64: =IFERROR(VLOOKUP(C64,O.B.JUNE!$C$7:$E$448,3,0),0) -> 100 | H64: =IF(F64="","",F64-E64) -> 0 | J64: =IF(S64="",0,S64-Q64-V64-R64) -> 100 | K64: 0 | L64: 0 | M64: =ROUND(IF(ISERROR(F64-S64-K64-L64-R64),0,(F64-S64-K64-L64+Q64+R64+G64-E64)),0) -> 0 | N64: 0 | O64: 0 | P64: =+M64-N64-O64 -> 0 | Q64: =IFERROR(VLOOKUP(C64,O.B.JUNE!$C$7:$K$448,7,0),0) -> 0 | R64: =IFERROR(VLOOKUP(C64,O.B.JUNE!$C$7:$J$448,8,0),0) -> 0 | S64: =Q64+T64+U64+R64 -> 100 | T64: 0 | U64: 100 | W64: 0 | Y64: 0 | Z64: 0 | AA64: =V64+U64+T64 -> 100 | AB64: =ROUND(Q64+T64+V64-X64-W64-Y64-Z64,0) -> 0 | AC64: =+R64+U64+Z64-X64 -> 100 | AD64: =AB64+AC64 -> 100 | AH64: =G64+H64-J64-L64-M64 -> 0 | AI64: =Q64+T64+U64-S64+R64 -> 0 | AJ64: =M64-N64-O64-P64 -> 0 | AK64: =M64-N64-O64-P64 -> 0 | AS64: ĐÃ HẾT SẢN XUẤT
A65: 53 | B65: =IFERROR(VLOOKUP(A65,O.B.JUNE!$A$7:$C$448,2,0),0) -> ANN TAYLOR | C65: =IFERROR(VLOOKUP(A65,O.B.JUNE!$A$7:$C$448,3,0),0) -> 448556 | D65: =F65-E65 -> 0 | E65: =IFERROR(VLOOKUP(C65,O.B.JUNE!$C$7:$D$448,2,0),0) -> 0 | F65: 0 | G65: =IFERROR(VLOOKUP(C65,O.B.JUNE!$C$7:$E$448,3,0),0) -> 56 | H65: =IF(F65="","",F65-E65) -> 0 | J65: =IF(S65="",0,S65-Q65-V65-R65) -> 56 | K65: 0 | L65: 0 | M65: =ROUND(IF(ISERROR(F65-S65-K65-L65-R65),0,(F65-S65-K65-L65+Q65+R65+G65-E65)),0) -> 0 | N65: 0 | O65: 0 | P65: =+M65-N65-O65 -> 0 | Q65: =IFERROR(VLOOKUP(C65,O.B.JUNE!$C$7:$K$448,7,0),0) -> 0 | R65: =IFERROR(VLOOKUP(C65,O.B.JUNE!$C$7:$J$448,8,0),0) -> 0 | S65: =Q65+T65+U65+R65 -> 56 | T65: 0 | U65: 56 | W65: 0 | Y65: 0 | Z65: 0 | AA65: =V65+U65+T65 -> 56 | AB65: =ROUND(Q65+T65+V65-X65-W65-Y65-Z65,0) -> 0 | AC65: =+R65+U65+Z65-X65 -> 56 | AD65: =AB65+AC65 -> 56 | AH65: =G65+H65-J65-L65-M65 -> 0 | AI65: =Q65+T65+U65-S65+R65 -> 0 | AJ65: =M65-N65-O65-P65 -> 0 | AK65: =M65-N65-O65-P65 -> 0 | AS65: ĐÃ HẾT SẢN XUẤT
A66: 54 | B66: =IFERROR(VLOOKUP(A66,O.B.JUNE!$A$7:$C$448,2,0),0) -> ANN TAYLOR | C66: =IFERROR(VLOOKUP(A66,O.B.JUNE!$A$7:$C$448,3,0),0) -> 454819 | D66: =F66-E66 -> 0 | E66: =IFERROR(VLOOKUP(C66,O.B.JUNE!$C$7:$D$448,2,0),0) -> 0 | F66: 0 | G66: =IFERROR(VLOOKUP(C66,O.B.JUNE!$C$7:$E$448,3,0),0) -> 121 | H66: =IF(F66="","",F66-E66) -> 0 | J66: =IF(S66="",0,S66-Q66-V66-R66) -> 121 | K66: 0 | L66: 0 | M66: =ROUND(IF(ISERROR(F66-S66-K66-L66-R66),0,(F66-S66-K66-L66+Q66+R66+G66-E66)),0) -> 0 | N66: 0 | O66: 0 | P66: =+M66-N66-O66 -> 0 | Q66: =IFERROR(VLOOKUP(C66,O.B.JUNE!$C$7:$K$448,7,0),0) -> 0 | R66: =IFERROR(VLOOKUP(C66,O.B.JUNE!$C$7:$J$448,8,0),0) -> 0 | S66: =Q66+T66+U66+R66 -> 121 | T66: 0 | U66: 121 | W66: 0 | Y66: 0 | Z66: 0 | AA66: =V66+U66+T66 -> 121 | AB66: =ROUND(Q66+T66+V66-X66-W66-Y66-Z66,0) -> 0 | AC66: =+R66+U66+Z66-X66 -> 121 | AD66: =AB66+AC66 -> 121 | AH66: =G66+H66-J66-L66-M66 -> 0 | AI66: =Q66+T66+U66-S66+R66 -> 0 | AJ66: =M66-N66-O66-P66 -> 0 | AK66: =M66-N66-O66-P66 -> 0 | AS66: ĐÃ HẾT SẢN XUẤT
A67: 55 | B67: =IFERROR(VLOOKUP(A67,O.B.JUNE!$A$7:$C$448,2,0),0) -> ANN TAYLOR | C67: =IFERROR(VLOOKUP(A67,O.B.JUNE!$A$7:$C$448,3,0),0) -> 457050 | D67: =F67-E67 -> 0 | E67: =IFERROR(VLOOKUP(C67,O.B.JUNE!$C$7:$D$448,2,0),0) -> 0 | F67: 0 | G67: =IFERROR(VLOOKUP(C67,O.B.JUNE!$C$7:$E$448,3,0),0) -> 262 | H67: =IF(F67="","",F67-E67) -> 0 | J67: =IF(S67="",0,S67-Q67-V67-R67) -> 0 | K67: 0 | L67: 0 | M67: =ROUND(IF(ISERROR(F67-S67-K67-L67-R67),0,(F67-S67-K67-L67+Q67+R67+G67-E67)),0) -> 262 | N67: 0 | O67: 0 | P67: =+M67-N67-O67 -> 262 | Q67: =IFERROR(VLOOKUP(C67,O.B.JUNE!$C$7:$K$448,7,0),0) -> 0 | R67: =IFERROR(VLOOKUP(C67,O.B.JUNE!$C$7:$J$448,8,0),0) -> 0 | S67: =Q67+T67+U67+R67 -> 0 | T67: 0 | W67: 0 | Y67: 0 | Z67: 0 | AA67: =V67+U67+T67 -> 0 | AB67: =ROUND(Q67+T67+V67-X67-W67-Y67-Z67,0) -> 0 | AC67: =+R67+U67+Z67-X67 -> 0 | AD67: =AB67+AC67 -> 0 | AH67: =G67+H67-J67-L67-M67 -> 0 | AI67: =Q67+T67+U67-S67+R67 -> 0 | AJ67: =M67-N67-O67-P67 -> 0 | AK67: =M67-N67-O67-P67 -> 0 | AS67: ĐÃ HẾT SẢN XUẤT
A68: 56 | B68: =IFERROR(VLOOKUP(A68,O.B.JUNE!$A$7:$C$448,2,0),0) -> INC | C68: =IFERROR(VLOOKUP(A68,O.B.JUNE!$A$7:$C$448,3,0),0) -> 100007750 | D68: =F68-E68 -> 0 | E68: =IFERROR(VLOOKUP(C68,O.B.JUNE!$C$7:$D$448,2,0),0) -> 0 | F68: 0 | G68: =IFERROR(VLOOKUP(C68,O.B.JUNE!$C$7:$E$448,3,0),0) -> 42 | H68: =IF(F68="","",F68-E68) -> 0 | J68: =IF(S68="",0,S68-Q68-V68-R68) -> 42 | K68: 0 | L68: 0 | M68: =ROUND(IF(ISERROR(F68-S68-K68-L68-R68),0,(F68-S68-K68-L68+Q68+R68+G68-E68)),0) -> 0 | N68: 0 | O68: 0 | P68: =+M68-N68-O68 -> 0 | Q68: =IFERROR(VLOOKUP(C68,O.B.JUNE!$C$7:$K$448,7,0),0) -> 0 | R68: =IFERROR(VLOOKUP(C68,O.B.JUNE!$C$7:$J$448,8,0),0) -> 0 | S68: =Q68+T68+U68+R68 -> 42 | T68: 0 | U68: 42 | W68: 0 | Y68: 0 | Z68: 0 | AA68: =V68+U68+T68 -> 42 | AB68: =ROUND(Q68+T68+V68-X68-W68-Y68-Z68,0) -> 0 | AC68: =+R68+U68+Z68-X68 -> 42 | AD68: =AB68+AC68 -> 42 | AH68: =G68+H68-J68-L68-M68 -> 0 | AI68: =Q68+T68+U68-S68+R68 -> 0 | AJ68: =M68-N68-O68-P68 -> 0 | AK68: =M68-N68-O68-P68 -> 0 | AR68: =VLOOKUP(C68,'[1]DA HET SAN XUAT'!$D$8:$AJ$419,33,0) -> 0 | AS68: ĐÃ HẾT SẢN XUẤT
A69: 57 | B69: =IFERROR(VLOOKUP(A69,O.B.JUNE!$A$7:$C$448,2,0),0) -> INC | C69: =IFERROR(VLOOKUP(A69,O.B.JUNE!$A$7:$C$448,3,0),0) -> 100008168 | D69: =F69-E69 -> 0 | E69: =IFERROR(VLOOKUP(C69,O.B.JUNE!$C$7:$D$448,2,0),0) -> 0 | F69: 0 | G69: =IFERROR(VLOOKUP(C69,O.B.JUNE!$C$7:$E$448,3,0),0) -> 94 | H69: =IF(F69="","",F69-E69) -> 0 | J69: =IF(S69="",0,S69-Q69-V69-R69) -> 94 | K69: 0 | L69: 0 | M69: =ROUND(IF(ISERROR(F69-S69-K69-L69-R69),0,(F69-S69-K69-L69+Q69+R69+G69-E69)),0) -> 0 | N69: 0 | O69: 0 | P69: =+M69-N69-O69 -> 0 | Q69: =IFERROR(VLOOKUP(C69,O.B.JUNE!$C$7:$K$448,7,0),0) -> 0 | R69: =IFERROR(VLOOKUP(C69,O.B.JUNE!$C$7:$J$448,8,0),0) -> 0 | S69: =Q69+T69+U69+R69 -> 94 | T69: 0 | U69: 94 | W69: 0 | Y69: 0 | Z69: 0 | AA69: =V69+U69+T69 -> 94 | AB69: =ROUND(Q69+T69+V69-X69-W69-Y69-Z69,0) -> 0 | AC69: =+R69+U69+Z69-X69 -> 94 | AD69: =AB69+AC69 -> 94 | AH69: =G69+H69-J69-L69-M69 -> 0 | AI69: =Q69+T69+U69-S69+R69 -> 0 | AJ69: =M69-N69-O69-P69 -> 0 | AK69: =M69-N69-O69-P69 -> 0 | AS69: ĐÃ HẾT SẢN XUẤT
A70: 58 | B70: =IFERROR(VLOOKUP(A70,O.B.JUNE!$A$7:$C$448,2,0),0) -> INC | C70: =IFERROR(VLOOKUP(A70,O.B.JUNE!$A$7:$C$448,3,0),0) -> 10010195(7D324) | D70: =F70-E70 -> 0 | E70: =IFERROR(VLOOKUP(C70,O.B.JUNE!$C$7:$D$448,2,0),0) -> 0 | F70: 0 | G70: =IFERROR(VLOOKUP(C70,O.B.JUNE!$C$7:$E$448,3,0),0) -> 48 | H70: =IF(F70="","",F70-E70) -> 0 | J70: =IF(S70="",0,S70-Q70-V70-R70) -> 48 | K70: 0 | L70: 0 | M70: =ROUND(IF(ISERROR(F70-S70-K70-L70-R70),0,(F70-S70-K70-L70+Q70+R70+G70-E70)),0) -> 0 | N70: 0 | O70: 0 | P70: =+M70-N70-O70 -> 0 | Q70: =IFERROR(VLOOKUP(C70,O.B.JUNE!$C$7:$K$448,7,0),0) -> 0 | R70: =IFERROR(VLOOKUP(C70,O.B.JUNE!$C$7:$J$448,8,0),0) -> 0 | S70: =Q70+T70+U70+R70 -> 48 | T70: 0 | U70: 48 | W70: 0 | Y70: 0 | Z70: 0 | AA70: =V70+U70+T70 -> 48 | AB70: =ROUND(Q70+T70+V70-X70-W70-Y70-Z70,0) -> 0 | AC70: =+R70+U70+Z70-X70 -> 48 | AD70: =AB70+AC70 -> 48 | AH70: =G70+H70-J70-L70-M70 -> 0 | AI70: =Q70+T70+U70-S70+R70 -> 0 | AJ70: =M70-N70-O70-P70 -> 0 | AK70: =M70-N70-O70-P70 -> 0 | AS70: ĐÃ HẾT SẢN XUẤT
A71: 59 | B71: =IFERROR(VLOOKUP(A71,O.B.JUNE!$A$7:$C$448,2,0),0) -> INC | C71: =IFERROR(VLOOKUP(A71,O.B.JUNE!$A$7:$C$448,3,0),0) -> 6D398 | D71: =F71-E71 -> 10072 | E71: =IFERROR(VLOOKUP(C71,O.B.JUNE!$C$7:$D$448,2,0),0) -> 11576 | F71: =VLOOKUP(C71,'CUTTING ON JUNE'!$A$4:$D$316,3,0) -> 21648 | G71: =IFERROR(VLOOKUP(C71,O.B.JUNE!$C$7:$E$448,3,0),0) -> 3546 | H71: =IF(F71="","",F71-E71) -> 10072 | J71: =IF(S71="",0,S71-Q71-V71-R71) -> 10137 | K71: 0 | L71: 0 | M71: =ROUND(IF(ISERROR(F71-S71-K71-L71-R71),0,(F71-S71-K71-L71+Q71+R71+G71-E71)),0) -> 3481 | N71: 930 | O71: 1829 | P71: =+M71-N71-O71 -> 722 | Q71: =IFERROR(VLOOKUP(C71,O.B.JUNE!$C$7:$K$448,7,0),0) -> 5150 | R71: =IFERROR(VLOOKUP(C71,O.B.JUNE!$C$7:$J$448,8,0),0) -> 0 | S71: =Q71+T71+U71+R71 -> 15287 | T71: 10137 | W71: 9000 | Y71: 0 | Z71: 123 | AA71: =V71+U71+T71 -> 10137 | AB71: =ROUND(Q71+T71+V71-X71-W71-Y71-Z71,0) -> 6164 | AC71: =+R71+U71+Z71-X71 -> 123 | AD71: =AB71+AC71 -> 6287 | AH71: =G71+H71-J71-L71-M71 -> 0 | AI71: =Q71+T71+U71-S71+R71 -> 0 | AJ71: =M71-N71-O71-P71 -> 0 | AK71: =M71-N71-O71-P71 -> 0
A72: 60 | B72: =IFERROR(VLOOKUP(A72,O.B.JUNE!$A$7:$C$448,2,0),0) -> INC | C72: =IFERROR(VLOOKUP(A72,O.B.JUNE!$A$7:$C$448,3,0),0) -> 7D320(100010192) | D72: =F72-E72 -> 0 | E72: =IFERROR(VLOOKUP(C72,O.B.JUNE!$C$7:$D$448,2,0),0) -> 0 | F72: 0 | G72: =IFERROR(VLOOKUP(C72,O.B.JUNE!$C$7:$E$448,3,0),0) -> 73 | H72: =IF(F72="","",F72-E72) -> 0 | J72: =IF(S72="",0,S72-Q72-V72-R72) -> 73 | K72: 0 | L72: 0 | M72: =ROUND(IF(ISERROR(F72-S72-K72-L72-R72),0,(F72-S72-K72-L72+Q72+R72+G72-E72)),0) -> 0 | N72: 0 | O72: 0 | P72: =+M72-N72-O72 -> 0 | Q72: =IFERROR(VLOOKUP(C72,O.B.JUNE!$C$7:$K$448,7,0),0) -> 0 | R72: =IFERROR(VLOOKUP(C72,O.B.JUNE!$C$7:$J$448,8,0),0) -> 0 | S72: =Q72+T72+U72+R72 -> 73 | T72: 0 | U72: 73 | W72: 0 | Y72: 0 | Z72: 0 | AA72: =V72+U72+T72 -> 73 | AB72: =ROUND(Q72+T72+V72-X72-W72-Y72-Z72,0) -> 0 | AC72: =+R72+U72+Z72-X72 -> 73 | AD72: =AB72+AC72 -> 73 | AH72: =G72+H72-J72-L72-M72 -> 0 | AI72: =Q72+T72+U72-S72+R72 -> 0 | AJ72: =M72-N72-O72-P72 -> 0 | AK72: =M72-N72-O72-P72 -> 0 | AS72: ĐÃ HẾT SẢN XUẤT
A73: 61 | B73: =IFERROR(VLOOKUP(A73,O.B.JUNE!$A$7:$C$448,2,0),0) -> INC | C73: =IFERROR(VLOOKUP(A73,O.B.JUNE!$A$7:$C$448,3,0),0) -> 7D534(100010660) | D73: =F73-E73 -> 0 | E73: =IFERROR(VLOOKUP(C73,O.B.JUNE!$C$7:$D$448,2,0),0) -> 0 | F73: 0 | G73: =IFERROR(VLOOKUP(C73,O.B.JUNE!$C$7:$E$448,3,0),0) -> 27 | H73: =IF(F73="","",F73-E73) -> 0 | J73: =IF(S73="",0,S73-Q73-V73-R73) -> 27 | K73: 0 | L73: 0 | M73: =ROUND(IF(ISERROR(F73-S73-K73-L73-R73),0,(F73-S73-K73-L73+Q73+R73+G73-E73)),0) -> 0 | N73: 0 | O73: 0 | P73: =+M73-N73-O73 -> 0 | Q73: =IFERROR(VLOOKUP(C73,O.B.JUNE!$C$7:$K$448,7,0),0) -> 0 | R73: =IFERROR(VLOOKUP(C73,O.B.JUNE!$C$7:$J$448,8,0),0) -> 0 | S73: =Q73+T73+U73+R73 -> 27 | T73: 0 | U73: 27 | W73: 0 | Y73: 0 | Z73: 0 | AA73: =V73+U73+T73 -> 27 | AB73: =ROUND(Q73+T73+V73-X73-W73-Y73-Z73,0) -> 0 | AC73: =+R73+U73+Z73-X73 -> 27 | AD73: =AB73+AC73 -> 27 | AH73: =G73+H73-J73-L73-M73 -> 0 | AI73: =Q73+T73+U73-S73+R73 -> 0 | AJ73: =M73-N73-O73-P73 -> 0 | AK73: =M73-N73-O73-P73 -> 0 | AS73: ĐÃ HẾT SẢN XUẤT
A74: 62 | B74: =IFERROR(VLOOKUP(A74,O.B.JUNE!$A$7:$C$448,2,0),0) -> INC | C74: =IFERROR(VLOOKUP(A74,O.B.JUNE!$A$7:$C$448,3,0),0) -> 7D650(100010275) | D74: =F74-E74 -> 0 | E74: =IFERROR(VLOOKUP(C74,O.B.JUNE!$C$7:$D$448,2,0),0) -> 0 | F74: 0 | G74: =IFERROR(VLOOKUP(C74,O.B.JUNE!$C$7:$E$448,3,0),0) -> 112 | H74: =IF(F74="","",F74-E74) -> 0 | J74: =IF(S74="",0,S74-Q74-V74-R74) -> 112 | K74: 0 | L74: 0 | M74: =ROUND(IF(ISERROR(F74-S74-K74-L74-R74),0,(F74-S74-K74-L74+Q74+R74+G74-E74)),0) -> 0 | N74: 0 | O74: 0 | P74: =+M74-N74-O74 -> 0 | Q74: =IFERROR(VLOOKUP(C74,O.B.JUNE!$C$7:$K$448,7,0),0) -> 0 | R74: =IFERROR(VLOOKUP(C74,O.B.JUNE!$C$7:$J$448,8,0),0) -> 0 | S74: =Q74+T74+U74+R74 -> 112 | T74: 0 | U74: 112 | W74: 0 | Y74: 0 | Z74: 0 | AA74: =V74+U74+T74 -> 112 | AB74: =ROUND(Q74+T74+V74-X74-W74-Y74-Z74,0) -> 0 | AC74: =+R74+U74+Z74-X74 -> 112 | AD74: =AB74+AC74 -> 112 | AH74: =G74+H74-J74-L74-M74 -> 0 | AI74: =Q74+T74+U74-S74+R74 -> 0 | AJ74: =M74-N74-O74-P74 -> 0 | AK74: =M74-N74-O74-P74 -> 0 | AS74: ĐÃ HẾT SẢN XUẤT
A75: 63 | B75: =IFERROR(VLOOKUP(A75,O.B.JUNE!$A$7:$C$448,2,0),0) -> INC | C75: =IFERROR(VLOOKUP(A75,O.B.JUNE!$A$7:$C$448,3,0),0) -> 7D664(100007920) | D75: =F75-E75 -> 0 | E75: =IFERROR(VLOOKUP(C75,O.B.JUNE!$C$7:$D$448,2,0),0) -> 0 | F75: 0 | G75: =IFERROR(VLOOKUP(C75,O.B.JUNE!$C$7:$E$448,3,0),0) -> 46 | H75: =IF(F75="","",F75-E75) -> 0 | J75: =IF(S75="",0,S75-Q75-V75-R75) -> 46 | K75: 0 | L75: 0 | M75: =ROUND(IF(ISERROR(F75-S75-K75-L75-R75),0,(F75-S75-K75-L75+Q75+R75+G75-E75)),0) -> 0 | N75: 0 | O75: 0 | P75: =+M75-N75-O75 -> 0 | Q75: =IFERROR(VLOOKUP(C75,O.B.JUNE!$C$7:$K$448,7,0),0) -> 0 | R75: =IFERROR(VLOOKUP(C75,O.B.JUNE!$C$7:$J$448,8,0),0) -> 0 | S75: =Q75+T75+U75+R75 -> 46 | T75: 0 | U75: 46 | W75: 0 | Y75: 0 | Z75: 0 | AA75: =V75+U75+T75 -> 46 | AB75: =ROUND(Q75+T75+V75-X75-W75-Y75-Z75,0) -> 0 | AC75: =+R75+U75+Z75-X75 -> 46 | AD75: =AB75+AC75 -> 46 | AH75: =G75+H75-J75-L75-M75 -> 0 | AI75: =Q75+T75+U75-S75+R75 -> 0 | AJ75: =M75-N75-O75-P75 -> 0 | AK75: =M75-N75-O75-P75 -> 0 | AS75: ĐÃ HẾT SẢN XUẤT
A76: 64 | B76: =IFERROR(VLOOKUP(A76,O.B.JUNE!$A$7:$C$448,2,0),0) -> INC | C76: =IFERROR(VLOOKUP(A76,O.B.JUNE!$A$7:$C$448,3,0),0) -> 7D670(10007909) | D76: =F76-E76 -> 0 | E76: =IFERROR(VLOOKUP(C76,O.B.JUNE!$C$7:$D$448,2,0),0) -> 0 | F76: 0 | G76: =IFERROR(VLOOKUP(C76,O.B.JUNE!$C$7:$E$448,3,0),0) -> 356 | H76: =IF(F76="","",F76-E76) -> 0 | J76: =IF(S76="",0,S76-Q76-V76-R76) -> 356 | K76: 0 | L76: 0 | M76: =ROUND(IF(ISERROR(F76-S76-K76-L76-R76),0,(F76-S76-K76-L76+Q76+R76+G76-E76)),0) -> 0 | N76: 0 | O76: 0 | P76: =+M76-N76-O76 -> 0 | Q76: =IFERROR(VLOOKUP(C76,O.B.JUNE!$C$7:$K$448,7,0),0) -> 0 | R76: =IFERROR(VLOOKUP(C76,O.B.JUNE!$C$7:$J$448,8,0),0) -> 0 | S76: =Q76+T76+U76+R76 -> 356 | T76: 0 | U76: 356 | W76: 0 | Y76: 0 | Z76: 0 | AA76: =V76+U76+T76 -> 356 | AB76: =ROUND(Q76+T76+V76-X76-W76-Y76-Z76,0) -> 0 | AC76: =+R76+U76+Z76-X76 -> 356 | AD76: =AB76+AC76 -> 356 | AH76: =G76+H76-J76-L76-M76 -> 0 | AI76: =Q76+T76+U76-S76+R76 -> 0 | AJ76: =M76-N76-O76-P76 -> 0 | AK76: =M76-N76-O76-P76 -> 0 | AS76: ĐÃ HẾT SẢN XUẤT
A77: 65 | B77: =IFERROR(VLOOKUP(A77,O.B.JUNE!$A$7:$C$448,2,0),0) -> ALFANI | C77: =IFERROR(VLOOKUP(A77,O.B.JUNE!$A$7:$C$448,3,0),0) -> 100003487 | D77: =F77-E77 -> 0 | E77: =IFERROR(VLOOKUP(C77,O.B.JUNE!$C$7:$D$448,2,0),0) -> 0 | F77: 0 | G77: =IFERROR(VLOOKUP(C77,O.B.JUNE!$C$7:$E$448,3,0),0) -> 87 | H77: =IF(F77="","",F77-E77) -> 0 | J77: =IF(S77="",0,S77-Q77-V77-R77) -> 0 | K77: 0 | L77: 0 | M77: =ROUND(IF(ISERROR(F77-S77-K77-L77-R77),0,(F77-S77-K77-L77+Q77+R77+G77-E77)),0) -> 87 | N77: 0 | O77: 0 | P77: =+M77-N77-O77 -> 87 | Q77: =IFERROR(VLOOKUP(C77,O.B.JUNE!$C$7:$K$448,7,0),0) -> 0 | R77: =IFERROR(VLOOKUP(C77,O.B.JUNE!$C$7:$J$448,8,0),0) -> 0 | S77: =Q77+T77+U77+R77 -> 0 | T77: 0 | W77: 0 | Y77: 0 | Z77: 0 | AA77: =V77+U77+T77 -> 0 | AB77: =ROUND(Q77+T77+V77-X77-W77-Y77-Z77,0) -> 0 | AC77: =+R77+U77+Z77-X77 -> 0 | AD77: =AB77+AC77 -> 0 | AH77: =G77+H77-J77-L77-M77 -> 0 | AI77: =Q77+T77+U77-S77+R77 -> 0 | AJ77: =M77-N77-O77-P77 -> 0 | AK77: =M77-N77-O77-P77 -> 0
A78: 66 | B78: =IFERROR(VLOOKUP(A78,O.B.JUNE!$A$7:$C$448,2,0),0) -> ALFANI | C78: =IFERROR(VLOOKUP(A78,O.B.JUNE!$A$7:$C$448,3,0),0) -> 100003506 | D78: =F78-E78 -> 3080 | E78: =IFERROR(VLOOKUP(C78,O.B.JUNE!$C$7:$D$448,2,0),0) -> 0 | F78: =VLOOKUP(C78,'CUTTING ON JUNE'!$A$4:$D$316,3,0) -> 3080 | G78: =IFERROR(VLOOKUP(C78,O.B.JUNE!$C$7:$E$448,3,0),0) -> 59 | H78: =IF(F78="","",F78-E78) -> 3080 | J78: =IF(S78="",0,S78-Q78-V78-R78) -> 2765 | K78: 0 | L78: 0 | M78: =ROUND(IF(ISERROR(F78-S78-K78-L78-R78),0,(F78-S78-K78-L78+Q78+R78+G78-E78)),0) -> 374 | N78: 0 | O78: 141 | P78: =+M78-N78-O78 -> 233 | Q78: =IFERROR(VLOOKUP(C78,O.B.JUNE!$C$7:$K$448,7,0),0) -> 0 | R78: =IFERROR(VLOOKUP(C78,O.B.JUNE!$C$7:$J$448,8,0),0) -> 0 | S78: =Q78+T78+U78+R78 -> 2765 | T78: 2765 | W78: 0 | Y78: 0 | Z78: 0 | AA78: =V78+U78+T78 -> 2765 | AB78: =ROUND(Q78+T78+V78-X78-W78-Y78-Z78,0) -> 2765 | AC78: =+R78+U78+Z78-X78 -> 0 | AD78: =AB78+AC78 -> 2765 | AH78: =G78+H78-J78-L78-M78 -> 0 | AI78: =Q78+T78+U78-S78+R78 -> 0 | AJ78: =M78-N78-O78-P78 -> 0 | AK78: =M78-N78-O78-P78 -> 0
A79: 67 | B79: =IFERROR(VLOOKUP(A79,O.B.JUNE!$A$7:$C$448,2,0),0) -> ALFANI | C79: =IFERROR(VLOOKUP(A79,O.B.JUNE!$A$7:$C$448,3,0),0) -> 100003522 | D79: =F79-E79 -> 0 | E79: =IFERROR(VLOOKUP(C79,O.B.JUNE!$C$7:$D$448,2,0),0) -> 0 | F79: 0 | G79: =IFERROR(VLOOKUP(C79,O.B.JUNE!$C$7:$E$448,3,0),0) -> 113 | H79: =IF(F79="","",F79-E79) -> 0 | J79: =IF(S79="",0,S79-Q79-V79-R79) -> 0 | K79: 0 | L79: 0 | M79: =ROUND(IF(ISERROR(F79-S79-K79-L79-R79),0,(F79-S79-K79-L79+Q79+R79+G79-E79)),0) -> 113 | N79: 0 | O79: 0 | P79: =+M79-N79-O79 -> 113 | Q79: =IFERROR(VLOOKUP(C79,O.B.JUNE!$C$7:$K$448,7,0),0) -> 0 | R79: =IFERROR(VLOOKUP(C79,O.B.JUNE!$C$7:$J$448,8,0),0) -> 0 | S79: =Q79+T79+U79+R79 -> 0 | T79: 0 | W79: 0 | Y79: 0 | Z79: 0 | AA79: =V79+U79+T79 -> 0 | AB79: =ROUND(Q79+T79+V79-X79-W79-Y79-Z79,0) -> 0 | AC79: =+R79+U79+Z79-X79 -> 0 | AD79: =AB79+AC79 -> 0 | AH79: =G79+H79-J79-L79-M79 -> 0 | AI79: =Q79+T79+U79-S79+R79 -> 0 | AJ79: =M79-N79-O79-P79 -> 0 | AK79: =M79-N79-O79-P79 -> 0
A80: 68 | B80: =IFERROR(VLOOKUP(A80,O.B.JUNE!$A$7:$C$448,2,0),0) -> ALFANI | C80: =IFERROR(VLOOKUP(A80,O.B.JUNE!$A$7:$C$448,3,0),0) -> 100003523 | D80: =F80-E80 -> 0 | E80: =IFERROR(VLOOKUP(C80,O.B.JUNE!$C$7:$D$448,2,0),0) -> 0 | F80: 0 | G80: =IFERROR(VLOOKUP(C80,O.B.JUNE!$C$7:$E$448,3,0),0) -> 113 | H80: =IF(F80="","",F80-E80) -> 0 | J80: =IF(S80="",0,S80-Q80-V80-R80) -> 0 | K80: 0 | L80: 0 | M80: =ROUND(IF(ISERROR(F80-S80-K80-L80-R80),0,(F80-S80-K80-L80+Q80+R80+G80-E80)),0) -> 113 | N80: 0 | O80: 0 | P80: =+M80-N80-O80 -> 113 | Q80: =IFERROR(VLOOKUP(C80,O.B.JUNE!$C$7:$K$448,7,0),0) -> 0 | R80: =IFERROR(VLOOKUP(C80,O.B.JUNE!$C$7:$J$448,8,0),0) -> 0 | S80: =Q80+T80+U80+R80 -> 0 | T80: 0 | W80: 0 | Y80: 0 | Z80: 0 | AA80: =V80+U80+T80 -> 0 | AB80: =ROUND(Q80+T80+V80-X80-W80-Y80-Z80,0) -> 0 | AC80: =+R80+U80+Z80-X80 -> 0 | AD80: =AB80+AC80 -> 0 | AH80: =G80+H80-J80-L80-M80 -> 0 | AI80: =Q80+T80+U80-S80+R80 -> 0 | AJ80: =M80-N80-O80-P80 -> 0 | AK80: =M80-N80-O80-P80 -> 0
A81: 69 | B81: =IFERROR(VLOOKUP(A81,O.B.JUNE!$A$7:$C$448,2,0),0) -> ALFANI | C81: =IFERROR(VLOOKUP(A81,O.B.JUNE!$A$7:$C$448,3,0),0) -> 100003547 | D81: =F81-E81 -> 0 | E81: =IFERROR(VLOOKUP(C81,O.B.JUNE!$C$7:$D$448,2,0),0) -> 0 | F81: 0 | G81: =IFERROR(VLOOKUP(C81,O.B.JUNE!$C$7:$E$448,3,0),0) -> 324 | H81: =IF(F81="","",F81-E81) -> 0 | J81: =IF(S81="",0,S81-Q81-V81-R81) -> 0 | K81: 0 | L81: 0 | M81: =ROUND(IF(ISERROR(F81-S81-K81-L81-R81),0,(F81-S81-K81-L81+Q81+R81+G81-E81)),0) -> 324 | N81: 0 | O81: 0 | P81: =+M81-N81-O81 -> 324 | Q81: =IFERROR(VLOOKUP(C81,O.B.JUNE!$C$7:$K$448,7,0),0) -> 0 | R81: =IFERROR(VLOOKUP(C81,O.B.JUNE!$C$7:$J$448,8,0),0) -> 0 | S81: =Q81+T81+U81+R81 -> 0 | T81: 0 | W81: 0 | Y81: 0 | Z81: 0 | AA81: =V81+U81+T81 -> 0 | AB81: =ROUND(Q81+T81+V81-X81-W81-Y81-Z81,0) -> 0 | AC81: =+R81+U81+Z81-X81 -> 0 | AD81: =AB81+AC81 -> 0 | AH81: =G81+H81-J81-L81-M81 -> 0 | AI81: =Q81+T81+U81-S81+R81 -> 0 | AJ81: =M81-N81-O81-P81 -> 0 | AK81: =M81-N81-O81-P81 -> 0
A82: 70 | B82: =IFERROR(VLOOKUP(A82,O.B.JUNE!$A$7:$C$448,2,0),0) -> ALFANI | C82: =IFERROR(VLOOKUP(A82,O.B.JUNE!$A$7:$C$448,3,0),0) -> 100003559 | D82: =F82-E82 -> 0 | E82: =IFERROR(VLOOKUP(C82,O.B.JUNE!$C$7:$D$448,2,0),0) -> 0 | F82: 0 | G82: =IFERROR(VLOOKUP(C82,O.B.JUNE!$C$7:$E$448,3,0),0) -> 81 | H82: =IF(F82="","",F82-E82) -> 0 | J82: =IF(S82="",0,S82-Q82-V82-R82) -> 0 | K82: 0 | L82: 0 | M82: =ROUND(IF(ISERROR(F82-S82-K82-L82-R82),0,(F82-S82-K82-L82+Q82+R82+G82-E82)),0) -> 81 | N82: 0 | O82: 0 | P82: =+M82-N82-O82 -> 81 | Q82: =IFERROR(VLOOKUP(C82,O.B.JUNE!$C$7:$K$448,7,0),0) -> 0 | R82: =IFERROR(VLOOKUP(C82,O.B.JUNE!$C$7:$J$448,8,0),0) -> 0 | S82: =Q82+T82+U82+R82 -> 0 | T82: 0 | W82: 0 | Y82: 0 | Z82: 0 | AA82: =V82+U82+T82 -> 0 | AB82: =ROUND(Q82+T82+V82-X82-W82-Y82-Z82,0) -> 0 | AC82: =+R82+U82+Z82-X82 -> 0 | AD82: =AB82+AC82 -> 0 | AH82: =G82+H82-J82-L82-M82 -> 0 | AI82: =Q82+T82+U82-S82+R82 -> 0 | AJ82: =M82-N82-O82-P82 -> 0 | AK82: =M82-N82-O82-P82 -> 0
A83: 71 | B83: =IFERROR(VLOOKUP(A83,O.B.JUNE!$A$7:$C$448,2,0),0) -> ALFANI | C83: =IFERROR(VLOOKUP(A83,O.B.JUNE!$A$7:$C$448,3,0),0) -> 100003582 | D83: =F83-E83 -> 0 | E83: =IFERROR(VLOOKUP(C83,O.B.JUNE!$C$7:$D$448,2,0),0) -> 0 | F83: 0 | G83: =IFERROR(VLOOKUP(C83,O.B.JUNE!$C$7:$E$448,3,0),0) -> 109 | H83: =IF(F83="","",F83-E83) -> 0 | J83: =IF(S83="",0,S83-Q83-V83-R83) -> 0 | K83: 0 | L83: 0 | M83: =ROUND(IF(ISERROR(F83-S83-K83-L83-R83),0,(F83-S83-K83-L83+Q83+R83+G83-E83)),0) -> 109 | N83: 0 | O83: 0 | P83: =+M83-N83-O83 -> 109 | Q83: =IFERROR(VLOOKUP(C83,O.B.JUNE!$C$7:$K$448,7,0),0) -> 0 | R83: =IFERROR(VLOOKUP(C83,O.B.JUNE!$C$7:$J$448,8,0),0) -> 0 | S83: =Q83+T83+U83+R83 -> 0 | T83: 0 | W83: 0 | Y83: 0 | Z83: 0 | AA83: =V83+U83+T83 -> 0 | AB83: =ROUND(Q83+T83+V83-X83-W83-Y83-Z83,0) -> 0 | AC83: =+R83+U83+Z83-X83 -> 0 | AD83: =AB83+AC83 -> 0 | AH83: =G83+H83-J83-L83-M83 -> 0 | AI83: =Q83+T83+U83-S83+R83 -> 0 | AJ83: =M83-N83-O83-P83 -> 0 | AK83: =M83-N83-O83-P83 -> 0
A84: 72 | B84: =IFERROR(VLOOKUP(A84,O.B.JUNE!$A$7:$C$448,2,0),0) -> ALFANI | C84: =IFERROR(VLOOKUP(A84,O.B.JUNE!$A$7:$C$448,3,0),0) -> 100003585 | D84: =F84-E84 -> 0 | E84: =IFERROR(VLOOKUP(C84,O.B.JUNE!$C$7:$D$448,2,0),0) -> 0 | F84: 0 | G84: =IFERROR(VLOOKUP(C84,O.B.JUNE!$C$7:$E$448,3,0),0) -> 51 | H84: =IF(F84="","",F84-E84) -> 0 | J84: =IF(S84="",0,S84-Q84-V84-R84) -> 0 | K84: 0 | L84: 0 | M84: =ROUND(IF(ISERROR(F84-S84-K84-L84-R84),0,(F84-S84-K84-L84+Q84+R84+G84-E84)),0) -> 51 | N84: 0 | O84: 0 | P84: =+M84-N84-O84 -> 51 | Q84: =IFERROR(VLOOKUP(C84,O.B.JUNE!$C$7:$K$448,7,0),0) -> 0 | R84: =IFERROR(VLOOKUP(C84,O.B.JUNE!$C$7:$J$448,8,0),0) -> 0 | S84: =Q84+T84+U84+R84 -> 0 | T84: 0 | W84: 0 | Y84: 0 | Z84: 0 | AA84: =V84+U84+T84 -> 0 | AB84: =ROUND(Q84+T84+V84-X84-W84-Y84-Z84,0) -> 0 | AC84: =+R84+U84+Z84-X84 -> 0 | AD84: =AB84+AC84 -> 0 | AH84: =G84+H84-J84-L84-M84 -> 0 | AI84: =Q84+T84+U84-S84+R84 -> 0 | AJ84: =M84-N84-O84-P84 -> 0 | AK84: =M84-N84-O84-P84 -> 0 | AR84: =VLOOKUP(C84,'[1]DA HET SAN XUAT'!$D$8:$AJ$419,33,0) -> 0
A85: 73 | B85: =IFERROR(VLOOKUP(A85,O.B.JUNE!$A$7:$C$448,2,0),0) -> ALFANI | C85: =IFERROR(VLOOKUP(A85,O.B.JUNE!$A$7:$C$448,3,0),0) -> 100003592 | D85: =F85-E85 -> 0 | E85: =IFERROR(VLOOKUP(C85,O.B.JUNE!$C$7:$D$448,2,0),0) -> 0 | F85: 0 | G85: =IFERROR(VLOOKUP(C85,O.B.JUNE!$C$7:$E$448,3,0),0) -> 85 | H85: =IF(F85="","",F85-E85) -> 0 | J85: =IF(S85="",0,S85-Q85-V85-R85) -> 0 | K85: 0 | L85: 0 | M85: =ROUND(IF(ISERROR(F85-S85-K85-L85-R85),0,(F85-S85-K85-L85+Q85+R85+G85-E85)),0) -> 85 | N85: 0 | O85: 0 | P85: =+M85-N85-O85 -> 85 | Q85: =IFERROR(VLOOKUP(C85,O.B.JUNE!$C$7:$K$448,7,0),0) -> 0 | R85: =IFERROR(VLOOKUP(C85,O.B.JUNE!$C$7:$J$448,8,0),0) -> 0 | S85: =Q85+T85+U85+R85 -> 0 | T85: 0 | W85: 0 | Y85: 0 | Z85: 0 | AA85: =V85+U85+T85 -> 0 | AB85: =ROUND(Q85+T85+V85-X85-W85-Y85-Z85,0) -> 0 | AC85: =+R85+U85+Z85-X85 -> 0 | AD85: =AB85+AC85 -> 0 | AH85: =G85+H85-J85-L85-M85 -> 0 | AI85: =Q85+T85+U85-S85+R85 -> 0 | AJ85: =M85-N85-O85-P85 -> 0 | AK85: =M85-N85-O85-P85 -> 0
A86: 74 | B86: =IFERROR(VLOOKUP(A86,O.B.JUNE!$A$7:$C$448,2,0),0) -> ALFANI | C86: =IFERROR(VLOOKUP(A86,O.B.JUNE!$A$7:$C$448,3,0),0) -> 100004432 | D86: =F86-E86 -> 0 | E86: =IFERROR(VLOOKUP(C86,O.B.JUNE!$C$7:$D$448,2,0),0) -> 0 | F86: 0 | G86: =IFERROR(VLOOKUP(C86,O.B.JUNE!$C$7:$E$448,3,0),0) -> 24 | H86: =IF(F86="","",F86-E86) -> 0 | J86: =IF(S86="",0,S86-Q86-V86-R86) -> 0 | K86: 0 | L86: 0 | M86: =ROUND(IF(ISERROR(F86-S86-K86-L86-R86),0,(F86-S86-K86-L86+Q86+R86+G86-E86)),0) -> 24 | N86: 0 | O86: 0 | P86: =+M86-N86-O86 -> 24 | Q86: =IFERROR(VLOOKUP(C86,O.B.JUNE!$C$7:$K$448,7,0),0) -> 0 | R86: =IFERROR(VLOOKUP(C86,O.B.JUNE!$C$7:$J$448,8,0),0) -> 0 | S86: =Q86+T86+U86+R86 -> 0 | T86: 0 | W86: 0 | Y86: 0 | Z86: 0 | AA86: =V86+U86+T86 -> 0 | AB86: =ROUND(Q86+T86+V86-X86-W86-Y86-Z86,0) -> 0 | AC86: =+R86+U86+Z86-X86 -> 0 | AD86: =AB86+AC86 -> 0 | AH86: =G86+H86-J86-L86-M86 -> 0 | AI86: =Q86+T86+U86-S86+R86 -> 0 | AJ86: =M86-N86-O86-P86 -> 0 | AK86: =M86-N86-O86-P86 -> 0
A87: 75 | B87: =IFERROR(VLOOKUP(A87,O.B.JUNE!$A$7:$C$448,2,0),0) -> ALFANI | C87: =IFERROR(VLOOKUP(A87,O.B.JUNE!$A$7:$C$448,3,0),0) -> 100008196 | D87: =F87-E87 -> 0 | E87: =IFERROR(VLOOKUP(C87,O.B.JUNE!$C$7:$D$448,2,0),0) -> 0 | F87: 0 | G87: =IFERROR(VLOOKUP(C87,O.B.JUNE!$C$7:$E$448,3,0),0) -> 337 | H87: =IF(F87="","",F87-E87) -> 0 | J87: =IF(S87="",0,S87-Q87-V87-R87) -> 0 | K87: 0 | L87: 0 | M87: =ROUND(IF(ISERROR(F87-S87-K87-L87-R87),0,(F87-S87-K87-L87+Q87+R87+G87-E87)),0) -> 337 | N87: 0 | O87: 0 | P87: =+M87-N87-O87 -> 337 | Q87: =IFERROR(VLOOKUP(C87,O.B.JUNE!$C$7:$K$448,7,0),0) -> 0 | R87: =IFERROR(VLOOKUP(C87,O.B.JUNE!$C$7:$J$448,8,0),0) -> 0 | S87: =Q87+T87+U87+R87 -> 0 | T87: 0 | W87: 0 | Y87: 0 | Z87: 0 | AA87: =V87+U87+T87 -> 0 | AB87: =ROUND(Q87+T87+V87-X87-W87-Y87-Z87,0) -> 0 | AC87: =+R87+U87+Z87-X87 -> 0 | AD87: =AB87+AC87 -> 0 | AH87: =G87+H87-J87-L87-M87 -> 0 | AI87: =Q87+T87+U87-S87+R87 -> 0 | AJ87: =M87-N87-O87-P87 -> 0 | AK87: =M87-N87-O87-P87 -> 0 | AR87: =VLOOKUP(C87,'[1]DA HET SAN XUAT'!$D$8:$AJ$419,33,0) -> 0
A88: 76 | B88: =IFERROR(VLOOKUP(A88,O.B.JUNE!$A$7:$C$448,2,0),0) -> ALFANI | C88: =IFERROR(VLOOKUP(A88,O.B.JUNE!$A$7:$C$448,3,0),0) -> 100008212 | D88: =F88-E88 -> 0 | E88: =IFERROR(VLOOKUP(C88,O.B.JUNE!$C$7:$D$448,2,0),0) -> 0 | F88: 0 | G88: =IFERROR(VLOOKUP(C88,O.B.JUNE!$C$7:$E$448,3,0),0) -> 85 | H88: =IF(F88="","",F88-E88) -> 0 | J88: =IF(S88="",0,S88-Q88-V88-R88) -> 0 | K88: 0 | L88: 0 | M88: =ROUND(IF(ISERROR(F88-S88-K88-L88-R88),0,(F88-S88-K88-L88+Q88+R88+G88-E88)),0) -> 85 | N88: 0 | O88: 0 | P88: =+M88-N88-O88 -> 85 | Q88: =IFERROR(VLOOKUP(C88,O.B.JUNE!$C$7:$K$448,7,0),0) -> 0 | R88: =IFERROR(VLOOKUP(C88,O.B.JUNE!$C$7:$J$448,8,0),0) -> 0 | S88: =Q88+T88+U88+R88 -> 0 | T88: 0 | W88: 0 | Y88: 0 | Z88: 0 | AA88: =V88+U88+T88 -> 0 | AB88: =ROUND(Q88+T88+V88-X88-W88-Y88-Z88,0) -> 0 | AC88: =+R88+U88+Z88-X88 -> 0 | AD88: =AB88+AC88 -> 0 | AH88: =G88+H88-J88-L88-M88 -> 0 | AI88: =Q88+T88+U88-S88+R88 -> 0 | AJ88: =M88-N88-O88-P88 -> 0 | AK88: =M88-N88-O88-P88 -> 0
A89: 77 | B89: =IFERROR(VLOOKUP(A89,O.B.JUNE!$A$7:$C$448,2,0),0) -> ALFANI | C89: =IFERROR(VLOOKUP(A89,O.B.JUNE!$A$7:$C$448,3,0),0) -> 100008214 | D89: =F89-E89 -> 0 | E89: =IFERROR(VLOOKUP(C89,O.B.JUNE!$C$7:$D$448,2,0),0) -> 0 | F89: 0 | G89: =IFERROR(VLOOKUP(C89,O.B.JUNE!$C$7:$E$448,3,0),0) -> 23 | H89: =IF(F89="","",F89-E89) -> 0 | J89: =IF(S89="",0,S89-Q89-V89-R89) -> 0 | K89: 0 | L89: 0 | M89: =ROUND(IF(ISERROR(F89-S89-K89-L89-R89),0,(F89-S89-K89-L89+Q89+R89+G89-E89)),0) -> 23 | N89: 0 | O89: 0 | P89: =+M89-N89-O89 -> 23 | Q89: =IFERROR(VLOOKUP(C89,O.B.JUNE!$C$7:$K$448,7,0),0) -> 0 | R89: =IFERROR(VLOOKUP(C89,O.B.JUNE!$C$7:$J$448,8,0),0) -> 0 | S89: =Q89+T89+U89+R89 -> 0 | T89: 0 | W89: 0 | Y89: 0 | Z89: 0 | AA89: =V89+U89+T89 -> 0 | AB89: =ROUND(Q89+T89+V89-X89-W89-Y89-Z89,0) -> 0 | AC89: =+R89+U89+Z89-X89 -> 0 | AD89: =AB89+AC89 -> 0 | AH89: =G89+H89-J89-L89-M89 -> 0 | AI89: =Q89+T89+U89-S89+R89 -> 0 | AJ89: =M89-N89-O89-P89 -> 0 | AK89: =M89-N89-O89-P89 -> 0
A90: 78 | B90: =IFERROR(VLOOKUP(A90,O.B.JUNE!$A$7:$C$448,2,0),0) -> ALFANI | C90: =IFERROR(VLOOKUP(A90,O.B.JUNE!$A$7:$C$448,3,0),0) -> 100008216 | D90: =F90-E90 -> 0 | E90: =IFERROR(VLOOKUP(C90,O.B.JUNE!$C$7:$D$448,2,0),0) -> 0 | F90: 0 | G90: =IFERROR(VLOOKUP(C90,O.B.JUNE!$C$7:$E$448,3,0),0) -> 102 | H90: =IF(F90="","",F90-E90) -> 0 | J90: =IF(S90="",0,S90-Q90-V90-R90) -> 0 | K90: 0 | L90: 0 | M90: =ROUND(IF(ISERROR(F90-S90-K90-L90-R90),0,(F90-S90-K90-L90+Q90+R90+G90-E90)),0) -> 102 | N90: 0 | O90: 0 | P90: =+M90-N90-O90 -> 102 | Q90: =IFERROR(VLOOKUP(C90,O.B.JUNE!$C$7:$K$448,7,0),0) -> 0 | R90: =IFERROR(VLOOKUP(C90,O.B.JUNE!$C$7:$J$448,8,0),0) -> 0 | S90: =Q90+T90+U90+R90 -> 0 | T90: 0 | W90: 0 | Y90: 0 | Z90: 0 | AA90: =V90+U90+T90 -> 0 | AB90: =ROUND(Q90+T90+V90-X90-W90-Y90-Z90,0) -> 0 | AC90: =+R90+U90+Z90-X90 -> 0 | AD90: =AB90+AC90 -> 0 | AH90: =G90+H90-J90-L90-M90 -> 0 | AI90: =Q90+T90+U90-S90+R90 -> 0 | AJ90: =M90-N90-O90-P90 -> 0 | AK90: =M90-N90-O90-P90 -> 0
A91: 79 | B91: =IFERROR(VLOOKUP(A91,O.B.JUNE!$A$7:$C$448,2,0),0) -> ALFANI | C91: =IFERROR(VLOOKUP(A91,O.B.JUNE!$A$7:$C$448,3,0),0) -> 100009597 | D91: =F91-E91 -> 0 | E91: =IFERROR(VLOOKUP(C91,O.B.JUNE!$C$7:$D$448,2,0),0) -> 17282 | F91: =VLOOKUP(C91,'CUTTING ON JUNE'!$A$4:$D$316,3,0) -> 17282 | G91: =IFERROR(VLOOKUP(C91,O.B.JUNE!$C$7:$E$448,3,0),0) -> 552 | H91: =IF(F91="","",F91-E91) -> 0 | J91: =IF(S91="",0,S91-Q91-V91-R91) -> 0 | K91: 0 | L91: 0 | M91: =ROUND(IF(ISERROR(F91-S91-K91-L91-R91),0,(F91-S91-K91-L91+Q91+R91+G91-E91)),0) -> 552 | N91: 0 | O91: 0 | P91: =+M91-N91-O91 -> 552 | Q91: =IFERROR(VLOOKUP(C91,O.B.JUNE!$C$7:$K$448,7,0),0) -> 0 | R91: =IFERROR(VLOOKUP(C91,O.B.JUNE!$C$7:$J$448,8,0),0) -> 0 | S91: =Q91+T91+U91+R91 -> 0 | T91: 0 | W91: 0 | Y91: 0 | Z91: 0 | AA91: =V91+U91+T91 -> 0 | AB91: =ROUND(Q91+T91+V91-X91-W91-Y91-Z91,0) -> 0 | AC91: =+R91+U91+Z91-X91 -> 0 | AD91: =AB91+AC91 -> 0 | AH91: =G91+H91-J91-L91-M91 -> 0 | AI91: =Q91+T91+U91-S91+R91 -> 0 | AJ91: =M91-N91-O91-P91 -> 0 | AK91: =M91-N91-O91-P91 -> 0
A92: 80 | B92: =IFERROR(VLOOKUP(A92,O.B.JUNE!$A$7:$C$448,2,0),0) -> ALFANI | C92: =IFERROR(VLOOKUP(A92,O.B.JUNE!$A$7:$C$448,3,0),0) -> 74401 | D92: =F92-E92 -> 5 | E92: =IFERROR(VLOOKUP(C92,O.B.JUNE!$C$7:$D$448,2,0),0) -> 11001 | F92: =VLOOKUP(C92,'CUTTING ON JUNE'!$A$4:$D$316,3,0) -> 11006 | G92: =IFERROR(VLOOKUP(C92,O.B.JUNE!$C$7:$E$448,3,0),0) -> 4111 | H92: =IF(F92="","",F92-E92) -> 5 | J92: =IF(S92="",0,S92-Q92-V92-R92) -> 4001 | K92: 0 | L92: 0 | M92: =ROUND(IF(ISERROR(F92-S92-K92-L92-R92),0,(F92-S92-K92-L92+Q92+R92+G92-E92)),0) -> 115 | N92: 0 | O92: 1 | P92: =+M92-N92-O92 -> 114 | Q92: =IFERROR(VLOOKUP(C92,O.B.JUNE!$C$7:$K$448,7,0),0) -> 6890 | R92: =IFERROR(VLOOKUP(C92,O.B.JUNE!$C$7:$J$448,8,0),0) -> 0 | S92: =Q92+T92+U92+R92 -> 10891 | T92: 4001 | W92: 10748 | Y92: 7 | Z92: 136 | AA92: =V92+U92+T92 -> 4001 | AB92: =ROUND(Q92+T92+V92-X92-W92-Y92-Z92,0) -> 0 | AC92: =+R92+U92+Z92-X92 -> 136 | AD92: =AB92+AC92 -> 136 | AH92: =G92+H92-J92-L92-M92 -> 0 | AI92: =Q92+T92+U92-S92+R92 -> 0 | AJ92: =M92-N92-O92-P92 -> 0 | AK92: =M92-N92-O92-P92 -> 0 | AR92: =VLOOKUP(C92,'[1]DA HET SAN XUAT'!$D$8:$AJ$419,33,0) -> 0
A93: 81 | B93: =IFERROR(VLOOKUP(A93,O.B.JUNE!$A$7:$C$448,2,0),0) -> ALFANI | C93: =IFERROR(VLOOKUP(A93,O.B.JUNE!$A$7:$C$448,3,0),0) -> 7X733 | D93: =F93-E93 -> 0 | E93: =IFERROR(VLOOKUP(C93,O.B.JUNE!$C$7:$D$448,2,0),0) -> 0 | F93: 0 | G93: =IFERROR(VLOOKUP(C93,O.B.JUNE!$C$7:$E$448,3,0),0) -> 65 | H93: =IF(F93="","",F93-E93) -> 0 | J93: =IF(S93="",0,S93-Q93-V93-R93) -> 65 | K93: 0 | L93: 0 | M93: =ROUND(IF(ISERROR(F93-S93-K93-L93-R93),0,(F93-S93-K93-L93+Q93+R93+G93-E93)),0) -> 0 | N93: 0 | O93: 0 | P93: =+M93-N93-O93 -> 0 | Q93: =IFERROR(VLOOKUP(C93,O.B.JUNE!$C$7:$K$448,7,0),0) -> 0 | R93: =IFERROR(VLOOKUP(C93,O.B.JUNE!$C$7:$J$448,8,0),0) -> 0 | S93: =Q93+T93+U93+R93 -> 65 | T93: 0 | U93: 65 | W93: 0 | Y93: 0 | Z93: 0 | AA93: =V93+U93+T93 -> 65 | AB93: =ROUND(Q93+T93+V93-X93-W93-Y93-Z93,0) -> 0 | AC93: =+R93+U93+Z93-X93 -> 65 | AD93: =AB93+AC93 -> 65 | AH93: =G93+H93-J93-L93-M93 -> 0 | AI93: =Q93+T93+U93-S93+R93 -> 0 | AJ93: =M93-N93-O93-P93 -> 0 | AK93: =M93-N93-O93-P93 -> 0 | AS93: ĐÃ HẾT SẢN XUẤT
A94: 82 | B94: =IFERROR(VLOOKUP(A94,O.B.JUNE!$A$7:$C$448,2,0),0) -> ANN TAYLOR | C94: =IFERROR(VLOOKUP(A94,O.B.JUNE!$A$7:$C$448,3,0),0) -> 452172(456261) | D94: =F94-E94 -> 0 | E94: =IFERROR(VLOOKUP(C94,O.B.JUNE!$C$7:$D$448,2,0),0) -> 0 | F94: 0 | G94: =IFERROR(VLOOKUP(C94,O.B.JUNE!$C$7:$E$448,3,0),0) -> 329 | H94: =IF(F94="","",F94-E94) -> 0 | J94: =IF(S94="",0,S94-Q94-V94-R94) -> 329 | K94: 0 | L94: 0 | M94: =ROUND(IF(ISERROR(F94-S94-K94-L94-R94),0,(F94-S94-K94-L94+Q94+R94+G94-E94)),0) -> 0 | N94: 0 | O94: 0 | P94: =+M94-N94-O94 -> 0 | Q94: =IFERROR(VLOOKUP(C94,O.B.JUNE!$C$7:$K$448,7,0),0) -> 0 | R94: =IFERROR(VLOOKUP(C94,O.B.JUNE!$C$7:$J$448,8,0),0) -> 0 | S94: =Q94+T94+U94+R94 -> 329 | T94: 0 | U94: 329 | W94: 0 | Y94: 0 | Z94: 0 | AA94: =V94+U94+T94 -> 329 | AB94: =ROUND(Q94+T94+V94-X94-W94-Y94-Z94,0) -> 0 | AC94: =+R94+U94+Z94-X94 -> 329 | AD94: =AB94+AC94 -> 329 | AH94: =G94+H94-J94-L94-M94 -> 0 | AI94: =Q94+T94+U94-S94+R94 -> 0 | AJ94: =M94-N94-O94-P94 -> 0 | AK94: =M94-N94-O94-P94 -> 0 | AS94: ĐÃ HẾT SẢN XUẤT
A95: 83 | B95: =IFERROR(VLOOKUP(A95,O.B.JUNE!$A$7:$C$448,2,0),0) -> ANN TAYLOR | C95: =IFERROR(VLOOKUP(A95,O.B.JUNE!$A$7:$C$448,3,0),0) -> 453516(456278) | D95: =F95-E95 -> 0 | E95: =IFERROR(VLOOKUP(C95,O.B.JUNE!$C$7:$D$448,2,0),0) -> 0 | F95: 0 | G95: =IFERROR(VLOOKUP(C95,O.B.JUNE!$C$7:$E$448,3,0),0) -> 440 | H95: =IF(F95="","",F95-E95) -> 0 | J95: =IF(S95="",0,S95-Q95-V95-R95) -> 440 | K95: 0 | L95: 0 | M95: =ROUND(IF(ISERROR(F95-S95-K95-L95-R95),0,(F95-S95-K95-L95+Q95+R95+G95-E95)),0) -> 0 | N95: 0 | O95: 0 | P95: =+M95-N95-O95 -> 0 | Q95: =IFERROR(VLOOKUP(C95,O.B.JUNE!$C$7:$K$448,7,0),0) -> 0 | R95: =IFERROR(VLOOKUP(C95,O.B.JUNE!$C$7:$J$448,8,0),0) -> 0 | S95: =Q95+T95+U95+R95 -> 440 | T95: 0 | U95: 440 | W95: 0 | Y95: 0 | Z95: 0 | AA95: =V95+U95+T95 -> 440 | AB95: =ROUND(Q95+T95+V95-X95-W95-Y95-Z95,0) -> 0 | AC95: =+R95+U95+Z95-X95 -> 440 | AD95: =AB95+AC95 -> 440 | AH95: =G95+H95-J95-L95-M95 -> 0 | AI95: =Q95+T95+U95-S95+R95 -> 0 | AJ95: =M95-N95-O95-P95 -> 0 | AK95: =M95-N95-O95-P95 -> 0 | AS95: ĐÃ HẾT SẢN XUẤT
A96: 84 | B96: =IFERROR(VLOOKUP(A96,O.B.JUNE!$A$7:$C$448,2,0),0) -> ANN TAYLOR | C96: =IFERROR(VLOOKUP(A96,O.B.JUNE!$A$7:$C$448,3,0),0) -> 453609 | D96: =F96-E96 -> 0 | E96: =IFERROR(VLOOKUP(C96,O.B.JUNE!$C$7:$D$448,2,0),0) -> 0 | F96: 0 | G96: =IFERROR(VLOOKUP(C96,O.B.JUNE!$C$7:$E$448,3,0),0) -> 121 | H96: =IF(F96="","",F96-E96) -> 0 | J96: =IF(S96="",0,S96-Q96-V96-R96) -> 121 | K96: 0 | L96: 0 | M96: =ROUND(IF(ISERROR(F96-S96-K96-L96-R96),0,(F96-S96-K96-L96+Q96+R96+G96-E96)),0) -> 0 | N96: 0 | O96: 0 | P96: =+M96-N96-O96 -> 0 | Q96: =IFERROR(VLOOKUP(C96,O.B.JUNE!$C$7:$K$448,7,0),0) -> 0 | R96: =IFERROR(VLOOKUP(C96,O.B.JUNE!$C$7:$J$448,8,0),0) -> 0 | S96: =Q96+T96+U96+R96 -> 121 | T96: 0 | U96: 121 | W96: 0 | Y96: 0 | Z96: 0 | AA96: =V96+U96+T96 -> 121 | AB96: =ROUND(Q96+T96+V96-X96-W96-Y96-Z96,0) -> 0 | AC96: =+R96+U96+Z96-X96 -> 121 | AD96: =AB96+AC96 -> 121 | AH96: =G96+H96-J96-L96-M96 -> 0 | AI96: =Q96+T96+U96-S96+R96 -> 0 | AJ96: =M96-N96-O96-P96 -> 0 | AK96: =M96-N96-O96-P96 -> 0 | AS96: ĐÃ HẾT SẢN XUẤT
A97: 85 | B97: =IFERROR(VLOOKUP(A97,O.B.JUNE!$A$7:$C$448,2,0),0) -> ANN TAYLOR | C97: =IFERROR(VLOOKUP(A97,O.B.JUNE!$A$7:$C$448,3,0),0) -> 455129 | D97: =F97-E97 -> 0 | E97: =IFERROR(VLOOKUP(C97,O.B.JUNE!$C$7:$D$448,2,0),0) -> 0 | F97: 0 | G97: =IFERROR(VLOOKUP(C97,O.B.JUNE!$C$7:$E$448,3,0),0) -> 97 | H97: =IF(F97="","",F97-E97) -> 0 | J97: =IF(S97="",0,S97-Q97-V97-R97) -> 97 | K97: 0 | L97: 0 | M97: =ROUND(IF(ISERROR(F97-S97-K97-L97-R97),0,(F97-S97-K97-L97+Q97+R97+G97-E97)),0) -> 0 | N97: 0 | O97: 0 | P97: =+M97-N97-O97 -> 0 | Q97: =IFERROR(VLOOKUP(C97,O.B.JUNE!$C$7:$K$448,7,0),0) -> 0 | R97: =IFERROR(VLOOKUP(C97,O.B.JUNE!$C$7:$J$448,8,0),0) -> 0 | S97: =Q97+T97+U97+R97 -> 97 | T97: 0 | U97: 97 | W97: 0 | Y97: 0 | Z97: 0 | AA97: =V97+U97+T97 -> 97 | AB97: =ROUND(Q97+T97+V97-X97-W97-Y97-Z97,0) -> 0 | AC97: =+R97+U97+Z97-X97 -> 97 | AD97: =AB97+AC97 -> 97 | AH97: =G97+H97-J97-L97-M97 -> 0 | AI97: =Q97+T97+U97-S97+R97 -> 0 | AJ97: =M97-N97-O97-P97 -> 0 | AK97: =M97-N97-O97-P97 -> 0 | AS97: ĐÃ HẾT SẢN XUẤT
A98: 86 | B98: =IFERROR(VLOOKUP(A98,O.B.JUNE!$A$7:$C$448,2,0),0) -> ANN TAYLOR | C98: =IFERROR(VLOOKUP(A98,O.B.JUNE!$A$7:$C$448,3,0),0) -> 455571 | D98: =F98-E98 -> 0 | E98: =IFERROR(VLOOKUP(C98,O.B.JUNE!$C$7:$D$448,2,0),0) -> 0 | F98: 0 | G98: =IFERROR(VLOOKUP(C98,O.B.JUNE!$C$7:$E$448,3,0),0) -> 491 | H98: =IF(F98="","",F98-E98) -> 0 | J98: =IF(S98="",0,S98-Q98-V98-R98) -> 491 | K98: 0 | L98: 0 | M98: =ROUND(IF(ISERROR(F98-S98-K98-L98-R98),0,(F98-S98-K98-L98+Q98+R98+G98-E98)),0) -> 0 | N98: 0 | O98: 0 | P98: =+M98-N98-O98 -> 0 | Q98: =IFERROR(VLOOKUP(C98,O.B.JUNE!$C$7:$K$448,7,0),0) -> 0 | R98: =IFERROR(VLOOKUP(C98,O.B.JUNE!$C$7:$J$448,8,0),0) -> 13 | S98: =Q98+T98+U98+R98 -> 504 | T98: 0 | U98: 491 | W98: 0 | Y98: 0 | Z98: 0 | AA98: =V98+U98+T98 -> 491 | AB98: =ROUND(Q98+T98+V98-X98-W98-Y98-Z98,0) -> 0 | AC98: =+R98+U98+Z98-X98 -> 504 | AD98: =AB98+AC98 -> 504 | AH98: =G98+H98-J98-L98-M98 -> 0 | AI98: =Q98+T98+U98-S98+R98 -> 0 | AJ98: =M98-N98-O98-P98 -> 0 | AK98: =M98-N98-O98-P98 -> 0 | AR98: =VLOOKUP(C98,'[1]DA HET SAN XUAT'!$D$8:$AJ$419,33,0) -> 0 | AS98: ĐÃ HẾT SẢN XUẤT
A99: 87 | B99: =IFERROR(VLOOKUP(A99,O.B.JUNE!$A$7:$C$448,2,0),0) -> ANN TAYLOR | C99: =IFERROR(VLOOKUP(A99,O.B.JUNE!$A$7:$C$448,3,0),0) -> 456532(456692) | D99: =F99-E99 -> 0 | E99: =IFERROR(VLOOKUP(C99,O.B.JUNE!$C$7:$D$448,2,0),0) -> 0 | F99: 0 | G99: =IFERROR(VLOOKUP(C99,O.B.JUNE!$C$7:$E$448,3,0),0) -> 143 | H99: =IF(F99="","",F99-E99) -> 0 | J99: =IF(S99="",0,S99-Q99-V99-R99) -> 143 | K99: 0 | L99: 0 | M99: =ROUND(IF(ISERROR(F99-S99-K99-L99-R99),0,(F99-S99-K99-L99+Q99+R99+G99-E99)),0) -> 0 | N99: 0 | O99: 0 | P99: =+M99-N99-O99 -> 0 | Q99: =IFERROR(VLOOKUP(C99,O.B.JUNE!$C$7:$K$448,7,0),0) -> 0 | R99: =IFERROR(VLOOKUP(C99,O.B.JUNE!$C$7:$J$448,8,0),0) -> 200 | S99: =Q99+T99+U99+R99 -> 343 | T99: 0 | U99: 143 | W99: 0 | Y99: 0 | Z99: 0 | AA99: =V99+U99+T99 -> 143 | AB99: =ROUND(Q99+T99+V99-X99-W99-Y99-Z99,0) -> 0 | AC99: =+R99+U99+Z99-X99 -> 343 | AD99: =AB99+AC99 -> 343 | AH99: =G99+H99-J99-L99-M99 -> 0 | AI99: =Q99+T99+U99-S99+R99 -> 0 | AJ99: =M99-N99-O99-P99 -> 0 | AK99: =M99-N99-O99-P99 -> 0 | AS99: ĐÃ HẾT SẢN XUẤT
A100: 88 | B100: =IFERROR(VLOOKUP(A100,O.B.JUNE!$A$7:$C$448,2,0),0) -> BUFFALO | C100: =IFERROR(VLOOKUP(A100,O.B.JUNE!$A$7:$C$448,3,0),0) -> KCL0026 | D100: =F100-E100 -> 0 | E100: =IFERROR(VLOOKUP(C100,O.B.JUNE!$C$7:$D$448,2,0),0) -> 0 | F100: 0 | G100: =IFERROR(VLOOKUP(C100,O.B.JUNE!$C$7:$E$448,3,0),0) -> 36 | H100: =IF(F100="","",F100-E100) -> 0 | J100: =IF(S100="",0,S100-Q100-V100-R100) -> 36 | K100: 0 | L100: 0 | M100: =ROUND(IF(ISERROR(F100-S100-K100-L100-R100),0,(F100-S100-K100-L100+Q100+R100+G100-E100)),0) -> 0 | N100: 0 | O100: 0 | P100: =+M100-N100-O100 -> 0 | Q100: =IFERROR(VLOOKUP(C100,O.B.JUNE!$C$7:$K$448,7,0),0) -> 0 | R100: =IFERROR(VLOOKUP(C100,O.B.JUNE!$C$7:$J$448,8,0),0) -> 0 | S100: =Q100+T100+U100+R100 -> 36 | T100: 0 | U100: 36 | W100: 0 | Y100: 0 | Z100: 0 | AA100: =V100+U100+T100 -> 36 | AB100: =ROUND(Q100+T100+V100-X100-W100-Y100-Z100,0) -> 0 | AC100: =+R100+U100+Z100-X100 -> 36 | AD100: =AB100+AC100 -> 36 | AH100: =G100+H100-J100-L100-M100 -> 0 | AI100: =Q100+T100+U100-S100+R100 -> 0 | AJ100: =M100-N100-O100-P100 -> 0 | AK100: =M100-N100-O100-P100 -> 0 | AS100: ĐÃ HẾT SẢN XUẤT
A101: 89 | B101: =IFERROR(VLOOKUP(A101,O.B.JUNE!$A$7:$C$448,2,0),0) -> INC | C101: =IFERROR(VLOOKUP(A101,O.B.JUNE!$A$7:$C$448,3,0),0) -> 100007764 | D101: =F101-E101 -> 0 | E101: =IFERROR(VLOOKUP(C101,O.B.JUNE!$C$7:$D$448,2,0),0) -> 57594 | F101: =VLOOKUP(C101,'CUTTING ON JUNE'!$A$4:$D$316,3,0) -> 57594 | G101: =IFERROR(VLOOKUP(C101,O.B.JUNE!$C$7:$E$448,3,0),0) -> 1283 | H101: =IF(F101="","",F101-E101) -> 0 | J101: =IF(S101="",0,S101-Q101-V101-R101) -> 0 | K101: 0 | L101: 0 | M101: =ROUND(IF(ISERROR(F101-S101-K101-L101-R101),0,(F101-S101-K101-L101+Q101+R101+G101-E101)),0) -> 1283 | N101: 0 | O101: 32 | P101: =+M101-N101-O101 -> 1251 | Q101: =IFERROR(VLOOKUP(C101,O.B.JUNE!$C$7:$K$448,7,0),0) -> 0 | R101: =IFERROR(VLOOKUP(C101,O.B.JUNE!$C$7:$J$448,8,0),0) -> 0 | S101: =Q101+T101+U101+R101 -> 0 | T101: 0 | W101: 0 | Y101: 0 | Z101: 0 | AA101: =V101+U101+T101 -> 0 | AB101: =ROUND(Q101+T101+V101-X101-W101-Y101-Z101,0) -> 0 | AC101: =+R101+U101+Z101-X101 -> 0 | AD101: =AB101+AC101 -> 0 | AH101: =G101+H101-J101-L101-M101 -> 0 | AI101: =Q101+T101+U101-S101+R101 -> 0 | AJ101: =M101-N101-O101-P101 -> 0 | AK101: =M101-N101-O101-P101 -> 0
A102: 90 | B102: =IFERROR(VLOOKUP(A102,O.B.JUNE!$A$7:$C$448,2,0),0) -> INC | C102: =IFERROR(VLOOKUP(A102,O.B.JUNE!$A$7:$C$448,3,0),0) -> 100007863 | D102: =F102-E102 -> 0 | E102: =IFERROR(VLOOKUP(C102,O.B.JUNE!$C$7:$D$448,2,0),0) -> 0 | F102: 0 | G102: =IFERROR(VLOOKUP(C102,O.B.JUNE!$C$7:$E$448,3,0),0) -> 43 | H102: =IF(F102="","",F102-E102) -> 0 | J102: =IF(S102="",0,S102-Q102-V102-R102) -> 43 | K102: 0 | L102: 0 | M102: =ROUND(IF(ISERROR(F102-S102-K102-L102-R102),0,(F102-S102-K102-L102+Q102+R102+G102-E102)),0) -> 0 | N102: 0 | O102: 0 | P102: =+M102-N102-O102 -> 0 | Q102: =IFERROR(VLOOKUP(C102,O.B.JUNE!$C$7:$K$448,7,0),0) -> 0 | R102: =IFERROR(VLOOKUP(C102,O.B.JUNE!$C$7:$J$448,8,0),0) -> 0 | S102: =Q102+T102+U102+R102 -> 43 | T102: 0 | U102: 43 | W102: 0 | Y102: 0 | Z102: 0 | AA102: =V102+U102+T102 -> 43 | AB102: =ROUND(Q102+T102+V102-X102-W102-Y102-Z102,0) -> 0 | AC102: =+R102+U102+Z102-X102 -> 43 | AD102: =AB102+AC102 -> 43 | AH102: =G102+H102-J102-L102-M102 -> 0 | AI102: =Q102+T102+U102-S102+R102 -> 0 | AJ102: =M102-N102-O102-P102 -> 0 | AK102: =M102-N102-O102-P102 -> 0 | AS102: ĐÃ HẾT SẢN XUẤT
A103: 91 | B103: =IFERROR(VLOOKUP(A103,O.B.JUNE!$A$7:$C$448,2,0),0) -> INC | C103: =IFERROR(VLOOKUP(A103,O.B.JUNE!$A$7:$C$448,3,0),0) -> 100009688 | D103: =F103-E103 -> 0 | E103: =IFERROR(VLOOKUP(C103,O.B.JUNE!$C$7:$D$448,2,0),0) -> 0 | F103: 0 | G103: =IFERROR(VLOOKUP(C103,O.B.JUNE!$C$7:$E$448,3,0),0) -> 48 | H103: =IF(F103="","",F103-E103) -> 0 | J103: =IF(S103="",0,S103-Q103-V103-R103) -> 48 | K103: 0 | L103: 0 | M103: =ROUND(IF(ISERROR(F103-S103-K103-L103-R103),0,(F103-S103-K103-L103+Q103+R103+G103-E103)),0) -> 0 | N103: 0 | O103: 0 | P103: =+M103-N103-O103 -> 0 | Q103: =IFERROR(VLOOKUP(C103,O.B.JUNE!$C$7:$K$448,7,0),0) -> 0 | R103: =IFERROR(VLOOKUP(C103,O.B.JUNE!$C$7:$J$448,8,0),0) -> 0 | S103: =Q103+T103+U103+R103 -> 48 | T103: 0 | U103: 48 | W103: 0 | Y103: 0 | Z103: 0 | AA103: =V103+U103+T103 -> 48 | AB103: =ROUND(Q103+T103+V103-X103-W103-Y103-Z103,0) -> 0 | AC103: =+R103+U103+Z103-X103 -> 48 | AD103: =AB103+AC103 -> 48 | AH103: =G103+H103-J103-L103-M103 -> 0 | AI103: =Q103+T103+U103-S103+R103 -> 0 | AJ103: =M103-N103-O103-P103 -> 0 | AK103: =M103-N103-O103-P103 -> 0 | AS103: ĐÃ HẾT SẢN XUẤT
A104: 92 | B104: =IFERROR(VLOOKUP(A104,O.B.JUNE!$A$7:$C$448,2,0),0) -> INC | C104: =IFERROR(VLOOKUP(A104,O.B.JUNE!$A$7:$C$448,3,0),0) -> 100012436 | D104: =F104-E104 -> 0 | E104: =IFERROR(VLOOKUP(C104,O.B.JUNE!$C$7:$D$448,2,0),0) -> 0 | F104: 0 | G104: =IFERROR(VLOOKUP(C104,O.B.JUNE!$C$7:$E$448,3,0),0) -> 88 | H104: =IF(F104="","",F104-E104) -> 0 | J104: =IF(S104="",0,S104-Q104-V104-R104) -> 88 | K104: 0 | L104: 0 | M104: =ROUND(IF(ISERROR(F104-S104-K104-L104-R104),0,(F104-S104-K104-L104+Q104+R104+G104-E104)),0) -> 0 | N104: 0 | O104: 0 | P104: =+M104-N104-O104 -> 0 | Q104: =IFERROR(VLOOKUP(C104,O.B.JUNE!$C$7:$K$448,7,0),0) -> 0 | R104: =IFERROR(VLOOKUP(C104,O.B.JUNE!$C$7:$J$448,8,0),0) -> 0 | S104: =Q104+T104+U104+R104 -> 88 | T104: 0 | U104: 88 | W104: 0 | Y104: 0 | Z104: 0 | AA104: =V104+U104+T104 -> 88 | AB104: =ROUND(Q104+T104+V104-X104-W104-Y104-Z104,0) -> 0 | AC104: =+R104+U104+Z104-X104 -> 88 | AD104: =AB104+AC104 -> 88 | AH104: =G104+H104-J104-L104-M104 -> 0 | AI104: =Q104+T104+U104-S104+R104 -> 0 | AJ104: =M104-N104-O104-P104 -> 0 | AK104: =M104-N104-O104-P104 -> 0 | AS104: ĐÃ HẾT SẢN XUẤT
...

Sheet O.B.JUNE
D4: =SUBTOTAL(9,D7:D447) -> 2216793 | E4: =SUBTOTAL(9,E7:E447) -> 290539 | F4: =SUBTOTAL(9,F7:F447) -> 29157 | G4: =SUBTOTAL(9,G7:G447) -> 77476 | H4: =SUBTOTAL(9,H7:H447) -> 183152 | I4: =SUBTOTAL(9,I7:I447) -> 166221 | J4: =SUBTOTAL(9,J7:J447) -> 6895 | K4: =SUBTOTAL(9,K7:K447) -> 173116 | L4: =SUBTOTAL(9,L7:L418) -> 0 | N4: =SUBTOTAL(9,N7:N351) -> 19118965824 | O4: =SUBTOTAL(9,O7:O447) -> 29157 | P4: =SUBTOTAL(9,P7:P447) -> 77476 | Q4: =SUBTOTAL(9,Q7:Q447) -> 183906 | R4: =SUBTOTAL(9,R7:R447) -> 290539 | S4: =SUBTOTAL(9,S7:S447) -> 8125656666 | T4: =SUBTOTAL(9,T7:T447) -> 473.73737 | U4: =SUBTOTAL(9,U7:U351) -> #N/A | W4: =SUBTOTAL(9,W7:W447) -> 173116 | X4: =SUBTOTAL(9,X7:X447) -> 3971446.6 | Y4: =SUBTOTAL(9,Y7:Y447) -> 6043796522 | Z4: =SUBTOTAL(9,Z7:Z351) -> 0 | AA4: =SUBTOTAL(9,AA7:AA351) -> 19118965824 | AB4: =SUBTOTAL(9,AB7:AB447) -> 29157 | AC4: =SUBTOTAL(9,AC7:AC447) -> 77476 | AD4: =SUBTOTAL(9,AD7:AD447) -> 183906 | AE4: =SUBTOTAL(9,AE7:AE447) -> 290539 | AF4: =SUBTOTAL(9,AF7:AF447) -> 191701 | AG4: =SUBTOTAL(9,AG7:AG447) -> 2982751877 | AH4: =SUBTOTAL(9,AH7:AH351) -> 0 | AI4: =SUBTOTAL(9,AI7:AI351) -> 19118965824 | AJ4: =SUBTOTAL(9,AJ7:AJ447) -> 29157 | AK4: =SUBTOTAL(9,AK7:AK447) -> 77476 | AL4: =SUBTOTAL(9,AL7:AL447) -> 183906 | AM4: =SUBTOTAL(9,AM7:AM447) -> 290539 | AN4: =SUBTOTAL(9,AN7:AN447) -> 191701 | AO4: =SUBTOTAL(9,AO7:AO447) -> 5142904789
C5: QUANTITY | N5: WIP | V5: ACC 155 | AA5: ACC 622 | AI5: ACC 627
B6: BUYER | C6: STYLE | D6: CUTTING | E6: WIP | I6: QUY | J6: NGA | K6: TOTAL TP | N6: STYLE | O6: 0.2 | P6: 0.5 | Q6: 0.8 | R6: TOTAL | S6: AMOUNT | T6: CMP | V6: STYLE | W6: QUANTITY | X6: PRICE | Y6: AMOUNT | AA6: STYLE | AB6: 0.2 | AC6: 0.5 | AD6: 0.8 | AE6: TOTAL | AF6: EQUIVALENT | AG6: AMOUNT | AI6: STYLE | AJ6: 0.2 | AK6: 0.5 | AL6: 0.8 | AM6: TOTAL | AN6: EQUIVALENT | AO6: AMOUNT
A7: 1 | B7: ALFANI | C7: 69717 | D7: 12331 | E7: 3455 | F7: 906 | G7: 1305 | H7: 1244 | I7: 1878 | J7: 0 | K7: 1878 | N7: 69717 | O7: 906 | P7: 1305 | Q7: 1244 | R7: 3455 | S7: 39482599 | T7: 0.35 | U7: =VLOOKUP(N7,'[2]154'!$C$9:$T$554,18,0) -> 7054 | V7: 69717 | W7: 1878 | X7: 13055.03 | Y7: 24517347 | AA7: 69717 | AB7: 906 | AC7: 1305 | AD7: 1244 | AE7: 3455 | AF7: 1829 | AG7: 15027404 | AI7: 69717 | AJ7: 906 | AK7: 1305 | AL7: 1244 | AM7: 3455 | AN7: 1829 | AO7: 24455195
A8: 2 | B8: ALFANI | C8: 73738 | D8: 0 | E8: 473 | F8: 0 | G8: 0 | H8: 473 | I8: 0 | J8: 0 | K8: 0 | N8: 73738 | O8: 0 | P8: 0 | Q8: 473 | R8: 473 | S8: 14152577 | T8: 1.8 | U8: =VLOOKUP(N8,'[2]154'!$C$9:$T$554,18,0) -> 473 | V8: 73738 | W8: 0 | X8: 0 | Y8: 0 | AA8: 73738 | AB8: 0 | AC8: 0 | AD8: 473 | AE8: 473 | AF8: 378 | AG8: 5570974 | AI8: 73738 | AJ8: 0 | AK8: 0 | AL8: 473 | AM8: 473 | AN8: 378 | AO8: 8581603
A9: 3 | B9: ALFANI | C9: 73746 | D9: 0 | E9: 0 | F9: 0 | G9: 0 | H9: 0 | I9: 0 | J9: 11 | K9: 11 | N9: 73746 | O9: 0 | P9: 0 | Q9: 0 | R9: 0 | S9: 0 | T9: 2 | U9: =VLOOKUP(N9,'[2]154'!$C$9:$T$554,18,0) -> 0 | V9: 73746 | W9: 11 | X9: 17426.909 | Y9: 191696 | AA9: 73746 | AB9: 0 | AC9: 0 | AD9: 0 | AE9: 0 | AF9: 0 | AG9: 0 | AI9: 73746 | AJ9: 0 | AK9: 0 | AL9: 0 | AM9: 0 | AN9: 0 | AO9: 0
A10: 4 | B10: ALFANI | C10: 74211 | D10: 3960 | E10: 37 | F10: 0 | G10: 0 | H10: 37 | I10: 0 | J10: 0 | K10: 0 | N10: 74211 | O10: 0 | P10: 0 | Q10: 37 | R10: 37 | S10: 650887 | T10: 0.35 | U10: =VLOOKUP(N10,'[2]154'!$C$9:$T$554,18,0) -> 435 | V10: 74211 | W10: 0 | X10: 0 | Y10: 0 | AA10: 74211 | AB10: 0 | AC10: 0 | AD10: 37 | AE10: 37 | AF10: 30 | AG10: 263270 | AI10: 74211 | AJ10: 0 | AK10: 0 | AL10: 37 | AM10: 37 | AN10: 30 | AO10: 387617
A11: 5 | B11: ALFANI | C11: 2072 | D11: 142225 | E11: 10378 | F11: 64 | G11: 861 | H11: 9453 | I11: 0 | J11: 142 | K11: 142 | N11: 2072 | O11: 64 | P11: 861 | Q11: 9453 | R11: 10378 | S11: 240276385 | T11: 1.26 | U11: 12327 | V11: 2072 | W11: 142 | X11: 23081.155 | Y11: 3277524 | AA11: 2072 | AB11: 64 | AC11: 861 | AD11: 9453 | AE11: 10378 | AF11: 8006 | AG11: 83856048 | AI11: 2072 | AJ11: 64 | AK11: 861 | AL11: 9453 | AM11: 10378 | AN11: 8006 | AO11: 156420337
A12: 6 | B12: J JILL | C12: KPT001611 | D12: 89849 | E12: 16696 | F12: 79 | G12: 129 | H12: 16488 | I12: 0 | J12: 0 | K12: 0 | N12: KPT001611 | O12: 79 | P12: 129 | Q12: 16488 | R12: 16696 | S12: 406026305 | T12: 0.35 | U12: =VLOOKUP(N12,'[2]154'!$C$9:$T$554,18,0) -> 16696 | V12: KPT001611 | W12: 0 | X12: 0 | Y12: 0 | AA12: KPT001611 | AB12: 79 | AC12: 129 | AD12: 16488 | AE12: 16696 | AF12: 13271 | AG12: 177821244 | AI12: KPT001611 | AJ12: 79 | AK12: 129 | AL12: 16488 | AM12: 16696 | AN12: 13271 | AO12: 228205061
A13: 7 | B13: J JILL | C13: KPT101081 | D13: 45884 | E13: 2660 | F13: 230 | G13: 328 | H13: 2102 | I13: 5304 | J13: 58 | K13: 5362 | N13: KPT101081 | O13: 230 | P13: 328 | Q13: 2102 | R13: 2660 | S13: 62345021 | T13: 1.55 | U13: =VLOOKUP(N13,'[2]154'!$C$9:$T$554,18,0) -> 2601 | V13: KPT101081 | W13: 5362 | X13: 30703.3 | Y13: 164631096 | AA13: KPT101081 | AB13: 230 | AC13: 328 | AD13: 2102 | AE13: 2660 | AF13: 1892 | AG13: 22123052 | AI13: KPT101081 | AJ13: 230 | AK13: 328 | AL13: 2102 | AM13: 2660 | AN13: 1892 | AO13: 40221969
A14: 8 | B14: ALFANI | C14: 7285 | D14: 0 | E14: 32 | F14: 0 | G14: 0 | H14: 32 | I14: 0 | J14: 0 | K14: 0 | N14: 7285 | O14: 0 | P14: 0 | Q14: 32 | R14: 32 | S14: 1355820 | T14: 0.35 | U14: =VLOOKUP(N14,'[2]154'!$C$9:$T$554,18,0) -> 32 | V14: 7285 | W14: 0 | X14: 0 | Y14: 0 | AA14: 7285 | AB14: 0 | AC14: 0 | AD14: 32 | AE14: 32 | AF14: 26 | AG14: 569868 | AI14: 7285 | AJ14: 0 | AK14: 0 | AL14: 32 | AM14: 32 | AN14: 26 | AO14: 785952
A15: 9 | B15: ALFANI | C15: 100004407 | D15: 14942 | E15: 305 | F15: 0 | G15: 116 | H15: 189 | I15: 0 | J15: 0 | K15: 0 | N15: 100004407 | O15: 0 | P15: 116 | Q15: 189 | R15: 305 | S15: 5269051 | T15: 0.36 | U15: =VLOOKUP(N15,'[2]154'!$C$9:$T$554,18,0) -> 685 | V15: 100004407 | W15: 0 | X15: 0 | Y15: 0 | AA15: 100004407 | AB15: 0 | AC15: 116 | AD15: 189 | AE15: 305 | AF15: 209 | AG15: 1959476 | AI15: 100004407 | AJ15: 0 | AK15: 116 | AL15: 189 | AM15: 305 | AN15: 209 | AO15: 3309575
A16: 10 | B16: ANN TAYLOR | C16: 446749 | D16: 0 | E16: 165 | F16: 0 | G16: 0 | H16: 165 | I16: 0 | J16: 0 | K16: 0 | N16: 446749 | O16: 0 | P16: 0 | Q16: 165 | R16: 165 | S16: 7256593 | T16: 2.65 | U16: =VLOOKUP(N16,'[2]154'!$C$9:$T$554,18,0) -> 165 | V16: 446749 | W16: 0 | X16: 0 | Y16: 0 | AA16: 446749 | AB16: 0 | AC16: 0 | AD16: 165 | AE16: 165 | AF16: 132 | AG16: 2743703 | AI16: 446749 | AJ16: 0 | AK16: 0 | AL16: 165 | AM16: 165 | AN16: 132 | AO16: 4512890
A17: 11 | B17: ANN TAYLOR | C17: 446053 | D17: 0 | E17: 63 | F17: 0 | G17: 0 | H17: 63 | I17: 0 | J17: 0 | K17: 0 | N17: 446053 | O17: 0 | P17: 0 | Q17: 63 | R17: 63 | S17: 1145629 | T17: 0.35 | U17: =VLOOKUP(N17,'[2]154'!$C$9:$T$554,18,0) -> 63 | V17: 446053 | W17: 0 | X17: 0 | Y17: 0 | AA17: 446053 | AB17: 0 | AC17: 0 | AD17: 63 | AE17: 63 | AF17: 50 | AG17: 433160 | AI17: 446053 | AJ17: 0 | AK17: 0 | AL17: 63 | AM17: 63 | AN17: 50 | AO17: 712469
A18: 12 | B18: ALFANI | C18: 100004405 | D18: 0 | E18: 79 | F18: 0 | G18: 0 | H18: 79 | I18: 0 | J18: 0 | K18: 0 | N18: 100004405 | O18: 0 | P18: 0 | Q18: 79 | R18: 79 | S18: 1370172 | T18: 0.36 | U18: =VLOOKUP(N18,'[2]154'!$C$9:$T$554,18,0) -> 79 | V18: 100004405 | W18: 0 | X18: 0 | Y18: 0 | AA18: 100004405 | AB18: 0 | AC18: 0 | AD18: 79 | AE18: 79 | AF18: 63 | AG18: 525166 | AI18: 100004405 | AJ18: 0 | AK18: 0 | AL18: 79 | AM18: 79 | AN18: 63 | AO18: 845006
A19: 13 | B19: ALFANI | C19: 100003246 | D19: 0 | E19: 377 | F19: 0 | G19: 0 | H19: 377 | I19: 0 | J19: 0 | K19: 0 | N19: 100003246 | O19: 0 | P19: 0 | Q19: 377 | R19: 377 | S19: 6456010 | T19: 0.36 | U19: =VLOOKUP(N19,'[2]154'!$C$9:$T$554,18,0) -> 377 | V19: 100003246 | W19: 0 | X19: 0 | Y19: 0 | AA19: 100003246 | AB19: 0 | AC19: 0 | AD19: 377 | AE19: 377 | AF19: 302 | AG19: 2474021 | AI19: 100003246 | AJ19: 0 | AK19: 0 | AL19: 377 | AM19: 377 | AN19: 302 | AO19: 3981989
A20: 14 | B20: ALFANI | C20: 100001802 | D20: 0 | E20: 103 | F20: 0 | G20: 0 | H20: 103 | I20: 0 | J20: 0 | K20: 0 | N20: 100001802 | O20: 0 | P20: 0 | Q20: 103 | R20: 103 | S20: 3319034 | T20: 0.35 | U20: =VLOOKUP(N20,'[2]154'!$C$9:$T$554,18,0) -> 103 | V20: 100001802 | W20: 0 | X20: 0 | Y20: 0 | AA20: 100001802 | AB20: 0 | AC20: 0 | AD20: 103 | AE20: 103 | AF20: 82 | AG20: 1254920 | AI20: 100001802 | AJ20: 0 | AK20: 0 | AL20: 103 | AM20: 103 | AN20: 82 | AO20: 2064114
A21: 15 | B21: ALFANI | C21: 68416 | D21: 2385 | E21: 872 | F21: 56 | G21: 361 | H21: 455 | I21: 197 | J21: 0 | K21: 197 | N21: 68416 | O21: 56 | P21: 361 | Q21: 455 | R21: 872 | S21: 12847544 | T21: 0.35 | U21: =VLOOKUP(N21,'[2]154'!$C$9:$T$554,18,0) -> 279 | V21: 68416 | W21: 197 | X21: 18368.604 | Y21: 3618615 | AA21: 68416 | AB21: 56 | AC21: 361 | AD21: 455 | AE21: 872 | AF21: 556 | AG21: 5097760 | AI21: 68416 | AJ21: 56 | AK21: 361 | AL21: 455 | AM21: 872 | AN21: 556 | AO21: 7749784
A22: 16 | B22: ALFANI | C22: 7X408 | D22: 0 | E22: 108 | F22: 0 | G22: 0 | H22: 108 | I22: 0 | J22: 0 | K22: 0 | N22: 7X408 | O22: 0 | P22: 0 | Q22: 108 | R22: 108 | S22: 3528069 | T22: 0.35 | U22: =VLOOKUP(N22,'[2]154'!$C$9:$T$554,18,0) -> 108 | V22: 7X408 | W22: 0 | X22: 0 | Y22: 0 | AA22: 7X408 | AB22: 0 | AC22: 0 | AD22: 108 | AE22: 108 | AF22: 86 | AG22: 1477379 | AI22: 7X408 | AJ22: 0 | AK22: 0 | AL22: 108 | AM22: 108 | AN22: 86 | AO22: 2050690
A23: 17 | B23: ALFANI | C23: 7X708 | D23: 7574 | E23: 187 | F23: 0 | G23: 0 | H23: 187 | I23: 0 | J23: 0 | K23: 0 | N23: 7X708 | O23: 0 | P23: 0 | Q23: 187 | R23: 187 | S23: 6487713 | T23: 0.35 | U23: =VLOOKUP(N23,'[2]154'!$C$9:$T$554,18,0) -> 228 | V23: 7X708 | W23: 0 | X23: 0 | Y23: 0 | AA23: 7X708 | AB23: 0 | AC23: 0 | AD23: 187 | AE23: 187 | AF23: 150 | AG23: 2744030 | AI23: 7X708 | AJ23: 0 | AK23: 0 | AL23: 187 | AM23: 187 | AN23: 150 | AO23: 3743683
A24: 18 | B24: ALFANI | C24: 7N900 | D24: 0 | E24: 144 | F24: 0 | G24: 22 | H24: 122 | I24: 0 | J24: 0 | K24: 0 | N24: 7N900 | O24: 0 | P24: 22 | Q24: 122 | R24: 144 | S24: 4304157 | T24: 0.35 | U24: =VLOOKUP(N24,'[2]154'!$C$9:$T$554,18,0) -> 144 | V24: 7N900 | W24: 0 | X24: 0 | Y24: 0 | AA24: 7N900 | AB24: 0 | AC24: 22 | AD24: 122 | AE24: 144 | AF24: 109 | AG24: 1627393 | AI24: 7N900 | AJ24: 0 | AK24: 22 | AL24: 122 | AM24: 144 | AN24: 109 | AO24: 2676764
A25: 19 | B25: ALFANI | C25: 100004400 | D25: 0 | E25: 66 | F25: 0 | G25: 0 | H25: 66 | I25: 0 | J25: 0 | K25: 0 | N25: 100004400 | O25: 0 | P25: 0 | Q25: 66 | R25: 66 | S25: 4577653 | T25: 0.35 | U25: =VLOOKUP(N25,'[2]154'!$C$9:$T$554,18,0) -> 66 | V25: 100004400 | W25: 0 | X25: 0 | Y25: 0 | AA25: 100004400 | AB25: 0 | AC25: 0 | AD25: 66 | AE25: 66 | AF25: 53 | AG25: 1905620 | AI25: 100004400 | AJ25: 0 | AK25: 0 | AL25: 66 | AM25: 66 | AN25: 53 | AO25: 2672033
A26: 20 | B26: ALFANI | C26: 100008889 | D26: 0 | E26: 164 | F26: 0 | G26: 0 | H26: 164 | I26: 0 | J26: 0 | K26: 0 | N26: 100008889 | O26: 0 | P26: 0 | Q26: 164 | R26: 164 | S26: 5575665 | T26: 0.35 | U26: =VLOOKUP(N26,'[2]154'!$C$9:$T$554,18,0) -> 164 | V26: 100008889 | W26: 0 | X26: 0 | Y26: 0 | AA26: 100008889 | AB26: 0 | AC26: 0 | AD26: 164 | AE26: 164 | AF26: 131 | AG26: 2334808 | AI26: 100008889 | AJ26: 0 | AK26: 0 | AL26: 164 | AM26: 164 | AN26: 131 | AO26: 3240857
A27: 21 | B27: ALFANI | C27: 100010579 | D27: 13189 | E27: 1457 | F27: 0 | G27: 442 | H27: 1015 | I27: 8626 | J27: 15 | K27: 8641 | N27: 100010579 | O27: 0 | P27: 442 | Q27: 1015 | R27: 1457 | S27: 57160055 | T27: 1.98 | U27: =VLOOKUP(N27,'[2]154'!$C$9:$T$554,18,0) -> 566 | V27: 100010579 | W27: 8641 | X27: 39227.542 | Y27: 338965192 | AA27: 100010579 | AB27: 0 | AC27: 442 | AD27: 1015 | AE27: 1457 | AF27: 1033 | AG27: 19418002 | AI27: 100010579 | AJ27: 0 | AK27: 442 | AL27: 1015 | AM27: 1457 | AN27: 1033 | AO27: 37742053
A28: 22 | B28: TALBOTS | C28: 174034722 | D28: 0 | E28: 182 | F28: 0 | G28: 0 | H28: 182 | I28: 0 | J28: 0 | K28: 0 | N28: 174034722 | O28: 0 | P28: 0 | Q28: 182 | R28: 182 | S28: 10751887 | T28: 0.35 | U28: =VLOOKUP(N28,'[2]154'!$C$9:$T$554,18,0) -> 182 | V28: 174034722 | W28: 0 | X28: 0 | Y28: 0 | AA28: 174034722 | AB28: 0 | AC28: 0 | AD28: 182 | AE28: 182 | AF28: 146 | AG28: 4500604 | AI28: 174034722 | AJ28: 0 | AK28: 0 | AL28: 182 | AM28: 182 | AN28: 146 | AO28: 6251283
A29: 23 | B29: TALBOTS | C29: 174034719 | D29: 0 | E29: 129 | F29: 0 | G29: 0 | H29: 129 | I29: 0 | J29: 0 | K29: 0 | N29: 174034719 | O29: 0 | P29: 0 | Q29: 129 | R29: 129 | S29: 7264411 | T29: 0.35 | U29: =VLOOKUP(N29,'[2]154'!$C$9:$T$554,18,0) -> 129 | V29: 174034719 | W29: 0 | X29: 0 | Y29: 0 | AA29: 174034719 | AB29: 0 | AC29: 0 | AD29: 129 | AE29: 129 | AF29: 103 | AG29: 2903453 | AI29: 174034719 | AJ29: 0 | AK29: 0 | AL29: 129 | AM29: 129 | AN29: 103 | AO29: 4360958
A30: 24 | B30: TALBOTS | C30: 174034721 | D30: 0 | E30: 109 | F30: 0 | G30: 0 | H30: 109 | I30: 0 | J30: 0 | K30: 0 | N30: 174034721 | O30: 0 | P30: 0 | Q30: 109 | R30: 109 | S30: 7454935 | T30: 0.35 | U30: =VLOOKUP(N30,'[2]154'!$C$9:$T$554,18,0) -> 109 | V30: 174034721 | W30: 0 | X30: 0 | Y30: 0 | AA30: 174034721 | AB30: 0 | AC30: 0 | AD30: 109 | AE30: 109 | AF30: 87 | AG30: 2979602 | AI30: 174034721 | AJ30: 0 | AK30: 0 | AL30: 109 | AM30: 109 | AN30: 87 | AO30: 4475333
A31: 25 | B31: ALFANI | C31: 100003226 | D31: 0 | E31: 101 | F31: 0 | G31: 0 | H31: 101 | I31: 0 | J31: 0 | K31: 0 | N31: 100003226 | O31: 0 | P31: 0 | Q31: 101 | R31: 101 | S31: 6659079 | T31: 0.35 | U31: =VLOOKUP(N31,'[2]154'!$C$9:$T$554,18,0) -> 101 | V31: 100003226 | W31: 0 | X31: 0 | Y31: 0 | AA31: 100003226 | AB31: 0 | AC31: 0 | AD31: 101 | AE31: 101 | AF31: 81 | AG31: 2661513 | AI31: 100003226 | AJ31: 0 | AK31: 0 | AL31: 101 | AM31: 101 | AN31: 81 | AO31: 3997566
A32: 26 | B32: TALBOTS | C32: 174034717 | D32: 0 | E32: 99 | F32: 0 | G32: 0 | H32: 99 | I32: 0 | J32: 0 | K32: 0 | N32: 174034717 | O32: 0 | P32: 0 | Q32: 99 | R32: 99 | S32: 7964501 | T32: 0.35 | U32: =VLOOKUP(N32,'[2]154'!$C$9:$T$554,18,0) -> 99 | V32: 174034717 | W32: 0 | X32: 0 | Y32: 0 | AA32: 174034717 | AB32: 0 | AC32: 0 | AD32: 99 | AE32: 99 | AF32: 79 | AG32: 3183266 | AI32: 174034717 | AJ32: 0 | AK32: 0 | AL32: 99 | AM32: 99 | AN32: 79 | AO32: 4781235
A33: 27 | B33: ALFANI | C33: 7N713 | D33: 0 | E33: 179 | F33: 0 | G33: 0 | H33: 179 | I33: 0 | J33: 0 | K33: 0 | N33: 7N713 | O33: 0 | P33: 0 | Q33: 179 | R33: 179 | S33: 6187449 | T33: 2 | U33: =VLOOKUP(N33,'[2]154'!$C$9:$T$554,18,0) -> 179 | V33: 7N713 | W33: 0 | X33: 0 | Y33: 0 | AA33: 7N713 | AB33: 0 | AC33: 0 | AD33: 179 | AE33: 179 | AF33: 143 | AG33: 2473011 | AI33: 7N713 | AJ33: 0 | AK33: 0 | AL33: 179 | AM33: 179 | AN33: 143 | AO33: 3714438
A34: 28 | B34: NORDSTROM | C34: RK368419MI | D34: 0 | E34: 71 | F34: 0 | G34: 0 | H34: 71 | I34: 0 | J34: 0 | K34: 0 | N34: RK368419MI | O34: 0 | P34: 0 | Q34: 71 | R34: 71 | S34: 4747677 | T34: 0.35 | U34: =VLOOKUP(N34,'[2]154'!$C$9:$T$554,18,0) -> 71 | V34: RK368419MI | W34: 0 | X34: 0 | Y34: 0 | AA34: RK368419MI | AB34: 0 | AC34: 0 | AD34: 71 | AE34: 71 | AF34: 57 | AG34: 1897560 | AI34: RK368419MI | AJ34: 0 | AK34: 0 | AL34: 71 | AM34: 71 | AN34: 57 | AO34: 2850117
A35: 29 | B35: ANN TAYLOR | C35: 453280 | D35: 0 | E35: 196 | F35: 0 | G35: 0 | H35: 196 | I35: 0 | J35: 0 | K35: 0 | N35: 453280 | O35: 0 | P35: 0 | Q35: 196 | R35: 196 | S35: 6283721 | T35: 0.35 | U35: =VLOOKUP(N35,'[2]154'!$C$9:$T$554,18,0) -> 196 | V35: 453280 | W35: 0 | X35: 0 | Y35: 0 | AA35: 453280 | AB35: 0 | AC35: 0 | AD35: 196 | AE35: 196 | AF35: 157 | AG35: 2511489 | AI35: 453280 | AJ35: 0 | AK35: 0 | AL35: 196 | AM35: 196 | AN35: 157 | AO35: 3772232
A36: 30 | B36: ALFANI | C36: 100003227 | D36: 10247 | E36: 378 | F36: 0 | G36: 0 | H36: 378 | I36: 0 | J36: 0 | K36: 0 | N36: 100003227 | O36: 0 | P36: 0 | Q36: 378 | R36: 378 | S36: 9502769 | T36: 0.36 | U36: =VLOOKUP(N36,'[2]154'!$C$9:$T$554,18,0) -> 378 | V36: 100003227 | W36: 0 | X36: 0 | Y36: 0 | AA36: 100003227 | AB36: 0 | AC36: 0 | AD36: 378 | AE36: 378 | AF36: 302 | AG36: 4025106 | AI36: 100003227 | AJ36: 0 | AK36: 0 | AL36: 378 | AM36: 378 | AN36: 302 | AO36: 5477663
A37: 31 | B37: ALFANI | C37: 100003486 | D37: 0 | E37: 249 | H37: 249 | I37: 0 | J37: 0 | K37: 0 | N37: 100003486 | O37: 0 | P37: 0 | Q37: 249 | R37: 249 | S37: 7852672 | T37: 0.35 | U37: =VLOOKUP(N37,'[2]154'!$C$9:$T$554,18,0) -> 249 | V37: 100003486 | W37: 0 | X37: 0 | Y37: 0 | AA37: 100003486 | AB37: 0 | AC37: 0 | AD37: 249 | AE37: 249 | AF37: 199 | AG37: 3229345 | AI37: 100003486 | AJ37: 0 | AK37: 0 | AL37: 249 | AM37: 249 | AN37: 199 | AO37: 4623327
A38: 32 | B38: ALFANI | C38: 100003532 | D38: 0 | E38: 68 | F38: 0 | G38: 0 | H38: 68 | I38: 0 | J38: 0 | K38: 0 | N38: 100003532 | O38: 0 | P38: 0 | Q38: 68 | R38: 68 | S38: 1902233 | T38: 0.36 | U38: =VLOOKUP(N38,'[2]154'!$C$9:$T$554,18,0) -> 68 | V38: 100003532 | W38: 0 | X38: 0 | Y38: 0 | AA38: 100003532 | AB38: 0 | AC38: 0 | AD38: 68 | AE38: 68 | AF38: 54 | AG38: 778886 | AI38: 100003532 | AJ38: 0 | AK38: 0 | AL38: 68 | AM38: 68 | AN38: 54 | AO38: 1123347
A39: 33 | B39: ALFANI | C39: 100003576 | D39: 0 | E39: 96 | F39: 0 | G39: 0 | H39: 96 | I39: 0 | J39: 0 | K39: 0 | N39: 100003576 | O39: 0 | P39: 0 | Q39: 96 | R39: 96 | S39: 1662915 | T39: 0.36 | U39: =VLOOKUP(N39,'[2]154'!$C$9:$T$554,18,0) -> 96 | V39: 100003576 | W39: 0 | X39: 0 | Y39: 0 | AA39: 100003576 | AB39: 0 | AC39: 0 | AD39: 96 | AE39: 96 | AF39: 77 | AG39: 703516 | AI39: 100003576 | AJ39: 0 | AK39: 0 | AL39: 96 | AM39: 96 | AN39: 77 | AO39: 959399
A40: 34 | B40: ALFANI | C40: 100004422 | D40: 0 | E40: 63 | F40: 0 | G40: 0 | H40: 63 | I40: 0 | J40: 0 | K40: 0 | N40: 100004422 | O40: 0 | P40: 0 | Q40: 63 | R40: 63 | S40: 1166158 | T40: 1.1 | U40: =VLOOKUP(N40,'[2]154'!$C$9:$T$554,18,0) -> 63 | V40: 100004422 | W40: 0 | X40: 0 | Y40: 0 | AA40: 100004422 | AB40: 0 | AC40: 0 | AD40: 63 | AE40: 63 | AF40: 50 | AG40: 493357 | AI40: 100004422 | AJ40: 0 | AK40: 0 | AL40: 63 | AM40: 63 | AN40: 50 | AO40: 672801
A41: 35 | B41: ALFANI | C41: 100004424 | D41: 0 | E41: 81 | F41: 0 | G41: 0 | H41: 81 | I41: 0 | J41: 0 | K41: 0 | N41: 100004424 | O41: 0 | P41: 0 | Q41: 81 | R41: 81 | S41: 1516005 | T41: 0.35 | U41: =VLOOKUP(N41,'[2]154'!$C$9:$T$554,18,0) -> 81 | V41: 100004424 | W41: 0 | X41: 0 | Y41: 0 | AA41: 100004424 | AB41: 0 | AC41: 0 | AD41: 81 | AE41: 81 | AF41: 65 | AG41: 641364 | AI41: 100004424 | AJ41: 0 | AK41: 0 | AL41: 81 | AM41: 81 | AN41: 65 | AO41: 874641
A42: 36 | B42: ALFANI | C42: 100005621 | D42: 0 | E42: 56 | F42: 0 | G42: 0 | H42: 56 | I42: 0 | J42: 0 | K42: 0 | N42: 100005621 | O42: 0 | P42: 0 | Q42: 56 | R42: 56 | S42: 3816515 | T42: 0.35 | U42: =VLOOKUP(N42,'[2]154'!$C$9:$T$554,18,0) -> 56 | V42: 100005621 | W42: 0 | X42: 0 | Y42: 0 | AA42: 100005621 | AB42: 0 | AC42: 0 | AD42: 56 | AE42: 56 | AF42: 45 | AG42: 1614622 | AI42: 100005621 | AJ42: 0 | AK42: 0 | AL42: 56 | AM42: 56 | AN42: 45 | AO42: 2201893
A43: 37 | B43: ALFANI | C43: 100005705 | D43: 5880 | E43: 352 | F43: 0 | G43: 69 | H43: 283 | I43: 0 | J43: 3 | K43: 3 | N43: 100005705 | O43: 0 | P43: 69 | Q43: 283 | R43: 352 | S43: 11455178 | T43: 2.77 | U43: =VLOOKUP(N43,'[2]154'!$C$9:$T$554,18,0) -> 1081 | V43: 100005705 | W43: 3 | X43: 42329.333 | Y43: 126988 | AA43: 100005705 | AB43: 0 | AC43: 69 | AD43: 283 | AE43: 352 | AF43: 261 | AG43: 4115074 | AI43: 100005705 | AJ43: 0 | AK43: 69 | AL43: 283 | AM43: 352 | AN43: 261 | AO43: 7340104
A44: 38 | B44: ALFANI | C44: 100005710 | D44: 0 | E44: 109 | F44: 0 | G44: 69 | H44: 40 | I44: 0 | J44: 0 | K44: 0 | N44: 100005710 | O44: 0 | P44: 69 | Q44: 40 | R44: 109 | S44: 4993030 | T44: 0.36 | U44: =VLOOKUP(N44,'[2]154'!$C$9:$T$554,18,0) -> 132 | V44: 100005710 | W44: 0 | X44: 0 | Y44: 0 | AA44: 100005710 | AB44: 0 | AC44: 69 | AD44: 40 | AE44: 109 | AF44: 67 | AG44: 2112361 | AI44: 100005710 | AJ44: 0 | AK44: 69 | AL44: 40 | AM44: 109 | AN44: 67 | AO44: 2880669
A45: 39 | B45: ALFANI | C45: 100008197 | D45: 9784 | E45: 461 | F45: 0 | G45: 0 | H45: 461 | I45: 0 | J45: 0 | K45: 0 | N45: 100008197 | O45: 0 | P45: 0 | Q45: 461 | R45: 461 | S45: 11662004 | T45: 0.35 | U45: =VLOOKUP(N45,'[2]154'!$C$9:$T$554,18,0) -> 461 | V45: 100008197 | W45: 0 | X45: 0 | Y45: 0 | AA45: 100008197 | AB45: 0 | AC45: 0 | AD45: 461 | AE45: 461 | AF45: 369 | AG45: 4170768 | AI45: 100008197 | AJ45: 0 | AK45: 0 | AL45: 461 | AM45: 461 | AN45: 369 | AO45: 7491236
A46: 40 | B46: ALFANI | C46: 100008887 | D46: 0 | E46: 200 | F46: 0 | G46: 0 | H46: 200 | I46: 0 | J46: 0 | K46: 0 | N46: 100008887 | O46: 0 | P46: 0 | Q46: 200 | R46: 200 | S46: 9159637 | T46: 0.35 | U46: =VLOOKUP(N46,'[2]154'!$C$9:$T$554,18,0) -> 200 | V46: 100008887 | W46: 0 | X46: 0 | Y46: 0 | AA46: 100008887 | AB46: 0 | AC46: 0 | AD46: 200 | AE46: 200 | AF46: 160 | AG46: 3875093 | AI46: 100008887 | AJ46: 0 | AK46: 0 | AL46: 200 | AM46: 200 | AN46: 160 | AO46: 5284544
A47: 41 | B47: ALFANI | C47: 100010879 | D47: 0 | E47: 250 | F47: 0 | G47: 0 | H47: 250 | I47: 0 | J47: 0 | K47: 0 | N47: 100010879 | O47: 0 | P47: 0 | Q47: 250 | R47: 250 | S47: 9396639 | T47: 2.2 | U47: =VLOOKUP(N47,'[2]154'!$C$9:$T$554,18,0) -> 250 | V47: 100010879 | W47: 0 | X47: 0 | Y47: 0 | AA47: 100010879 | AB47: 0 | AC47: 0 | AD47: 250 | AE47: 250 | AF47: 200 | AG47: 3841830 | AI47: 100010879 | AJ47: 0 | AK47: 0 | AL47: 250 | AM47: 250 | AN47: 200 | AO47: 5554809
A48: 42 | B48: ALFANI | C48: 100010914 | D48: 0 | E48: 55 | F48: 0 | G48: 0 | H48: 55 | I48: 0 | J48: 0 | K48: 0 | N48: 100010914 | O48: 0 | P48: 0 | Q48: 55 | R48: 55 | S48: 2056699 | T48: 0.35 | U48: =VLOOKUP(N48,'[2]154'!$C$9:$T$554,18,0) -> 55 | V48: 100010914 | W48: 0 | X48: 0 | Y48: 0 | AA48: 100010914 | AB48: 0 | AC48: 0 | AD48: 55 | AE48: 55 | AF48: 44 | AG48: 861665 | AI48: 100010914 | AJ48: 0 | AK48: 0 | AL48: 55 | AM48: 55 | AN48: 44 | AO48: 1195034
A49: 43 | B49: ALFANI | C49: 100011006 | D49: 0 | E49: 94 | F49: 0 | G49: 0 | H49: 94 | I49: 0 | J49: 0 | K49: 0 | N49: 100011006 | O49: 0 | P49: 0 | Q49: 94 | R49: 94 | S49: 2553320 | T49: 0.35 | U49: =VLOOKUP(N49,'[2]154'!$C$9:$T$554,18,0) -> 94 | V49: 100011006 | W49: 0 | X49: 0 | Y49: 0 | AA49: 100011006 | AB49: 0 | AC49: 0 | AD49: 94 | AE49: 94 | AF49: 75 | AG49: 1080212 | AI49: 100011006 | AJ49: 0 | AK49: 0 | AL49: 94 | AM49: 94 | AN49: 75 | AO49: 1473108
... A53: 47 | B53: ALFANI | C53: 7220 | D53: 5987 | E53: 1361 | F53: 0 | G53: 1281 | H53: 80 | I53: 0 | J53: 0 | K53: 0 | N53: 7220 | O53: 0 | P53: 1281 | Q53: 80 | R53: 1361 | S53: 15991557 | T53: 0.36 | U53: =VLOOKUP(N53,'[2]154'!$C$9:$T$554,18,0) -> 398 | V53: 7220 | W53: 0 | X53: 0 | Y53: 0 | AA53: 7220 | AB53: 0 | AC53: 1281 | AD53: 80 | AE53: 1361 | AF53: 705 | AG53: 6279854 | AI53: 7220 | AJ53: 0 | AK53: 1281 | AL53: 80 | AM53: 1361 | AN53: 705 | AO53: 9711703
A54: 48 | B54: ALFANI | C54: 7D400 | D54: 0 | E54: 72 | F54: 0 | G54: 0 | H54: 72 | I54: 0 | J54: 0 | K54: 0 | N54: 7D400 | O54: 0 | P54: 0 | Q54: 72 | R54: 72 | S54: 4673111 | T54: 0.36 | U54: =VLOOKUP(N54,'[2]154'!$C$9:$T$554,18,0) -> 72 | V54: 7D400 | W54: 0 | X54: 0 | Y54: 0 | AA54: 7D400 | AB54: 0 | AC54: 0 | AD54: 72 | AE54: 72 | AF54: 58 | AG54: 1977015 | AI54: 7D400 | AJ54: 0 | AK54: 0 | AL54: 72 | AM54: 72 | AN54: 58 | AO54: 2696096
A55: 49 | B55: ALFANI | C55: 7D701 | D55: 0 | E55: 180 | F55: 0 | G55: 0 | H55: 180 | I55: 0 | J55: 0 | K55: 0 | N55: 7D701 | O55: 0 | P55: 0 | Q55: 180 | R55: 180 | S55: 5941256 | T55: 0.36 | U55: =VLOOKUP(N55,'[2]154'!$C$9:$T$554,18,0) -> 180 | V55: 7D701 | W55: 0 | X55: 0 | Y55: 0 | AA55: 7D701 | AB55: 0 | AC55: 0 | AD55: 180 | AE55: 180 | AF55: 144 | AG55: 2513519 | AI55: 7D701 | AJ55: 0 | AK55: 0 | AL55: 180 | AM55: 180 | AN55: 144 | AO55: 3427737
A56: 50 | B56: ALFANI | C56: 7D707 | D56: 0 | E56: 387 | F56: 0 | G56: 0 | H56: 387 | I56: 0 | J56: 0 | K56: 0 | N56: 7D707 | O56: 0 | P56: 0 | Q56: 387 | R56: 387 | S56: 24943442 | T56: 0.36 | U56: =VLOOKUP(N56,'[2]154'!$C$9:$T$554,18,0) -> 387 | V56: 7D707 | W56: 0 | X56: 0 | Y56: 0 | AA56: 7D707 | AB56: 0 | AC56: 0 | AD56: 387 | AE56: 387 | AF56: 310 | AG56: 10552620 | AI56: 7D707 | AJ56: 0 | AK56: 0 | AL56: 387 | AM56: 387 | AN56: 310 | AO56: 14390822
A57: 51 | B57: ALFANI | C57: 7D902 | D57: 0 | E57: 92 | F57: 0 | G57: 0 | H57: 92 | I57: 0 | J57: 0 | K57: 0 | N57: 7D902 | O57: 0 | P57: 0 | Q57: 92 | R57: 92 | S57: 2824221 | T57: 0.35 | U57: =VLOOKUP(N57,'[2]154'!$C$9:$T$554,18,0) -> 92 | V57: 7D902 | W57: 0 | X57: 0 | Y57: 0 | AA57: 7D902 | AB57: 0 | AC57: 0 | AD57: 92 | AE57: 92 | AF57: 74 | AG57: 1194820 | AI57: 7D902 | AJ57: 0 | AK57: 0 | AL57: 92 | AM57: 92 | AN57: 74 | AO57: 1629401
A58: 52 | B58: ALFANI | C58: 7N714 | D58: 0 | E58: 100 | F58: 0 | G58: 0 | H58: 100 | I58: 0 | J58: 0 | K58: 0 | N58: 7N714 | O58: 0 | P58: 0 | Q58: 100 | R58: 100 | S58: 6262863 | T58: 0.35 | U58: =VLOOKUP(N58,'[2]154'!$C$9:$T$554,18,0) -> 119 | V58: 7N714 | W58: 0 | X58: 0 | Y58: 0 | AA58: 7N714 | AB58: 0 | AC58: 0 | AD58: 100 | AE58: 100 | AF58: 80 | AG58: 2649579 | AI58: 7N714 | AJ58: 0 | AK58: 0 | AL58: 100 | AM58: 100 | AN58: 80 | AO58: 3613284
A59: 53 | B59: ANN TAYLOR | C59: 448556 | D59: 0 | E59: 56 | F59: 0 | G59: 0 | H59: 56 | I59: 0 | J59: 0 | K59: 0 | N59: 448556 | O59: 0 | P59: 0 | Q59: 56 | R59: 56 | S59: 2537504 | T59: 0.36 | U59: =VLOOKUP(N59,'[2]154'!$C$9:$T$554,18,0) -> 56 | V59: 448556 | W59: 0 | X59: 0 | Y59: 0 | AA59: 448556 | AB59: 0 | AC59: 0 | AD59: 56 | AE59: 56 | AF59: 45 | AG59: 1073521 | AI59: 448556 | AJ59: 0 | AK59: 0 | AL59: 56 | AM59: 56 | AN59: 45 | AO59: 1463983
A60: 54 | B60: ANN TAYLOR | C60: 454819 | D60: 0 | E60: 121 | F60: 0 | G60: 0 | H60: 121 | I60: 0 | J60: 0 | K60: 0 | N60: 454819 | O60: 0 | P60: 0 | Q60: 121 | R60: 121 | S60: 6463245 | T60: 0.36 | U60: =VLOOKUP(N60,'[2]154'!$C$9:$T$554,18,0) -> 121 | V60: 454819 | W60: 0 | X60: 0 | Y60: 0 | AA60: 454819 | AB60: 0 | AC60: 0 | AD60: 121 | AE60: 121 | AF60: 97 | AG60: 2734353 | AI60: 454819 | AJ60: 0 | AK60: 0 | AL60: 121 | AM60: 121 | AN60: 97 | AO60: 3728892
A61: 55 | B61: ANN TAYLOR | C61: 457050 | D61: 0 | E61: 262 | F61: 0 | G61: 0 | H61: 262 | I61: 0 | J61: 0 | K61: 0 | N61: 457050 | O61: 0 | P61: 0 | Q61: 262 | R61: 262 | S61: 10445514 | T61: 0.35 | U61: =VLOOKUP(N61,'[2]154'!$C$9:$T$554,18,0) -> 262 | V61: 457050 | W61: 0 | X61: 0 | Y61: 0 | AA61: 457050 | AB61: 0 | AC61: 0 | AD61: 262 | AE61: 262 | AF61: 210 | AG61: 4419099 | AI61: 457050 | AJ61: 0 | AK61: 0 | AL61: 262 | AM61: 262 | AN61: 210 | AO61: 6026415
A62: 56 | B62: INC | C62: 100007750 | D62: 0 | E62: 42 | F62: 0 | G62: 0 | H62: 42 | I62: 0 | J62: 0 | K62: 0 | N62: 100007750 | O62: 0 | P62: 0 | Q62: 42 | R62: 42 | S62: 2136732 | T62: 3 | U62: =VLOOKUP(N62,'[2]154'!$C$9:$T$554,18,0) -> 42 | V62: 100007750 | W62: 0 | X62: 0 | Y62: 0 | AA62: 100007750 | AB62: 0 | AC62: 0 | AD62: 42 | AE62: 42 | AF62: 34 | AG62: 903970 | AI62: 100007750 | AJ62: 0 | AK62: 0 | AL62: 42 | AM62: 42 | AN62: 34 | AO62: 1232762
A63: 57 | B63: INC | C63: 100008168 | D63: 0 | E63: 94 | F63: 0 | G63: 0 | H63: 94 | I63: 0 | J63: 0 | K63: 0 | N63: 100008168 | O63: 0 | P63: 0 | Q63: 94 | R63: 94 | S63: 5088688 | T63: 3.2 | U63: =VLOOKUP(N63,'[2]154'!$C$9:$T$554,18,0) -> 94 | V63: 100008168 | W63: 0 | X63: 0 | Y63: 0 | AA63: 100008168 | AB63: 0 | AC63: 0 | AD63: 94 | AE63: 94 | AF63: 75 | AG63: 2152830 | AI63: 100008168 | AJ63: 0 | AK63: 0 | AL63: 94 | AM63: 94 | AN63: 75 | AO63: 2935858
A64: 58 | B64: INC | C64: 10010195(7D324) | D64: 0 | E64: 48 | F64: 0 | G64: 0 | H64: 48 | I64: 0 | J64: 0 | K64: 0 | N64: 10010195(7D324) | O64: 0 | P64: 0 | Q64: 48 | R64: 48 | S64: 3383977 | T64: 4.2 | U64: =VLOOKUP(N64,'[2]154'!$C$9:$T$554,18,0) -> 48 | V64: 10010195(7D324) | W64: 0 | X64: 0 | Y64: 0 | AA64: 10010195(7D324) | AB64: 0 | AC64: 0 | AD64: 48 | AE64: 48 | AF64: 38 | AG64: 1431632 | AI64: 10010195(7D324) | AJ64: 0 | AK64: 0 | AL64: 48 | AM64: 48 | AN64: 38 | AO64: 1952345
A65: 59 | B65: INC | C65: 6D398 | D65: 11576 | E65: 3546 | F65: 1789 | G65: 941 | H65: 816 | I65: 5150 | J65: 0 | K65: 5150 | N65: 6D398 | O65: 1789 | P65: 941 | Q65: 816 | R65: 3546 | S65: 187177376 | T65: 3.18 | U65: =VLOOKUP(N65,'[2]154'!$C$9:$T$554,18,0) -> 4385 | V65: 6D398 | W65: 5150 | X65: 53002.68 | Y65: 272963801 | AA65: 6D398 | AB65: 1789 | AC65: 941 | AD65: 816 | AE65: 3546 | AF65: 1481 | AG65: 64448719 | AI65: 6D398 | AJ65: 1789 | AK65: 941 | AL65: 816 | AM65: 3546 | AN65: 1481 | AO65: 122728657
A66: 60 | B66: INC | C66: 7D320(100010192) | D66: 0 | E66: 73 | F66: 0 | G66: 0 | H66: 73 | I66: 0 | J66: 0 | K66: 0 | N66: 7D320(100010192) | O66: 0 | P66: 0 | Q66: 73 | R66: 73 | S66: 3566322 | T66: 0.35 | U66: =VLOOKUP(N66,'[2]154'!$C$9:$T$554,18,0) -> 73 | V66: 7D320(100010192) | W66: 0 | X66: 0 | Y66: 0 | AA66: 7D320(100010192) | AB66: 0 | AC66: 0 | AD66: 73 | AE66: 73 | AF66: 58 | AG66: 1508775 | AI66: 7D320(100010192) | AJ66: 0 | AK66: 0 | AL66: 73 | AM66: 73 | AN66: 58 | AO66: 2057547
A67: 61 | B67: INC | C67: 7D534(100010660) | D67: 0 | E67: 27 | F67: 0 | G67: 0 | H67: 27 | I67: 0 | J67: 0 | K67: 0 | N67: 7D534(100010660) | O67: 0 | P67: 0 | Q67: 27 | R67: 27 | S67: 1865852 | T67: 0.36 | U67: =VLOOKUP(N67,'[2]154'!$C$9:$T$554,18,0) -> 27 | V67: 7D534(100010660) | W67: 0 | X67: 0 | Y67: 0 | AA67: 7D534(100010660) | AB67: 0 | AC67: 0 | AD67: 27 | AE67: 27 | AF67: 22 | AG67: 789371 | AI67: 7D534(100010660) | AJ67: 0 | AK67: 0 | AL67: 27 | AM67: 27 | AN67: 22 | AO67: 1076481
A68: 62 | B68: INC | C68: 7D650(100010275) | D68: 0 | E68: 112 | F68: 0 | G68: 0 | H68: 112 | I68: 0 | J68: 0 | K68: 0 | N68: 7D650(100010275) | O68: 0 | P68: 0 | Q68: 112 | R68: 112 | S68: 4579819 | T68: 0.36 | U68: =VLOOKUP(N68,'[2]154'!$C$9:$T$554,18,0) -> 112 | V68: 7D650(100010275) | W68: 0 | X68: 0 | Y68: 0 | AA68: 7D650(100010275) | AB68: 0 | AC68: 0 | AD68: 112 | AE68: 112 | AF68: 90 | AG68: 1937547 | AI68: 7D650(100010275) | AJ68: 0 | AK68: 0 | AL68: 112 | AM68: 112 | AN68: 90 | AO68: 2642272
A69: 63 | B69: INC | C69: 7D664(100007920) | D69: 0 | E69: 46 | F69: 0 | G69: 0 | H69: 46 | I69: 0 | J69: 0 | K69: 0 | N69: 7D664(100007920) | O69: 0 | P69: 0 | Q69: 46 | R69: 46 | S69: 1882814 | T69: 0.36 | U69: =VLOOKUP(N69,'[2]154'!$C$9:$T$554,18,0) -> 46 | V69: 7D664(100007920) | W69: 0 | X69: 0 | Y69: 0 | AA69: 7D664(100007920) | AB69: 0 | AC69: 0 | AD69: 46 | AE69: 46 | AF69: 37 | AG69: 796547 | AI69: 7D664(100007920) | AJ69: 0 | AK69: 0 | AL69: 46 | AM69: 46 | AN69: 37 | AO69: 1086267
A70: 64 | B70: INC | C70: 7D670(10007909) | D70: 0 | E70: 356 | F70: 0 | G70: 0 | H70: 356 | I70: 0 | J70: 0 | K70: 0 | N70: 7D670(10007909) | O70: 0 | P70: 0 | Q70: 356 | R70: 356 | S70: 12085633 | T70: 1.8 | U70: =VLOOKUP(N70,'[2]154'!$C$9:$T$554,18,0) -> 356 | V70: 7D670(10007909) | W70: 0 | X70: 0 | Y70: 0 | AA70: 7D670(10007909) | AB70: 0 | AC70: 0 | AD70: 356 | AE70: 356 | AF70: 285 | AG70: 5112971 | AI70: 7D670(10007909) | AJ70: 0 | AK70: 0 | AL70: 356 | AM70: 356 | AN70: 285 | AO70: 6972662
A71: 65 | B71: ALFANI | C71: 100003487 | D71: 0 | E71: 87 | F71: 0 | G71: 0 | H71: 87 | I71: 0 | J71: 0 | K71: 0 | N71: 100003487 | O71: 0 | P71: 0 | Q71: 87 | R71: 87 | S71: 2768884 | T71: 1.85 | U71: =VLOOKUP(N71,'[2]154'!$C$9:$T$554,18,0) -> 87 | V71: 100003487 | W71: 0 | X71: 0 | Y71: 0 | AA71: 100003487 | AB71: 0 | AC71: 0 | AD71: 87 | AE71: 87 | AF71: 70 | AG71: 1125603 | AI71: 100003487 | AJ71: 0 | AK71: 0 | AL71: 87 | AM71: 87 | AN71: 70 | AO71: 1643281
A72: 66 | B72: ALFANI | C72: 100003506 | D72: 0 | E72: 59 | F72: 0 | G72: 0 | H72: 59 | I72: 0 | J72: 0 | K72: 0 | N72: 100003506 | O72: 0 | P72: 0 | Q72: 59 | R72: 59 | S72: 1891086 | T72: 0.35 | U72: =VLOOKUP(N72,'[2]154'!$C$9:$T$554,18,0) -> 59 | V72: 100003506 | W72: 0 | X72: 0 | Y72: 0 | AA72: 100003506 | AB72: 0 | AC72: 0 | AD72: 59 | AE72: 59 | AF72: 47 | AG72: 768762 | AI72: 100003506 | AJ72: 0 | AK72: 0 | AL72: 59 | AM72: 59 | AN72: 47 | AO72: 1122324
A73: 67 | B73: ALFANI | C73: 100003522 | D73: 0 | E73: 113 | F73: 0 | G73: 0 | H73: 113 | I73: 0 | J73: 0 | K73: 0 | N73: 100003522 | O73: 0 | P73: 0 | Q73: 113 | R73: 113 | S73: 2116754 | T73: 1.1 | U73: =VLOOKUP(N73,'[2]154'!$C$9:$T$554,18,0) -> 113 | V73: 100003522 | W73: 0 | X73: 0 | Y73: 0 | AA73: 100003522 | AB73: 0 | AC73: 0 | AD73: 113 | AE73: 113 | AF73: 90 | AG73: 860500 | AI73: 100003522 | AJ73: 0 | AK73: 0 | AL73: 113 | AM73: 113 | AN73: 90 | AO73: 1256254
A74: 68 | B74: ALFANI | C74: 100003523 | D74: 0 | E74: 113 | F74: 0 | G74: 0 | H74: 113 | I74: 0 | J74: 0 | K74: 0 | N74: 100003523 | O74: 0 | P74: 0 | Q74: 113 | R74: 113 | S74: 2116754 | T74: 0.35 | U74: =VLOOKUP(N74,'[2]154'!$C$9:$T$554,18,0) -> 113 | V74: 100003523 | W74: 0 | X74: 0 | Y74: 0 | AA74: 100003523 | AB74: 0 | AC74: 0 | AD74: 113 | AE74: 113 | AF74: 90 | AG74: 860500 | AI74: 100003523 | AJ74: 0 | AK74: 0 | AL74: 113 | AM74: 113 | AN74: 90 | AO74: 1256254
A75: 69 | B75: ALFANI | C75: 100003547 | D75: 0 | E75: 324 | F75: 0 | G75: 0 | H75: 324 | I75: 0 | J75: 0 | K75: 0 | N75: 100003547 | O75: 0 | P75: 0 | Q75: 324 | R75: 324 | S75: 12736868 | T75: 0.35 | U75: =VLOOKUP(N75,'[2]154'!$C$9:$T$554,18,0) -> 324 | V75: 100003547 | W75: 0 | X75: 0 | Y75: 0 | AA75: 100003547 | AB75: 0 | AC75: 0 | AD75: 324 | AE75: 324 | AF75: 259 | AG75: 5177775 | AI75: 100003547 | AJ75: 0 | AK75: 0 | AL75: 324 | AM75: 324 | AN75: 259 | AO75: 7559093
A76: 70 | B76: ALFANI | C76: 100003559 | D76: 0 | E76: 81 | F76: 0 | G76: 0 | H76: 81 | I76: 0 | J76: 0 | K76: 0 | N76: 100003559 | O76: 0 | P76: 0 | Q76: 81 | R76: 81 | S76: 1528766 | T76: 0.35 | U76: =VLOOKUP(N76,'[2]154'!$C$9:$T$554,18,0) -> 81 | V76: 100003559 | W76: 0 | X76: 0 | Y76: 0 | AA76: 100003559 | AB76: 0 | AC76: 0 | AD76: 81 | AE76: 81 | AF76: 65 | AG76: 621472 | AI76: 100003559 | AJ76: 0 | AK76: 0 | AL76: 81 | AM76: 81 | AN76: 65 | AO76: 907294
A77: 71 | B77: ALFANI | C77: 100003582 | D77: 0 | E77: 109 | F77: 0 | G77: 0 | H77: 109 | I77: 0 | J77: 0 | K77: 0 | N77: 100003582 | O77: 0 | P77: 0 | Q77: 109 | R77: 109 | S77: 4129491 | T77: 0.36 | U77: =VLOOKUP(N77,'[2]154'!$C$9:$T$554,18,0) -> 109 | V77: 100003582 | W77: 0 | X77: 0 | Y77: 0 | AA77: 100003582 | AB77: 0 | AC77: 0 | AD77: 109 | AE77: 109 | AF77: 87 | AG77: 1667903 | AI77: 100003582 | AJ77: 0 | AK77: 0 | AL77: 109 | AM77: 109 | AN77: 87 | AO77: 2461588
A78: 72 | B78: ALFANI | C78: 100003585 | D78: 0 | E78: 51 | F78: 0 | G78: 0 | H78: 51 | I78: 0 | J78: 0 | K78: 0 | N78: 100003585 | O78: 0 | P78: 0 | Q78: 51 | R78: 51 | S78: 2241784 | T78: 0.36 | U78: =VLOOKUP(N78,'[2]154'!$C$9:$T$554,18,0) -> 51 | V78: 100003585 | W78: 0 | X78: 0 | Y78: 0 | AA78: 100003585 | AB78: 0 | AC78: 0 | AD78: 51 | AE78: 51 | AF78: 41 | AG78: 892301 | AI78: 100003585 | AJ78: 0 | AK78: 0 | AL78: 51 | AM78: 51 | AN78: 41 | AO78: 1349483
A79: 73 | B79: ALFANI | C79: 100003592 | D79: 0 | E79: 85 | F79: 0 | G79: 0 | H79: 85 | I79: 0 | J79: 0 | K79: 0 | N79: 100003592 | O79: 0 | P79: 0 | Q79: 85 | R79: 85 | S79: 1478001 | T79: 0.35 | U79: =VLOOKUP(N79,'[2]154'!$C$9:$T$554,18,0) -> 85 | V79: 100003592 | W79: 0 | X79: 0 | Y79: 0 | AA79: 100003592 | AB79: 0 | AC79: 0 | AD79: 85 | AE79: 85 | AF79: 68 | AG79: 600835 | AI79: 100003592 | AJ79: 0 | AK79: 0 | AL79: 85 | AM79: 85 | AN79: 68 | AO79: 877166
A80: 74 | B80: ALFANI | C80: 100004432 | D80: 0 | E80: 24 | F80: 0 | G80: 0 | H80: 24 | I80: 0 | J80: 0 | K80: 0 | N80: 100004432 | O80: 0 | P80: 0 | Q80: 24 | R80: 24 | S80: 1518931 | T80: 0.35 | U80: =VLOOKUP(N80,'[2]154'!$C$9:$T$554,18,0) -> 24 | V80: 100004432 | W80: 0 | X80: 0 | Y80: 0 | AA80: 100004432 | AB80: 0 | AC80: 0 | AD80: 24 | AE80: 24 | AF80: 19 | AG80: 617474 | AI80: 100004432 | AJ80: 0 | AK80: 0 | AL80: 24 | AM80: 24 | AN80: 19 | AO80: 901457
A81: 75 | B81: ALFANI | C81: 100008196 | D81: 0 | E81: 337 | F81: 0 | G81: 0 | H81: 337 | I81: 0 | J81: 0 | K81: 0 | N81: 100008196 | O81: 0 | P81: 0 | Q81: 337 | R81: 337 | S81: 11380717 | T81: 0.36 | U81: =VLOOKUP(N81,'[2]154'!$C$9:$T$554,18,0) -> 337 | V81: 100008196 | W81: 0 | X81: 0 | Y81: 0 | AA81: 100008196 | AB81: 0 | AC81: 0 | AD81: 337 | AE81: 337 | AF81: 270 | AG81: 4506377 | AI81: 100008196 | AJ81: 0 | AK81: 0 | AL81: 337 | AM81: 337 | AN81: 270 | AO81: 6874340
A82: 76 | B82: ALFANI | C82: 100008212 | D82: 0 | E82: 85 | F82: 0 | G82: 0 | H82: 85 | I82: 0 | J82: 0 | K82: 0 | N82: 100008212 | O82: 0 | P82: 0 | Q82: 85 | R82: 85 | S82: 2907863 | T82: 0.35 | U82: =VLOOKUP(N82,'[2]154'!$C$9:$T$554,18,0) -> 85 | V82: 100008212 | W82: 0 | X82: 0 | Y82: 0 | AA82: 100008212 | AB82: 0 | AC82: 0 | AD82: 85 | AE82: 85 | AF82: 68 | AG82: 1182101 | AI82: 100008212 | AJ82: 0 | AK82: 0 | AL82: 85 | AM82: 85 | AN82: 68 | AO82: 1725762
... A86: 80 | B86: ALFANI | C86: 74401 | D86: 11001 | E86: 4111 | F86: 0 | G86: 0 | H86: 4111 | I86: 6890 | J86: 0 | K86: 6890 | N86: 74401 | O86: 0 | P86: 0 | Q86: 4111 | R86: 4111 | S86: 28419278 | T86: 0.36 | U86: =VLOOKUP(N86,'[2]154'!$C$9:$T$554,18,0) -> 0 | V86: 74401 | W86: 6890 | X86: 7750.1861 | Y86: 53398782 | AA86: 74401 | AB86: 0 | AC86: 0 | AD86: 4111 | AE86: 4111 | AF86: 3289 | AG86: 9621461 | AI86: 74401 | AJ86: 0 | AK86: 0 | AL86: 4111 | AM86: 4111 | AN86: 3289 | AO86: 18797817
A87: 81 | B87: ALFANI | C87: 7X733 | D87: 0 | E87: 65 | F87: 0 | G87: 0 | H87: 65 | I87: 0 | J87: 0 | K87: 0 | N87: 7X733 | O87: 0 | P87: 0 | Q87: 65 | R87: 65 | S87: 1586194 | T87: 0.35 | U87: =VLOOKUP(N87,'[2]154'!$C$9:$T$554,18,0) -> 101 | V87: 7X733 | W87: 0 | X87: 0 | Y87: 0 | AA87: 7X733 | AB87: 0 | AC87: 0 | AD87: 65 | AE87: 65 | AF87: 52 | AG87: 666232 | AI87: 7X733 | AJ87: 0 | AK87: 0 | AL87: 65 | AM87: 65 | AN87: 52 | AO87: 919962
A88: 82 | B88: ANN TAYLOR | C88: 452172(456261) | D88: 0 | E88: 329 | F88: 0 | G88: 0 | H88: 329 | I88: 0 | J88: 0 | K88: 0 | N88: 452172(456261) | O88: 0 | P88: 0 | Q88: 329 | R88: 329 | S88: 4483405 | T88: 2.15 | U88: =VLOOKUP(N88,'[2]154'!$C$9:$T$554,18,0) -> 329 | V88: 452172(456261) | W88: 0 | X88: 0 | Y88: 0 | AA88: 452172(456261) | AB88: 0 | AC88: 0 | AD88: 329 | AE88: 329 | AF88: 263 | AG88: 1822588 | AI88: 452172(456261) | AJ88: 0 | AK88: 0 | AL88: 329 | AM88: 329 | AN88: 263 | AO88: 2660817
A89: 83 | B89: ANN TAYLOR | C89: 453516(456278) | D89: 0 | E89: 440 | F89: 0 | G89: 0 | H89: 440 | I89: 0 | J89: 0 | K89: 0 | N89: 453516(456278) | O89: 0 | P89: 0 | Q89: 440 | R89: 440 | S89: 13185643 | T89: 1.75 | U89: =VLOOKUP(N89,'[2]154'!$C$9:$T$554,18,0) -> 440 | V89: 453516(456278) | W89: 0 | X89: 0 | Y89: 0 | AA89: 453516(456278) | AB89: 0 | AC89: 0 | AD89: 440 | AE89: 440 | AF89: 352 | AG89: 5360211 | AI89: 453516(456278) | AJ89: 0 | AK89: 0 | AL89: 440 | AM89: 440 | AN89: 352 | AO89: 7825432
A90: 84 | B90: ANN TAYLOR | C90: 453609 | D90: 0 | E90: 121 | F90: 0 | G90: 0 | H90: 121 | I90: 0 | J90: 0 | K90: 0 | N90: 453609 | O90: 0 | P90: 0 | Q90: 121 | R90: 121 | S90: 3636259 | T90: 1.75 | U90: =VLOOKUP(N90,'[2]154'!$C$9:$T$554,18,0) -> 121 | V90: 453609 | W90: 0 | X90: 0 | Y90: 0 | AA90: 453609 | AB90: 0 | AC90: 0 | AD90: 121 | AE90: 121 | AF90: 97 | AG90: 1478207 | AI90: 453609 | AJ90: 0 | AK90: 0 | AL90: 121 | AM90: 121 | AN90: 97 | AO90: 2158052
A91: 85 | B91: ANN TAYLOR | C91: 455129 | D91: 0 | E91: 97 | F91: 0 | G91: 0 | H91: 97 | I91: 0 | J91: 0 | K91: 0 | N91: 455129 | O91: 0 | P91: 0 | Q91: 97 | R91: 97 | S91: 3567264 | T91: 0.35 | U91: =VLOOKUP(N91,'[2]154'!$C$9:$T$554,18,0) -> 97 | V91: 455129 | W91: 0 | X91: 0 | Y91: 0 | AA91: 455129 | AB91: 0 | AC91: 0 | AD91: 97 | AE91: 97 | AF91: 78 | AG91: 1450160 | AI91: 455129 | AJ91: 0 | AK91: 0 | AL91: 97 | AM91: 97 | AN91: 78 | AO91: 2117104
A92: 86 | B92: ANN TAYLOR | C92: 455571 | D92: 0 | E92: 491 | F92: 0 | G92: 0 | H92: 491 | I92: 0 | J92: 13 | K92: 13 | N92: 455571 | O92: 0 | P92: 0 | Q92: 491 | R92: 491 | S92: 17049015 | T92: 0.35 | U92: =VLOOKUP(N92,'[2]154'!$C$9:$T$554,18,0) -> 491 | V92: 455571 | W92: 13 | X92: 42654.692 | Y92: 554511 | AA92: 455571 | AB92: 0 | AC92: 0 | AD92: 491 | AE92: 491 | AF92: 393 | AG92: 6734967 | AI92: 455571 | AJ92: 0 | AK92: 0 | AL92: 491 | AM92: 491 | AN92: 393 | AO92: 10314048
A93: 87 | B93: ANN TAYLOR | C93: 456532(456692) | D93: 0 | E93: 143 | F93: 0 | G93: 0 | H93: 143 | I93: 0 | J93: 200 | K93: 200 | N93: 456532(456692) | O93: 0 | P93: 0 | Q93: 143 | R93: 143 | S93: 4266999 | T93: 1.75 | U93: =VLOOKUP(N93,'[2]154'!$C$9:$T$554,18,0) -> 143 | V93: 456532(456692) | W93: 200 | X93: 37395.205 | Y93: 7479041 | AA93: 456532(456692) | AB93: 0 | AC93: 0 | AD93: 143 | AE93: 143 | AF93: 114 | AG93: 1734615 | AI93: 456532(456692) | AJ93: 0 | AK93: 0 | AL93: 143 | AM93: 143 | AN93: 114 | AO93: 2532384
A94: 88 | B94: BUFFALO | C94: KCL0026 | D94: 0 | E94: 36 | F94: 0 | G94: 0 | H94: 36 | I94: 0 | J94: 0 | K94: 0 | N94: KCL0026 | O94: 0 | P94: 0 | Q94: 36 | R94: 36 | S94: 558053 | T94: 0.9 | U94: =VLOOKUP(N94,'[2]154'!$C$9:$T$554,18,0) -> 36 | V94: KCL0026 | W94: 0 | X94: 0 | Y94: 0 | AA94: KCL0026 | AB94: 0 | AC94: 0 | AD94: 36 | AE94: 36 | AF94: 29 | AG94: 226859 | AI94: KCL0026 | AJ94: 0 | AK94: 0 | AL94: 36 | AM94: 36 | AN94: 29 | AO94: 331194
A95: 89 | B95: INC | C95: 100007764 | D95: 57594 | E95: 1283 | F95: 0 | G95: 32 | H95: 1251 | I95: 0 | J95: 0 | K95: 0 | N95: 100007764 | O95: 0 | P95: 32 | Q95: 1251 | R95: 1283 | S95: 60283573 | T95: 0.35 | U95: =VLOOKUP(N95,'[2]154'!$C$9:$T$554,18,0) -> 1283 | V95: 100007764 | W95: 0 | X95: 0 | Y95: 0 | AA95: 100007764 | AB95: 0 | AC95: 32 | AD95: 1251 | AE95: 1283 | AF95: 1017 | AG95: 25313353 | AI95: 100007764 | AJ95: 0 | AK95: 32 | AL95: 1251 | AM95: 1283 | AN95: 1017 | AO95: 34970220
A96: 90 | B96: INC | C96: 100007863 | D96: 0 | E96: 43 | F96: 0 | G96: 0 | H96: 43 | I96: 0 | J96: 0 | K96: 0 | N96: 100007863 | O96: 0 | P96: 0 | Q96: 43 | R96: 43 | S96: 3634829 | T96: 7 | U96: =VLOOKUP(N96,'[2]154'!$C$9:$T$554,18,0) -> 43 | V96: 100007863 | W96: 0 | X96: 0 | Y96: 0 | AA96: 100007863 | AB96: 0 | AC96: 0 | AD96: 43 | AE96: 43 | AF96: 34 | AG96: 1477626 | AI96: 100007863 | AJ96: 0 | AK96: 0 | AL96: 43 | AM96: 43 | AN96: 34 | AO96: 2157203
A97: 91 | B97: INC | C97: 100009688 | D97: 0 | E97: 48 | F97: 0 | G97: 0 | H97: 48 | I97: 0 | J97: 0 | K97: 0 | N97: 100009688 | O97: 0 | P97: 0 | Q97: 48 | R97: 48 | S97: 2599972 | T97: 0.36 | U97: =VLOOKUP(N97,'[2]154'!$C$9:$T$554,18,0) -> 48 | V97: 100009688 | W97: 0 | X97: 0 | Y97: 0 | AA97: 100009688 | AB97: 0 | AC97: 0 | AD97: 48 | AE97: 48 | AF97: 38 | AG97: 1056937 | AI97: 100009688 | AJ97: 0 | AK97: 0 | AL97: 48 | AM97: 48 | AN97: 38 | AO97: 1543035
A98: 92 | B98: INC | C98: 100012436 | D98: 0 | E98: 88 | F98: 0 | G98: 0 | H98: 88 | I98: 0 | J98: 0 | K98: 0 | N98: 100012436 | O98: 0 | P98: 0 | Q98: 88 | R98: 88 | S98: 4789422 | T98: 3.2 | U98: =VLOOKUP(N98,'[2]154'!$C$9:$T$554,18,0) -> 88 | V98: 100012436 | W98: 0 | X98: 0 | Y98: 0 | AA98: 100012436 | AB98: 0 | AC98: 0 | AD98: 88 | AE98: 88 | AF98: 70 | AG98: 1946990 | AI98: 100012436 | AJ98: 0 | AK98: 0 | AL98: 88 | AM98: 88 | AN98: 70 | AO98: 2842432
A99: 93 | B99: INC | C99: 100012476 | D99: 0 | E99: 168 | F99: 0 | G99: 0 | H99: 168 | I99: 0 | J99: 0 | K99: 0 | N99: 100012476 | O99: 0 | P99: 0 | Q99: 168 | R99: 168 | S99: 9189286 | T99: 3.2 | U99: =VLOOKUP(N99,'[2]154'!$C$9:$T$554,18,0) -> 168 | V99: 100012476 | W99: 0 | X99: 0 | Y99: 0 | AA99: 100012476 | AB99: 0 | AC99: 0 | AD99: 168 | AE99: 168 | AF99: 134 | AG99: 3735617 | AI99: 100012476 | AJ99: 0 | AK99: 0 | AL99: 168 | AM99: 168 | AN99: 134 | AO99: 5453669
A100: 94 | B100: INC | C100: 100013564 | D100: 0 | E100: 198 | F100: 0 | G100: 0 | H100: 198 | I100: 0 | J100: 0 | K100: 0 | N100: 100013564 | O100: 0 | P100: 0 | Q100: 198 | R100: 198 | S100: 11486059 | T100: 0.36 | U100: =VLOOKUP(N100,'[2]154'!$C$9:$T$554,18,0) -> 198 | V100: 100013564 | W100: 0 | X100: 0 | Y100: 0 | AA100: 100013564 | AB100: 0 | AC100: 0 | AD100: 198 | AE100: 198 | AF100: 158 | AG100: 4669298 | AI100: 100013564 | AJ100: 0 | AK100: 0 | AL100: 198 | AM100: 198 | AN100: 158 | AO100: 6816761
A101: 95 | B101: J JILL | C101: KDR112751 | D101: 0 | E101: 104 | F101: 0 | G101: 0 | H101: 104 | I101: 0 | J101: 0 | K101: 0 | N101: KDR112751 | O101: 0 | P101: 0 | Q101: 104 | R101: 104 | S101: 5501420 | T101: 0.36 | U101: =VLOOKUP(N101,'[2]154'!$C$9:$T$554,18,0) -> 104 | V101: KDR112751 | W101: 0 | X101: 0 | Y101: 0 | AA101: KDR112751 | AB101: 0 | AC101: 0 | AD101: 104 | AE101: 104 | AF101: 83 | AG101: 2236430 | AI101: KDR112751 | AJ101: 0 | AK101: 0 | AL101: 104 | AM101: 104 | AN101: 83 | AO101: 3264990
A102: 96 | B102: J JILL | C102: KJT112641 | D102: 0 | E102: 278 | F102: 0 | G102: 0 | H102: 278 | I102: 0 | J102: 0 | K102: 0 | N102: KJT112641 | O102: 0 | P102: 0 | Q102: 278 | R102: 278 | S102: 19246384 | T102: 0.35 | U102: =VLOOKUP(N102,'[2]154'!$C$9:$T$554,18,0) -> 278 | V102: KJT112641 | W102: 0 | X102: 0 | Y102: 0 | AA102: KJT112641 | AB102: 0 | AC102: 0 | AD102: 278 | AE102: 278 | AF102: 222 | AG102: 7623342 | AI102: KJT112641 | AJ102: 0 | AK102: 0 | AL102: 278 | AM102: 278 | AN102: 222 | AO102: 11623042
A103: 97 | B103: J JILL | C103: KJT113771 | D103: 0 | E103: 115 | F103: 0 | G103: 0 | H103: 115 | I103: 0 | J103: 0 | K103: 0 | N103: KJT113771 | O103: 0 | P103: 0 | Q103: 115 | R103: 115 | S103: 9048587 | T103: 4.6 | U103: =VLOOKUP(N103,'[2]154'!$C$9:$T$554,18,0) -> 115 | V103: KJT113771 | W103: 0 | X103: 0 | Y103: 0 | AA103: KJT113771 | AB103: 0 | AC103: 0 | AD103: 115 | AE103: 115 | AF103: 92 | AG103: 3678420 | AI103: KJT113771 | AJ103: 0 | AK103: 0 | AL103: 115 | AM103: 115 | AN103: 92 | AO103: 5370167
A104: 98 | B104: J JILL | C104: KPT128561 | D104: 136100 | E104: 10739 | F104: 2919 | G104: 2829 | H104: 4991 | I104: 1331 | J104: 55 | K104: 1386 | N104: KPT128561 | O104: 2919 | P104: 2829 | Q104: 4991 | R104: 10739 | S104: 213956562 | T104: 1.53 | U104: =VLOOKUP(N104,'[2]154'!$C$9:$T$554,18,0) -> 5979 | V104: KPT128561 | W104: 1386 | X104: 31150.17 | Y104: 43174135 | AA104: KPT128561 | AB104: 2919 | AC104: 2829 | AD104: 4991 | AE104: 10739 | AF104: 5991 | AG104: 74943778 | AI104: KPT128561 | AJ104: 2919 | AK104: 2829 | AL104: 4991 | AM104: 10739 | AN104: 5991 | AO104: 139012784
A105: 99 | B105: J JILL | C105: KTP101721 | D105: 0 | E105: 440 | F105: 0 | G105: 0 | H105: 440 | I105: 0 | J105: 0 | K105: 0 | N105: KTP101721 | O105: 0 | P105: 0 | Q105: 440 | R105: 440 | S105: 21816366 | T105: 0.36 | U105: =VLOOKUP(N105,'[2]154'!$C$9:$T$554,18,0) -> 440 | V105: KTP101721 | W105: 0 | X105: 0 | Y105: 0 | AA105: KTP101721 | AB105: 0 | AC105: 0 | AD105: 440 | AE105: 440 | AF105: 352 | AG105: 8868761 | AI105: KTP101721 | AJ105: 0 | AK105: 0 | AL105: 440 | AM105: 440 | AN105: 352 | AO105: 12947605
A106: 100 | B106: J JILL | C106: KTP109571 | D106: 0 | E106: 79 | F106: 0 | G106: 0 | H106: 79 | I106: 0 | J106: 0 | K106: 0 | N106: KTP109571 | O106: 0 | P106: 0 | Q106: 79 | R106: 79 | S106: 3223237 | T106: 0.35 | U106: =VLOOKUP(N106,'[2]154'!$C$9:$T$554,18,0) -> 79 | V106: KTP109571 | W106: 0 | X106: 0 | Y106: 0 | AA106: KTP109571 | AB106: 0 | AC106: 0 | AD106: 79 | AE106: 79 | AF106: 63 | AG106: 1310306 | AI106: KTP109571 | AJ106: 0 | AK106: 0 | AL106: 79 | AM106: 79 | AN106: 63 | AO106: 1912931
A107: 101 | B107: J JILL | C107: KTP109581 | D107: 0 | E107: 434 | F107: 0 | G107: 0 | H107: 434 | I107: 0 | J107: 0 | K107: 0 | N107: KTP109581 | O107: 0 | P107: 0 | Q107: 434 | R107: 434 | S107: 23757521 | T107: 3.1 | U107: =VLOOKUP(N107,'[2]154'!$C$9:$T$554,18,0) -> 434 | V107: KTP109581 | W107: 0 | X107: 0 | Y107: 0 | AA107: KTP109581 | AB107: 0 | AC107: 0 | AD107: 434 | AE107: 434 | AF107: 347 | AG107: 9772047 | AI107: KTP109581 | AJ107: 0 | AK107: 0 | AL107: 434 | AM107: 434 | AN107: 347 | AO107: 13985474
A108: 102 | B108: J JILL | C108: KTP112701 | D108: 0 | E108: 727 | F108: 0 | G108: 0 | H108: 727 | I108: 0 | J108: 0 | K108: 0 | N108: KTP112701 | O108: 0 | P108: 0 | Q108: 727 | R108: 727 | S108: 31403390 | T108: 0.36 | U108: =VLOOKUP(N108,'[2]154'!$C$9:$T$554,18,0) -> 727 | V108: KTP112701 | W108: 0 | X108: 0 | Y108: 0 | AA108: KTP112701 | AB108: 0 | AC108: 0 | AD108: 727 | AE108: 727 | AF108: 582 | AG108: 12680520 | AI108: KTP112701 | AJ108: 0 | AK108: 0 | AL108: 727 | AM108: 727 | AN108: 582 | AO108: 18722870
A109: 103 | B109: JONES NY | C109: JMML9R1668 | D109: 0 | E109: 614 | F109: 0 | G109: 0 | H109: 614 | I109: 0 | J109: 0 | K109: 0 | N109: JMML9R1668 | O109: 0 | P109: 0 | Q109: 614 | R109: 614 | S109: 10498242 | T109: 0.35 | U109: =VLOOKUP(N109,'[2]154'!$C$9:$T$554,18,0) -> 614 | V109: JMML9R1668 | W109: 0 | X109: 0 | Y109: 0 | AA109: JMML9R1668 | AB109: 0 | AC109: 0 | AD109: 614 | AE109: 614 | AF109: 491 | AG109: 4267732 | AI109: JMML9R1668 | AJ109: 0 | AK109: 0 | AL109: 614 | AM109: 614 | AN109: 491 | AO109: 6230510
...

Sheet CUTTING ON JUNE
B2: =SUBTOTAL(9,B4:B316) -> 2216793 | C2: =SUBTOTAL(9,C4:C317) -> 2668730 | D2: =SUBTOTAL(9,D4:D316) -> 451937 | E2: =SUBTOTAL(9,E4:E316) -> 452384 | F2: =+E2-D2 -> 447
A3: STYLE | B3: ĐẦU KỲ | C3: TỔNG CẮT | D3: TĂNG CẮT | E3: TĂNG THỰC TẾ | F3: CHÊNH LỆCH
A4: 69717 | B4: 12331 | C4: 12331 | D4: =+C4-B4 -> 0 | E4: 0 | F4: =+E4-D4 -> 0
A5: 74211 | B5: 3960 | C5: 3960 | D5: =+C5-B5 -> 0 | E5: 0 | F5: =+E5-D5 -> 0
A6: 2072 | B6: 142225 | C6: 159688 | D6: =+C6-B6 -> 17463 | E6: 17463 | F6: =+E6-D6 -> 0
A7: KPT001611 | B7: 89849 | C7: 89849 | D7: =+C7-B7 -> 0 | E7: 0 | F7: =+E7-D7 -> 0
A8: KPT101081 | B8: 45884 | C8: =+B8+4453 -> 50337 | D8: =+C8-B8 -> 4453 | E8: 4453 | F8: =+E8-D8 -> 0
A9: 100004407 | B9: 14942 | C9: 14942 | D9: =+C9-B9 -> 0 | E9: 0 | F9: =+E9-D9 -> 0
A10: 68416 | B10: 2385 | C10: =+B10+32 -> 2417 | D10: =+C10-B10 -> 32 | E10: 32 | F10: =+E10-D10 -> 0
A11: 7X708 | B11: 7574 | C11: 7574 | D11: =+C11-B11 -> 0 | E11: 0 | F11: =+E11-D11 -> 0
A12: 100010579 | B12: 13189 | C12: =+B12+859 -> 14048 | D12: =+C12-B12 -> 859 | E12: 859 | F12: =+E12-D12 -> 0
A13: 100003227 | B13: 10247 | C13: 10247 | D13: =+C13-B13 -> 0 | E13: 0 | F13: =+E13-D13 -> 0
A14: 100005705 | B14: 5880 | C14: 5880 | D14: =+C14-B14 -> 0 | E14: 0 | F14: =+E14-D14 -> 0
A15: 100008197 | B15: 9784 | C15: 9784 | D15: =+C15-B15 -> 0 | E15: 0 | F15: =+E15-D15 -> 0
A16: 2335 | B16: 23823 | C16: 23823 | D16: =+C16-B16 -> 0 | E16: 0 | F16: =+E16-D16 -> 0
A17: 7220 | B17: 5987 | C17: 5987 | D17: =+C17-B17 -> 0 | E17: 0 | F17: =+E17-D17 -> 0
A18: 6D398 | B18: 11576 | C18: =21642+6 -> 21648 | D18: =+C18-B18 -> 10072 | E18: 10072 | F18: =+E18-D18 -> 0
A19: 100003506 | B19: 0 | C19: 3080 | D19: =+C19-B19 -> 3080 | E19: 3080 | F19: =+E19-D19 -> 0
A20: 100009597 | B20: 17282 | C20: 17282 | D20: =+C20-B20 -> 0 | E20: 0 | F20: =+E20-D20 -> 0
A21: 74401 | B21: 11001 | C21: 11006 | D21: =+C21-B21 -> 5 | E21: 5 | F21: =+E21-D21 -> 0
A22: 100007764 | B22: 57594 | C22: 57594 | D22: =+C22-B22 -> 0 | E22: 0 | F22: =+E22-D22 -> 0
A23: KPT128561 | B23: 136100 | C23: =+B23+1036 -> 137136 | D23: =+C23-B23 -> 1036 | E23: 1036 | F23: =+E23-D23 -> 0
A24: 100003599 | B24: 0 | C24: 4614 | D24: =+C24-B24 -> 4614 | E24: 4614 | F24: =+E24-D24 -> 0
A25: 69216 | B25: 160 | C25: 160 | D25: =+C25-B25 -> 0 | E25: 0 | F25: =+E25-D25 -> 0
A26: 100008704 | B26: 8432 | C26: 8432 | D26: =+C26-B26 -> 0 | E26: 0 | F26: =+E26-D26 -> 0
A27: 100008709 | B27: 0 | C27: 4892 | D27: =+C27-B27 -> 4892 | E27: 4892 | F27: =+E27-D27 -> 0
A28: 100008749 | B28: 0 | C28: 5640 | D28: =+C28-B28 -> 5640 | E28: 5640 | F28: =+E28-D28 -> 0
A29: 100009618 | B29: 0 | C29: 1578 | D29: =+C29-B29 -> 1578 | E29: 1578 | F29: =+E29-D29 -> 0
A30: 100016320 | B30: 11804 | C30: 11804 | D30: =+C30-B30 -> 0 | E30: 0 | F30: =+E30-D30 -> 0
A31: 100017250 | B31: 0 | C31: 1043 | D31: =+C31-B31 -> 1043 | E31: 1043 | F31: =+E31-D31 -> 0
A32: S-69717 | B32: 5784 | C32: 5784 | D32: =+C32-B32 -> 0 | E32: 0 | F32: =+E32-D32 -> 0
A33: KPT128571 | B33: 18913 | C33: 18913 | D33: =+C33-B33 -> 0 | E33: 0 | F33: =+E33-D33 -> 0
A34: KPT128581 | B34: 5208 | C34: 5208 | D34: =+C34-B34 -> 0 | E34: 0 | F34: =+E34-D34 -> 0
A35: 466852 | B35: 9244 | C35: 9244 | D35: =+C35-B35 -> 0 | E35: 0 | F35: =+E35-D35 -> 0
A36: 100008598 | B36: 4348 | C36: 4348 | D36: =+C36-B36 -> 0 | E36: 0 | F36: =+E36-D36 -> 0
A37: 100008605 | B37: 6330 | C37: 6330 | D37: =+C37-B37 -> 0 | E37: 0 | F37: =+E37-D37 -> 0
A38: 100008660 | B38: 4774 | C38: 4774 | D38: =+C38-B38 -> 0 | E38: 0 | F38: =+E38-D38 -> 0
A39: 100008746 | B39: 773 | C39: 773 | D39: =+C39-B39 -> 0 | E39: 0 | F39: =+E39-D39 -> 0
A40: 100009622 | B40: 2284 | C40: 2284 | D40: =+C40-B40 -> 0 | E40: 0 | F40: =+E40-D40 -> 0
A41: 100015352 | B41: 9258 | C41: 9258 | D41: =+C41-B41 -> 0 | E41: 0 | F41: =+E41-D41 -> 0
A42: 100015355 | B42: 4812 | C42: 4812 | D42: =+C42-B42 -> 0 | E42: 0 | F42: =+E42-D42 -> 0
A43: 100015669 | B43: 1170 | C43: =+B43+6295 -> 7465 | D43: =+C43-B43 -> 6295 | E43: 6295 | F43: =+E43-D43 -> 0
A44: 100018310 | B44: 7710 | C44: 7710 | D44: =+C44-B44 -> 0 | E44: 0 | F44: =+E44-D44 -> 0
A45: 100021064 | B45: 3723 | C45: 3723 | D45: =+C45-B45 -> 0 | E45: 0 | F45: =+E45-D45 -> 0
A46: 73301 | B46: 17543 | C46: =+B46+3765 -> 21308 | D46: =+C46-B46 -> 3765 | E46: 3765 | F46: =+E46-D46 -> 0
A47: 74902 | B47: 11031 | C47: 11031 | D47: =+C47-B47 -> 0 | E47: 0 | F47: =+E47-D47 -> 0
A48: 75303 | B48: 9025 | C48: 9025 | D48: =+C48-B48 -> 0 | E48: 0 | F48: =+E48-D48 -> 0
A49: 457802 | B49: 32384 | C49: 32384 | D49: =+C49-B49 -> 0 | E49: 0 | F49: =+E49-D49 -> 0
A50: 457815 | B50: 3519 | C50: 3519 | D50: =+C50-B50 -> 0 | E50: 0 | F50: =+E50-D50 -> 0
A51: 460588 | B51: 6820 | C51: 6820 | D51: =+C51-B51 -> 0 | E51: 0 | F51: =+E51-D51 -> 0
A52: 460591 | B52: 7440 | C52: 7440 | D52: =+C52-B52 -> 0 | E52: 0 | F52: =+E52-D52 -> 0
A53: 461609 | B53: 18336 | C53: 18336 | D53: =+C53-B53 -> 0 | E53: 0 | F53: =+E53-D53 -> 0
A54: 464818 | B54: 16492 | C54: 16492 | D54: =+C54-B54 -> 0 | E54: 0 | F54: =+E54-D54 -> 0
A55: 465184 | B55: 10251 | C55: 10251 | D55: =+C55-B55 -> 0 | E55: 0 | F55: =+E55-D55 -> 0
A56: 465409 | B56: 14872 | C56: 14872 | D56: =+C56-B56 -> 0 | E56: 0 | F56: =+E56-D56 -> 0
A57: 100010055 | B57: 2729 | C57: 2729 | D57: =+C57-B57 -> 0 | E57: 0 | F57: =+E57-D57 -> 0
A58: 100013421 | B58: 19570 | C58: 19570 | D58: =+C58-B58 -> 0 | E58: 0 | F58: =+E58-D58 -> 0
... A61: 77511 | B61: 10287 | C61: 10287 | D61: =+C61-B61 -> 0 | E61: 0 | F61: =+E61-D61 -> 0
A62: KTP118131 | B62: 13099 | C62: 13099 | D62: =+C62-B62 -> 0 | E62: 0 | F62: =+E62-D62 -> 0
A63: KTP121661 | B63: 13517 | C63: 13517 | D63: =+C63-B63 -> 0 | E63: 0 | F63: =+E63-D63 -> 0
A64: 100015354 | B64: 9786 | C64: 9786 | D64: =+C64-B64 -> 0 | E64: 0 | F64: =+E64-D64 -> 0
A65: 468248 | B65: 10996 | C65: 10996 | D65: =+C65-B65 -> 0 | E65: 0 | F65: =+E65-D65 -> 0
A66: 16661 | B66: 2736 | C66: 2736 | D66: =+C66-B66 -> 0 | E66: 0 | F66: =+E66-D66 -> 0
A67: 75740 | B67: 995 | C67: 995 | D67: =+C67-B67 -> 0 | E67: 0 | F67: =+E67-D67 -> 0
A68: 76733 | B68: 1514 | C68: 1514 | D68: =+C68-B68 -> 0 | E68: 0 | F68: =+E68-D68 -> 0
A69: 467914 | B69: 5976 | C69: 5976 | D69: =+C69-B69 -> 0 | E69: 0 | F69: =+E69-D69 -> 0
A70: 468229 | B70: 20315 | C70: 20315 | D70: =+C70-B70 -> 0 | E70: 0 | F70: =+E70-D70 -> 0
A71: 468230 | B71: 13350 | C71: 13350 | D71: =+C71-B71 -> 0 | E71: 0 | F71: =+E71-D71 -> 0
A72: 468249 | B72: 12864 | C72: 12864 | D72: =+C72-B72 -> 0 | E72: 0 | F72: =+E72-D72 -> 0
A73: 100013593 | B73: 1062 | C73: 1062 | D73: =+C73-B73 -> 0 | E73: 0 | F73: =+E73-D73 -> 0
A74: 100014855 | B74: 2098 | C74: 2098 | D74: =+C74-B74 -> 0 | E74: 0 | F74: =+E74-D74 -> 0
A75: 100015130 | B75: 2720 | C75: 2720 | D75: =+C75-B75 -> 0 | E75: 0 | F75: =+E75-D75 -> 0
... A140: 471857 | B140: 4690 | C140: 4690 | D140: =+C140-B140 -> 0 | E140: 0 | F140: =+E140-D140 -> 0
A141: KTP122131 | B141: 12498 | C141: 12498 | D141: =+C141-B141 -> 0 | E141: 0 | F141: =+E141-D141 -> 0
A142: KTP124011 | B142: 15421 | C142: 15421 | D142: =+C142-B142 -> 0 | E142: 0 | F142: =+E142-D142 -> 0
A143: KTP124021 | B143: 7167 | C143: 7167 | D143: =+C143-B143 -> 0 | E143: 0 | F143: =+E143-D143 -> 0
A144: 100023338 | B144: 6730 | C144: 6730 | D144: =+C144-B144 -> 0 | E144: 0 | F144: =+E144-D144 -> 0
A145: 2072S | B145: 9502 | C145: 9502 | D145: =+C145-B145 -> 0 | E145: 0 | F145: =+E145-D145 -> 0
A146: 100025351 | B146: 1125 | C146: 1125 | D146: =+C146-B146 -> 0 | E146: 0 | F146: =+E146-D146 -> 0
A147: 182034821 | B147: 11876 | C147: 11876 | D147: =+C147-B147 -> 0 | E147: 0 | F147: =+E147-D147 -> 0
A148: 182034836 | B148: 3006 | C148: 3006 | D148: =+C148-B148 -> 0 | E148: 0 | F148: =+E148-D148 -> 0
A149: 182034837 | B149: 810 | C149: 810 | D149: =+C149-B149 -> 0 | E149: 0 | F149: =+E149-D149 -> 0
A150: KPT122931 | B150: 11564 | C150: 12182 | D150: =+C150-B150 -> 618 | E150: 618 | F150: =+E150-D150 -> 0
A151: 465318 | B151: 6582 | C151: 6582 | D151: =+C151-B151 -> 0 | E151: 0 | F151: =+E151-D151 -> 0
A152: 465985 | B152: 9760 | C152: 9760 | D152: =+C152-B152 -> 0 | E152: 0 | F152: =+E152-D152 -> 0
A153: 466092 | B153: 1691 | C153: 1691 | D153: =+C153-B153 -> 0 | E153: 0 | F153: =+E153-D153 -> 0
A154: 470322 | B154: 6479 | C154: 6479 | D154: =+C154-B154 -> 0 | E154: 0 | F154: =+E154-D154 -> 0
A155: 471823 | B155: 9254 | C155: 9254 | D155: =+C155-B155 -> 0 | E155: 0 | F155: =+E155-D155 -> 0
A156: 471825 | B156: 965 | C156: 965 | D156: =+C156-B156 -> 0 | E156: 0 | F156: =+E156-D156 -> 0
A157: 472140 | B157: 1526 | C157: 1526 | D157: =+C157-B157 -> 0 | E157: 0 | F157: =+E157-D157 -> 0
A158: 472629 | B158: 5498 | C158: 5498 | D158: =+C158-B158 -> 0 | E158: 0 | F158: =+E158-D158 -> 0
A159: 100015200 | B159: 2891 | C159: 2891 | D159: =+C159-B159 -> 0 | E159: 0 | F159: =+E159-D159 -> 0
A160: 100015306 | B160: 2410 | C160: 2410 | D160: =+C160-B160 -> 0 | E160: 0 | F160: =+E160-D160 -> 0
A161: 100016101 | B161: 2509 | C161: 2509 | D161: =+C161-B161 -> 0 | E161: 0 | F161: =+E161-D161 -> 0
A162: 100017974 | B162: 9562 | C162: 9562 | D162: =+C162-B162 -> 0 | E162: 0 | F162: =+E162-D162 -> 0
... A164: 100018175 | B164: 13068 | C164: 13068 | D164: =+C164-B164 -> 0 | E164: 0 | F164: =+E164-D164 -> 0
A165: 100018176 | B165: 6108 | C165: 10603 | D165: =+C165-B165 -> 4495 | E165: 4495 | F165: =+E165-D165 -> 0 | G165: Tăng cắt số order này
A166: 100018178 | B166: 997 | C166: 997 | D166: =+C166-B166 -> 0 | E166: 0 | F166: =+E166-D166 -> 0
A167: 100018179 | B167: 1784 | C167: 1784 | D167: =+C167-B167 -> 0 | E167: 0 | F167: =+E167-D167 -> 0
A168: 100018235 | B168: 3845 | C168: 3845 | D168: =+C168-B168 -> 0 | E168: 0 | F168: =+E168-D168 -> 0
...

Sheet CUTTING ON MAY
A1: CHOI&SHIN'S VINA CO., LTD
A3: BÁO CÁO CẮT THÁNG 05/2018
B4: =SUBTOTAL(9,B6:B467) -> 492348 | C4: =SUBTOTAL(9,C6:C470) -> 934247 | D4: =SUBTOTAL(9,D6:D470) -> 441899 | E4: =SUBTOTAL(9,E6:E470) -> 438830 | F4: =SUBTOTAL(9,F6:F470) -> 5311
A5: STYLE | B5: TỒN ĐẦU KỲ | C5: TỔNG CĂT | D5: TĂNG CẮT | E5: TĂNG THỰC TẾ WIP | F5: TĂNG KOCAL
A6: 69717 | B6: 7669 | C6: =4662+7669 -> 12331 | D6: =C6-B6 -> 4662 | E6: 4662 | G6: =+D6-E6-F6 -> 0
A7: 73738 | B7: 0 | C7: 0 | D7: =C7-B7 -> 0 | G7: =+D7-E7-F7 -> 0
A8: 73736 | B8: 0 | C8: 0 | D8: =C8-B8 -> 0 | G8: =+D8-E8-F8 -> 0
A9: 73746 | B9: 0 | C9: 0 | D9: =C9-B9 -> 0 | G9: =+D9-E9-F9 -> 0
A10: 74211 | B10: 3960 | C10: 3960 | D10: =C10-B10 -> 0 | G10: =+D10-E10-F10 -> 0
A11: 2072 | B11: 128966 | C11: 142225 | D11: =C11-B11 -> 13259 | E11: 13259 | G11: =+D11-E11-F11 -> 0
A12: KPT001611 | B12: 89849 | C12: 89849 | D12: =C12-B12 -> 0 | G12: =+D12-E12-F12 -> 0
A13: KPT101081 | B13: 45371 | C13: 45884 | D13: =C13-B13 -> 513 | E13: 513 | G13: =+D13-E13-F13 -> 0
A14: 73640 | B14: 0 | C14: 0 | D14: =C14-B14 -> 0 | G14: =+D14-E14-F14 -> 0
A15: 7285 | B15: 0 | C15: 0 | D15: =C15-B15 -> 0 | G15: =+D15-E15-F15 -> 0
A16: 79708 | B16: 0 | C16: 0 | D16: =C16-B16 -> 0 | G16: =+D16-E16-F16 -> 0
A17: 100001596 | B17: 0 | C17: 0 | D17: =C17-B17 -> 0 | G17: =+D17-E17-F17 -> 0
A18: 100002317 | B18: 0 | C18: 0 | D18: =C18-B18 -> 0 | G18: =+D18-E18-F18 -> 0
A19: 100001323 | B19: 0 | C19: 0 | D19: =C19-B19 -> 0 | G19: =+D19-E19-F19 -> 0
A20: 100004407 | B20: 14942 | C20: 14942 | D20: =C20-B20 -> 0 | G20: =+D20-E20-F20 -> 0
A21: 79201 | B21: 0 | C21: 0 | D21: =C21-B21 -> 0 | G21: =+D21-E21-F21 -> 0
A22: 446749 | B22: 0 | C22: 0 | D22: =C22-B22 -> 0 | G22: =+D22-E22-F22 -> 0
A23: 446053 | B23: 0 | C23: 0 | D23: =C23-B23 -> 0 | G23: =+D23-E23-F23 -> 0
A24: 100004405 | B24: 0 | C24: 0 | D24: =C24-B24 -> 0 | G24: =+D24-E24-F24 -> 0
A25: 100003246 | B25: 0 | C25: 0 | D25: =C25-B25 -> 0 | G25: =+D25-E25-F25 -> 0
A26: 100001802 | B26: 0 | C26: 0 | D26: =C26-B26 -> 0 | G26: =+D26-E26-F26 -> 0
A27: 68416 | B27: 1445 | C27: =1445+940 -> 2385 | D27: =C27-B27 -> 940 | E27: 940 | G27: =+D27-E27-F27 -> 0
A28: 7X408 | B28: 0 | C28: 0 | D28: =C28-B28 -> 0 | G28: =+D28-E28-F28 -> 0
A29: 100001622 | B29: 0 | C29: 0 | D29: =C29-B29 -> 0 | G29: =+D29-E29-F29 -> 0
A30: 100001623 | B30: 0 | C30: 0 | D30: =C30-B30 -> 0 | G30: =+D30-E30-F30 -> 0
A31: 7X708 | B31: 7574 | C31: 7574 | D31: =C31-B31 -> 0 | G31: =+D31-E31-F31 -> 0
A32: 7N900 | B32: 0 | C32: 0 | D32: =C32-B32 -> 0 | G32: =+D32-E32-F32 -> 0
A33: KPT114841 | B33: 0 | C33: 0 | D33: =C33-B33 -> 0 | G33: =+D33-E33-F33 -> 0
A34: 100004400 | B34: 0 | C34: 0 | D34: =C34-B34 -> 0 | G34: =+D34-E34-F34 -> 0
A35: 100008889 | B35: 0 | C35: 0 | D35: =C35-B35 -> 0 | G35: =+D35-E35-F35 -> 0
A36: 100010579 | B36: 3460 | C36: 13189 | D36: =C36-B36 -> 9729 | E36: 9729 | G36: =+D36-E36-F36 -> 0
A37: 100006911 | B37: 0 | C37: 0 | D37: =C37-B37 -> 0 | G37: =+D37-E37-F37 -> 0
A38: 174034722 | B38: 0 | C38: 0 | D38: =C38-B38 -> 0 | G38: =+D38-E38-F38 -> 0
A39: 174034719 | B39: 0 | C39: 0 | D39: =C39-B39 -> 0 | G39: =+D39-E39-F39 -> 0
A40: 174034721 | B40: 0 | C40: 0 | D40: =C40-B40 -> 0 | G40: =+D40-E40-F40 -> 0
A41: 100003226 | B41: 0 | C41: 0 | D41: =C41-B41 -> 0 | G41: =+D41-E41-F41 -> 0
A42: 174034717 | B42: 0 | C42: 0 | D42: =C42-B42 -> 0 | G42: =+D42-E42-F42 -> 0
A43: 76710 | B43: 0 | C43: 0 | D43: =C43-B43 -> 0 | G43: =+D43-E43-F43 -> 0
A44: 7N304 | B44: 0 | C44: 0 | D44: =C44-B44 -> 0 | G44: =+D44-E44-F44 -> 0
A45: 7N403 | B45: 0 | C45: 0 | D45: =C45-B45 -> 0 | G45: =+D45-E45-F45 -> 0
A46: 7N713 | B46: 0 | C46: 0 | D46: =C46-B46 -> 0 | G46: =+D46-E46-F46 -> 0
A47: RK368419MI | B47: 0 | C47: 0 | D47: =C47-B47 -> 0 | G47: =+D47-E47-F47 -> 0
A48: 453280 | B48: 0 | C48: 0 | D48: =C48-B48 -> 0 | G48: =+D48-E48-F48 -> 0
A49: 100003227 | B49: 10247 | C49: 10247 | D49: =C49-B49 -> 0 | G49: =+D49-E49-F49 -> 0
A50: 100003486 | B50: 0 | C50: 0 | D50: =C50-B50 -> 0 | G50: =+D50-E50-F50 -> 0
A51: 100003532 | B51: 0 | C51: 0 | D51: =C51-B51 -> 0 | G51: =+D51-E51-F51 -> 0
A52: 100003576 | B52: 0 | C52: 0 | D52: =C52-B52 -> 0 | G52: =+D52-E52-F52 -> 0
A53: 100004422 | B53: 0 | C53: 0 | D53: =C53-B53 -> 0 | G53: =+D53-E53-F53 -> 0
A54: 100004424 | B54: 0 | C54: 0 | D54: =C54-B54 -> 0 | G54: =+D54-E54-F54 -> 0
A55: 100005621 | B55: 0 | C55: 0 | D55: =C55-B55 -> 0 | G55: =+D55-E55-F55 -> 0
A56: 100005705 | B56: 5880 | C56: =VLOOKUP(A56,[3]cutting!$A$4:$C$151,3,0) -> 5880 | D56: =C56-B56 -> 0 | G56: =+D56-E56-F56 -> 0
A57: 100005710 | B57: 0 | C57: 0 | D57: =C57-B57 -> 0 | G57: =+D57-E57-F57 -> 0
A58: 100006873 | B58: 0 | C58: 0 | D58: =C58-B58 -> 0 | G58: =+D58-E58-F58 -> 0
A59: 100006874 | B59: 0 | C59: 0 | D59: =C59-B59 -> 0 | G59: =+D59-E59-F59 -> 0
A60: 100008197 | B60: 9784 | C60: 9784 | D60: =C60-B60 -> 0 | G60: =+D60-E60-F60 -> 0
A61: 100008887 | B61: 0 | C61: 0 | D61: =C61-B61 -> 0 | G61: =+D61-E61-F61 -> 0
A62: 100010879 | B62: 0 | C62: 0 | D62: =C62-B62 -> 0 | G62: =+D62-E62-F62 -> 0
A63: 100010914 | B63: 0 | C63: 0 | D63: =C63-B63 -> 0 | G63: =+D63-E63-F63 -> 0
A64: 100011006 | B64: 0 | C64: 0 | D64: =C64-B64 -> 0 | G64: =+D64-E64-F64 -> 0
A65: 100011101 | B65: 0 | C65: 0 | D65: =C65-B65 -> 0 | G65: =+D65-E65-F65 -> 0
A66: 100011102 | B66: 0 | C66: 0 | D66: =C66-B66 -> 0 | G66: =+D66-E66-F66 -> 0
A67: 2335 | B67: 22526 | C67: 23823 | D67: =C67-B67 -> 1297 | E67: 1297 | G67: =+D67-E67-F67 -> 0
A68: 7220 | B68: 4782 | C68: 5987 | D68: =C68-B68 -> 1205 | E68: 1205 | G68: =+D68-E68-F68 -> 0
A69: 7D400 | B69: 0 | C69: 0 | D69: =C69-B69 -> 0 | G69: =+D69-E69-F69 -> 0
A70: 7D701 | B70: 0 | C70: 0 | D70: =C70-B70 -> 0 | G70: =+D70-E70-F70 -> 0
A71: 7D707 | B71: 0 | C71: 0 | D71: =C71-B71 -> 0 | G71: =+D71-E71-F71 -> 0
A72: 7D713 | B72: 0 | C72: 0 | D72: =C72-B72 -> 0 | G72: =+D72-E72-F72 -> 0
A73: 7D902 | B73: 0 | C73: 0 | D73: =C73-B73 -> 0 | G73: =+D73-E73-F73 -> 0
A74: 7N714 | B74: 0 | C74: 0 | D74: =C74-B74 -> 0 | G74: =+D74-E74-F74 -> 0
A75: 448556 | B75: 0 | C75: 0 | D75: =C75-B75 -> 0 | G75: =+D75-E75-F75 -> 0
A76: 454819 | B76: 0 | C76: 0 | D76: =C76-B76 -> 0 | G76: =+D76-E76-F76 -> 0
A77: 457050 | B77: 0 | C77: 0 | D77: =C77-B77 -> 0 | G77: =+D77-E77-F77 -> 0
A78: 100007750 | B78: 0 | C78: 0 | D78: =C78-B78 -> 0 | G78: =+D78-E78-F78 -> 0
A79: 100008168 | B79: 0 | C79: 0 | D79: =C79-B79 -> 0 | G79: =+D79-E79-F79 -> 0
A80: 10010195(7D324) | B80: 0 | C80: 0 | D80: =C80-B80 -> 0 | G80: =+D80-E80-F80 -> 0
A81: 6D398 | B81: 4528 | C81: 11576 | D81: =C81-B81 -> 7048 | E81: 7048 | G81: =+D81-E81-F81 -> 0
A82: 7D320(100010192) | B82: 0 | C82: 0 | D82: =C82-B82 -> 0 | G82: =+D82-E82-F82 -> 0
A83: 7D534(100010660) | B83: 0 | C83: 0 | D83: =C83-B83 -> 0 | G83: =+D83-E83-F83 -> 0
A84: 7D650(100010275) | B84: 0 | C84: 0 | D84: =C84-B84 -> 0 | G84: =+D84-E84-F84 -> 0
A85: 7D664(100007920) | B85: 0 | C85: 0 | D85: =C85-B85 -> 0 | G85: =+D85-E85-F85 -> 0
A86: 7D670(10007909) | B86: 0 | C86: 0 | D86: =C86-B86 -> 0 | G86: =+D86-E86-F86 -> 0
A87: 100003487 | B87: 0 | C87: 0 | D87: =C87-B87 -> 0 | G87: =+D87-E87-F87 -> 0
A88: 100003506 | B88: 0 | C88: 0 | D88: =C88-B88 -> 0 | G88: =+D88-E88-F88 -> 0
A89: 100003522 | B89: 0 | C89: 0 | D89: =C89-B89 -> 0 | G89: =+D89-E89-F89 -> 0
A90: 100003523 | B90: 0 | C90: 0 | D90: =C90-B90 -> 0 | G90: =+D90-E90-F90 -> 0
A91: 100003547 | B91: 0 | C91: 0 | D91: =C91-B91 -> 0 | G91: =+D91-E91-F91 -> 0
A92: 100003559 | B92: 0 | C92: 0 | D92: =C92-B92 -> 0 | G92: =+D92-E92-F92 -> 0
A93: 100003582 | B93: 0 | C93: 0 | D93: =C93-B93 -> 0 | G93: =+D93-E93-F93 -> 0
A94: 100003585 | B94: 0 | C94: 0 | D94: =C94-B94 -> 0 | G94: =+D94-E94-F94 -> 0
A95: 100003592 | B95: 0 | C95: 0 | D95: =C95-B95 -> 0 | G95: =+D95-E95-F95 -> 0
A96: 100004432 | B96: 0 | C96: 0 | D96: =C96-B96 -> 0 | G96: =+D96-E96-F96 -> 0
A97: 100008196 | B97: 0 | C97: 0 | D97: =C97-B97 -> 0 | G97: =+D97-E97-F97 -> 0
A98: 100008212 | B98: 0 | C98: 0 | D98: =C98-B98 -> 0 | G98: =+D98-E98-F98 -> 0
... A101: 100009597 | B101: 17282 | C101: 17282 | D101: =C101-B101 -> 0 | G101: =+D101-E101-F101 -> 0
A102: 74401 | B102: 0 | C102: 11001 | D102: =C102-B102 -> 11001 | E102: 11001 | G102: =+D102-E102-F102 -> 0
A103: 7X733 | B103: 0 | C103: 0 | D103: =C103-B103 -> 0 | G103: =+D103-E103-F103 -> 0
...

Sheet O.B.MAY
C1: CHOI&SHIN'S VINA CO., LTD
C2: 236C Nguyễn Trung Trực, Áp Mỹ Thạnh, Xã Mỹ Phong, Tp Mỹ Tho, Tiền Giang
D4: =SUBTOTAL(9,D7:D448) -> 1774894.2 | E4: =SUBTOTAL(9,E7:E448) -> 286359 | F4: =SUBTOTAL(9,F7:F448) -> 30500 | G4: =SUBTOTAL(9,G7:G448) -> 77521 | H4: =SUBTOTAL(9,H7:H448) -> 178338 | I4: =SUBTOTAL(9,I7:I448) -> 132112 | J4: =SUBTOTAL(9,J7:J448) -> 30023 | K4: =SUBTOTAL(9,K7:K448) -> 162135 | L4: =SUBTOTAL(9,L7:L445) -> 0 | N4: =SUBTOTAL(9,N7:N375) -> 20120269876 | O4: =SUBTOTAL(9,O7:O448) -> 30500 | P4: =SUBTOTAL(9,P7:P448) -> 77521 | Q4: =SUBTOTAL(9,Q7:Q448) -> 178338 | R4: =SUBTOTAL(9,R7:R448) -> 286359 | S4: =SUBTOTAL(9,S7:S448) -> 7222022403 | T4: =SUBTOTAL(9,T7:T445) -> 912.63845 | U4: =SUBTOTAL(9,U7:U375) -> #N/A | W4: =SUBTOTAL(9,W7:W445) -> 162135 | X4: =SUBTOTAL(9,X7:X445) -> 13811597 | Y4: =SUBTOTAL(9,Y7:Y445) -> 6159794067 | Z4: =SUBTOTAL(9,Z7:Z375) -> 0 | AA4: =SUBTOTAL(9,AA7:AA375) -> 20120269876 | AB4: =SUBTOTAL(9,AB7:AB445) -> 30500 | AC4: =SUBTOTAL(9,AC7:AC445) -> 77521 | AD4: =SUBTOTAL(9,AD7:AD445) -> 178338 | AE4: =SUBTOTAL(9,AE7:AE445) -> 286359 | AF4: =SUBTOTAL(9,AF7:AF445) -> 185994.8 | AG4: =SUBTOTAL(9,AG7:AG445) -> 2763670145 | AH4: =SUBTOTAL(9,AH7:AH375) -> 0 | AI4: =SUBTOTAL(9,AI7:AI375) -> 20120269876 | AJ4: =SUBTOTAL(9,AJ7:AJ445) -> 30500 | AK4: =SUBTOTAL(9,AK7:AK445) -> 77521 | AL4: =SUBTOTAL(9,AL7:AL445) -> 178338 | AM4: =SUBTOTAL(9,AM7:AM445) -> 286359 | AN4: =SUBTOTAL(9,AN7:AN445) -> 185994.4 | AO4: =SUBTOTAL(9,AO7:AO445) -> 4458352258
C5: QUANTITY | N5: WIP | V5: ACC 155 | AA5: ACC 622 | AI5: ACC 627
B6: BUYER | C6: STYLE | D6: CUTTING | E6: WIP | I6: QUY | J6: NGA | K6: TOTAL TP | N6: STYLE | O6: 0.2 | P6: 0.5 | Q6: 0.8 | R6: TOTAL | S6: AMOUNT | T6: CMP | V6: STYLE | W6: QUANTITY | X6: PRICE | Y6: AMOUNT | AA6: STYLE | AB6: 0.2 | AC6: 0.5 | AD6: 0.8 | AE6: TOTAL | AF6: EQUIVALENT | AG6: AMOUNT | AI6: STYLE | AJ6: 0.2 | AK6: 0.5 | AL6: 0.8 | AM6: TOTAL | AN6: EQUIVALENT | AO6: AMOUNT
A7: 1 | B7: ALFANI | C7: 69717 | D7: 7669 | E7: 1270 | F7: 0 | G7: 120 | H7: 1150 | I7: 0 | J7: 124 | K7: 124 | N7: 69717 | O7: 0 | P7: 120 | Q7: 1150 | R7: 1270 | S7: =43629863-9 -> 43629854 | T7: 2.07 | U7: =VLOOKUP(N7,'[2]154'!$C$9:$T$554,18,0) -> 7054 | V7: 69717 | W7: 124 | X7: 45562.879 | Y7: 5649797 | AA7: 69717 | AB7: 0 | AC7: 120 | AD7: 1150 | AE7: 1270 | AF7: 980 | AG7: 17621876 | AI7: 69717 | AJ7: 0 | AK7: 120 | AL7: 1150 | AM7: 1270 | AN7: 980 | AO7: 26007979
A8: 2 | B8: ALFANI | C8: 73738 | D8: 0 | E8: 473 | F8: 0 | G8: 0 | H8: 473 | I8: 0 | J8: 0 | K8: 0 | N8: 73738 | O8: 0 | P8: 0 | Q8: 473 | R8: 473 | S8: 14152578 | T8: 1.8 | U8: =VLOOKUP(N8,'[2]154'!$C$9:$T$554,18,0) -> 473 | V8: 73738 | W8: 0 | X8: 0 | Y8: 0 | AA8: 73738 | AB8: 0 | AC8: 0 | AD8: 473 | AE8: 473 | AF8: 378 | AG8: 5570974 | AI8: 73738 | AJ8: 0 | AK8: 0 | AL8: 473 | AM8: 473 | AN8: 378 | AO8: 8581603
A9: 3 | B9: ALFANI | C9: 73736 | D9: 0 | E9: 0 | F9: 0 | G9: 0 | H9: 0 | I9: 0 | J9: 11 | K9: 11 | N9: 73736 | O9: 0 | P9: 0 | Q9: 0 | R9: 0 | S9: 0 | T9: 3.4 | U9: =VLOOKUP(N9,'[2]154'!$C$9:$T$554,18,0) -> 0 | V9: 73736 | W9: 11 | X9: 24830.909 | Y9: 273140 | AA9: 73736 | AB9: 0 | AC9: 0 | AD9: 0 | AE9: 0 | AF9: 0 | AG9: 0 | AI9: 73736 | AJ9: 0 | AK9: 0 | AL9: 0 | AM9: 0 | AN9: 0 | AO9: 0
A10: 4 | B10: ALFANI | C10: 73746 | D10: 0 | E10: 0 | F10: 0 | G10: 0 | H10: 0 | I10: 0 | J10: 11 | K10: 11 | N10: 73746 | O10: 0 | P10: 0 | Q10: 0 | R10: 0 | S10: 0 | T10: 2 | U10: =VLOOKUP(N10,'[2]154'!$C$9:$T$554,18,0) -> 0 | V10: 73746 | W10: 11 | X10: 17426.909 | Y10: 191696 | AA10: 73746 | AB10: 0 | AC10: 0 | AD10: 0 | AE10: 0 | AF10: 0 | AG10: 0 | AI10: 73746 | AJ10: 0 | AK10: 0 | AL10: 0 | AM10: 0 | AN10: 0 | AO10: 0
A11: 5 | B11: ALFANI | C11: 74211 | D11: 3960 | E11: 435 | F11: 0 | G11: 123 | H11: 312 | I11: 0 | J11: 41 | K11: 41 | N11: 74211 | O11: 0 | P11: 123 | Q11: 312 | R11: 435 | S11: 7652321 | T11: 1.33 | U11: =VLOOKUP(N11,'[2]154'!$C$9:$T$554,18,0) -> 435 | V11: 74211 | W11: 41 | X11: 24604.024 | Y11: 1008765 | AA11: 74211 | AB11: 0 | AC11: 123 | AD11: 312 | AE11: 435 | AF11: 311 | AG11: 3095200 | AI11: 74211 | AJ11: 0 | AK11: 123 | AL11: 312 | AM11: 435 | AN11: 311 | AO11: 4557121
A12: 6 | B12: ALFANI | C12: 2072 | D12: 128966 | E12: 12327 | F12: 3126 | G12: 1611 | H12: 7590 | I12: 6437 | J12: 0 | K12: 6437 | N12: 2072 | O12: 3126 | P12: 1611 | Q12: 7590 | R12: 12327 | S12: 187697695 | T12: 1.26 | U12: 12327 | V12: 2072 | W12: 6437 | X12: 22932.44 | Y12: =203227280-55611166 -> 147616114 | AA12: 2072 | AB12: 3126 | AC12: 1611 | AD12: 7590 | AE12: 12327 | AF12: 7503 | AG12: 69320977 | AI12: 2072 | AJ12: 3126 | AK12: 1611 | AL12: 7590 | AM12: 12327 | AN12: 7503 | AO12: 118376718
A13: 7 | B13: J JILL | C13: KPT001611 | D13: 89849 | E13: 16696 | F13: 79 | G13: 129 | H13: 16488 | I13: 0 | J13: 1802 | K13: 1802 | N13: KPT001611 | O13: 79 | P13: 129 | Q13: 16488 | R13: 16696 | S13: 406026305 | T13: 1.55 | U13: =VLOOKUP(N13,'[2]154'!$C$9:$T$554,18,0) -> 16696 | V13: KPT001611 | W13: 1802 | X13: 29778.882 | Y13: 53661545 | AA13: KPT001611 | AB13: 79 | AC13: 129 | AD13: 16488 | AE13: 16696 | AF13: 13271 | AG13: 177821244 | AI13: KPT001611 | AJ13: 79 | AK13: 129 | AL13: 16488 | AM13: 16696 | AN13: 13271 | AO13: 228205061
A14: 8 | B14: J JILL | C14: KPT101081 | D14: 45371 | E14: 2601 | F14: 225 | G14: 390 | H14: 1986 | I14: 18013 | J14: 0 | K14: 18013 | N14: KPT101081 | O14: 225 | P14: 390 | Q14: 1986 | R14: 2601 | S14: 56398974 | T14: 1.55 | U14: =VLOOKUP(N14,'[2]154'!$C$9:$T$554,18,0) -> 2601 | V14: KPT101081 | W14: 18013 | X14: 30885.609 | Y14: =569901263-13558782 -> 556342481 | AA14: KPT101081 | AB14: 225 | AC14: 390 | AD14: 1986 | AE14: 2601 | AF14: 1829 | AG14: 20283384 | AI14: KPT101081 | AJ14: 225 | AK14: 390 | AL14: 1986 | AM14: 2601 | AN14: 1829 | AO14: 36115590
A15: 9 | B15: INC | C15: 73640 | D15: 0 | E15: 0 | F15: 0 | G15: 0 | H15: 0 | I15: 0 | J15: 44 | K15: 44 | N15: 73640 | O15: 0 | P15: 0 | Q15: 0 | R15: 0 | S15: 0 | T15: 2.3 | U15: =VLOOKUP(N15,'[2]154'!$C$9:$T$554,18,0) -> 0 | V15: 73640 | W15: 44 | X15: 24437.795 | Y15: 1075263 | AA15: 73640 | AB15: 0 | AC15: 0 | AD15: 0 | AE15: 0 | AF15: 0 | AG15: 0 | AI15: 73640 | AJ15: 0 | AK15: 0 | AL15: 0 | AM15: 0 | AN15: 0 | AO15: 0
A16: 10 | B16: ALFANI | C16: 7285 | D16: 0 | E16: 32 | F16: 0 | G16: 0 | H16: 32 | I16: 0 | J16: 28 | K16: 28 | N16: 7285 | O16: 0 | P16: 0 | Q16: 32 | R16: 32 | S16: 1355820 | T16: 3.8 | U16: =VLOOKUP(N16,'[2]154'!$C$9:$T$554,18,0) -> 32 | V16: 7285 | W16: 28 | X16: 49852.036 | Y16: 1395857 | AA16: 7285 | AB16: 0 | AC16: 0 | AD16: 32 | AE16: 32 | AF16: 26 | AG16: 569868 | AI16: 7285 | AJ16: 0 | AK16: 0 | AL16: 32 | AM16: 32 | AN16: 26 | AO16: 785952
A17: 11 | B17: ALFANI | C17: 79708 | D17: 0 | E17: 0 | F17: 0 | G17: 0 | H17: 0 | I17: 0 | J17: 0 | K17: 0 | N17: 79708 | O17: 0 | P17: 0 | Q17: 0 | R17: 0 | S17: 0 | T17: 1.8 | U17: =VLOOKUP(N17,'[2]154'!$C$9:$T$554,18,0) -> 0 | V17: 79708 | W17: 0 | X17: 0 | Y17: 0 | AA17: 79708 | AB17: 0 | AC17: 0 | AD17: 0 | AE17: 0 | AF17: 0 | AG17: 0 | AI17: 79708 | AJ17: 0 | AK17: 0 | AL17: 0 | AM17: 0 | AN17: 0 | AO17: 0
A18: 12 | B18: CHARTER CLUB | C18: 100001596 | D18: 0 | E18: 0 | F18: 0 | G18: 0 | H18: 0 | I18: 0 | J18: 25 | K18: 25 | N18: 100001596 | O18: 0 | P18: 0 | Q18: 0 | R18: 0 | S18: 0 | T18: 5.2 | U18: =VLOOKUP(N18,'[2]154'!$C$9:$T$554,18,0) -> #N/A | V18: 100001596 | W18: 25 | X18: 92315.96 | Y18: 2307899 | AA18: 100001596 | AB18: 0 | AC18: 0 | AD18: 0 | AE18: 0 | AF18: 0 | AG18: 0 | AI18: 100001596 | AJ18: 0 | AK18: 0 | AL18: 0 | AM18: 0 | AN18: 0 | AO18: 0
A19: 13 | B19: INC | C19: 100002317 | D19: 0 | E19: 0 | F19: 0 | G19: 0 | H19: 0 | I19: 0 | J19: 14 | K19: 14 | N19: 100002317 | O19: 0 | P19: 0 | Q19: 0 | R19: 0 | S19: 0 | T19: 3.35 | U19: =VLOOKUP(N19,'[2]154'!$C$9:$T$554,18,0) -> 0 | V19: 100002317 | W19: 14 | X19: 45773.286 | Y19: 640826 | AA19: 100002317 | AB19: 0 | AC19: 0 | AD19: 0 | AE19: 0 | AF19: 0 | AG19: 0 | AI19: 100002317 | AJ19: 0 | AK19: 0 | AL19: 0 | AM19: 0 | AN19: 0 | AO19: 0
A20: 14 | B20: CHARTER CLUB | C20: 100001323 | D20: 0 | E20: 0 | F20: 0 | G20: 0 | H20: 0 | I20: 0 | J20: 22 | K20: 22 | N20: 100001323 | O20: 0 | P20: 0 | Q20: 0 | R20: 0 | S20: 0 | T20: 3.6 | U20: =VLOOKUP(N20,'[2]154'!$C$9:$T$554,18,0) -> #N/A | V20: 100001323 | W20: 22 | X20: 74429.682 | Y20: 1637453 | AA20: 100001323 | AB20: 0 | AC20: 0 | AD20: 0 | AE20: 0 | AF20: 0 | AG20: 0 | AI20: 100001323 | AJ20: 0 | AK20: 0 | AL20: 0 | AM20: 0 | AN20: 0 | AO20: 0
A21: 15 | B21: ALFANI | C21: 100004407 | D21: 14942 | E21: 685 | F21: 42 | G21: 255 | H21: 388 | I21: 0 | J21: 152 | K21: 152 | N21: 100004407 | O21: 42 | P21: 255 | Q21: 388 | R21: 685 | S21: 11833771 | T21: 1.32 | U21: =VLOOKUP(N21,'[2]154'!$C$9:$T$554,18,0) -> 685 | V21: 100004407 | W21: 152 | X21: 26738.645 | Y21: 4064274 | AA21: 100004407 | AB21: 42 | AC21: 255 | AD21: 388 | AE21: 685 | AF21: 446 | AG21: 4400790 | AI21: 100004407 | AJ21: 42 | AK21: 255 | AL21: 388 | AM21: 685 | AN21: 446 | AO21: 7432981
A22: 16 | B22: ALFANI | C22: 79201 | D22: 0 | E22: 0 | F22: 0 | G22: 0 | H22: 0 | I22: 0 | J22: 115 | K22: 115 | N22: 79201 | O22: 0 | P22: 0 | Q22: 0 | R22: 0 | S22: 0 | T22: 1.02 | U22: =VLOOKUP(N22,'[2]154'!$C$9:$T$554,18,0) -> 0 | V22: 79201 | W22: 115 | X22: 42344 | Y22: 2434788 | AA22: 79201 | AB22: 0 | AC22: 0 | AD22: 0 | AE22: 0 | AF22: 0 | AG22: 0 | AI22: 79201 | AJ22: 0 | AK22: 0 | AL22: 0 | AM22: 0 | AN22: 0 | AO22: 0
A23: 17 | B23: ANN TAYLOR | C23: 446749 | D23: 0 | E23: 165 | F23: 0 | G23: 0 | H23: 165 | I23: 0 | J23: 0 | K23: 0 | N23: 446749 | O23: 0 | P23: 0 | Q23: 165 | R23: 165 | S23: 7256593 | T23: 2.65 | U23: =VLOOKUP(N23,'[2]154'!$C$9:$T$554,18,0) -> 165 | V23: 446749 | W23: 0 | X23: 0 | Y23: 0 | AA23: 446749 | AB23: 0 | AC23: 0 | AD23: 165 | AE23: 165 | AF23: 132 | AG23: 2743703 | AI23: 446749 | AJ23: 0 | AK23: 0 | AL23: 165 | AM23: 165 | AN23: 132 | AO23: 4512890
A24: 18 | B24: ANN TAYLOR | C24: 446053 | D24: 0 | E24: 63 | F24: 0 | G24: 0 | H24: 63 | I24: 0 | J24: 24 | K24: 24 | N24: 446053 | O24: 0 | P24: 0 | Q24: 63 | R24: 63 | S24: 1145629 | T24: 2.65 | U24: =VLOOKUP(N24,'[2]154'!$C$9:$T$554,18,0) -> 63 | V24: 446053 | W24: 24 | X24: 18184.583 | Y24: 436430 | AA24: 446053 | AB24: 0 | AC24: 0 | AD24: 63 | AE24: 63 | AF24: 50 | AG24: 433160 | AI24: 446053 | AJ24: 0 | AK24: 0 | AL24: 63 | AM24: 63 | AN24: 50 | AO24: 712469
A25: 19 | B25: ALFANI | C25: 100004405 | D25: 0 | E25: 79 | F25: 0 | G25: 0 | H25: 79 | I25: 0 | J25: 80 | K25: 80 | N25: 100004405 | O25: 0 | P25: 0 | Q25: 79 | R25: 79 | S25: 1370172 | T25: 1.1 | U25: =VLOOKUP(N25,'[2]154'!$C$9:$T$554,18,0) -> 79 | V25: 100004405 | W25: 80 | X25: 21581.15 | Y25: 1726492 | AA25: 100004405 | AB25: 0 | AC25: 0 | AD25: 79 | AE25: 79 | AF25: 63 | AG25: 525166 | AI25: 100004405 | AJ25: 0 | AK25: 0 | AL25: 79 | AM25: 79 | AN25: 63 | AO25: 845006
A26: 20 | B26: ALFANI | C26: 100003246 | D26: 0 | E26: 377 | F26: 0 | G26: 0 | H26: 377 | I26: 0 | J26: 86 | K26: 86 | N26: 100003246 | O26: 0 | P26: 0 | Q26: 377 | R26: 377 | S26: 6456010 | T26: 1.02 | U26: =VLOOKUP(N26,'[2]154'!$C$9:$T$554,18,0) -> 377 | V26: 100003246 | W26: 86 | X26: 21228.151 | Y26: 1825621 | AA26: 100003246 | AB26: 0 | AC26: 0 | AD26: 377 | AE26: 377 | AF26: 302 | AG26: 2474021 | AI26: 100003246 | AJ26: 0 | AK26: 0 | AL26: 377 | AM26: 377 | AN26: 302 | AO26: 3981989
... A28: 22 | B28: ALFANI | C28: 68416 | D28: 1445 | E28: 279 | F28: 7 | G28: 10 | H28: 262 | I28: 0 | J28: 32 | K28: 32 | N28: 68416 | O28: 7 | P28: 10 | Q28: 262 | R28: 279 | S28: 12969876 | T28: 1.87 | U28: =VLOOKUP(N28,'[2]154'!$C$9:$T$554,18,0) -> 279 | V28: 68416 | W28: 32 | X28: 57787.625 | Y28: 1849204 | AA28: 68416 | AB28: 7 | AC28: 10 | AD28: 262 | AE28: 279 | AF28: 216 | AG28: 5436901 | AI28: 68416 | AJ28: 7 | AK28: 10 | AL28: 262 | AM28: 279 | AN28: 216 | AO28: 7532975
A29: 23 | B29: ALFANI | C29: 7X408 | D29: 0 | E29: 108 | F29: 0 | G29: 0 | H29: 108 | I29: 0 | J29: 151 | K29: 151 | N29: 7X408 | O29: 0 | P29: 0 | Q29: 108 | R29: 108 | S29: 3528069 | T29: 3.5 | U29: =VLOOKUP(N29,'[2]154'!$C$9:$T$554,18,0) -> 108 | V29: 7X408 | W29: 151 | X29: 81172.45 | Y29: 12257040 | AA29: 7X408 | AB29: 0 | AC29: 0 | AD29: 108 | AE29: 108 | AF29: 86 | AG29: 1477379 | AI29: 7X408 | AJ29: 0 | AK29: 0 | AL29: 108 | AM29: 108 | AN29: 86 | AO29: 2050690
A30: 24 | B30: CHARTER CLUB | C30: 100001622 | D30: 0 | E30: 0 | F30: 0 | G30: 0 | H30: 0 | I30: 0 | J30: 50 | K30: 50 | N30: 100001622 | O30: 0 | P30: 0 | Q30: 0 | R30: 0 | S30: 0 | T30: 1.85 | U30: =VLOOKUP(N30,'[2]154'!$C$9:$T$554,18,0) -> #N/A | V30: 100001622 | W30: 50 | X30: 38400.32 | Y30: 1920016 | AA30: 100001622 | AB30: 0 | AC30: 0 | AD30: 0 | AE30: 0 | AF30: 0 | AG30: 0 | AI30: 100001622 | AJ30: 0 | AK30: 0 | AL30: 0 | AM30: 0 | AN30: 0 | AO30: 0
A31: 25 | B31: CHARTER CLUB | C31: 100001623 | D31: 0 | E31: 0 | F31: 0 | G31: 0 | H31: 0 | I31: 0 | J31: 69 | K31: 69 | N31: 100001623 | O31: 0 | P31: 0 | Q31: 0 | R31: 0 | S31: 0 | T31: 1.85 | U31: =VLOOKUP(N31,'[2]154'!$C$9:$T$554,18,0) -> #N/A | V31: 100001623 | W31: 69 | X31: 38400.333 | Y31: 2649623 | AA31: 100001623 | AB31: 0 | AC31: 0 | AD31: 0 | AE31: 0 | AF31: 0 | AG31: 0 | AI31: 100001623 | AJ31: 0 | AK31: 0 | AL31: 0 | AM31: 0 | AN31: 0 | AO31: 0
A32: 26 | B32: ALFANI | C32: 7X708 | D32: 7574 | E32: 228 | F32: 0 | G32: 106 | H32: 122 | I32: 0 | J32: 162 | K32: 162 | N32: 7X708 | O32: 0 | P32: 106 | Q32: 122 | R32: 228 | S32: 7910153 | T32: 2.7 | U32: =VLOOKUP(N32,'[2]154'!$C$9:$T$554,18,0) -> 228 | V32: 7X708 | W32: 162 | X32: 52385.123 | Y32: 8486390 | AA32: 7X708 | AB32: 0 | AC32: 106 | AD32: 122 | AE32: 228 | AF32: 151 | AG32: 3345662 | AI32: 7X708 | AJ32: 0 | AK32: 106 | AL32: 122 | AM32: 228 | AN32: 151 | AO32: 4564491
A33: 27 | B33: ALFANI | C33: 7N900 | D33: 0 | E33: 144 | F33: 0 | G33: 0 | H33: 144 | I33: 0 | J33: 29 | K33: 29 | N33: 7N900 | O33: 0 | P33: 0 | Q33: 144 | R33: 144 | S33: 4304157 | T33: 1.8 | U33: =VLOOKUP(N33,'[2]154'!$C$9:$T$554,18,0) -> 144 | V33: 7N900 | W33: 29 | X33: 37259.793 | Y33: 1080534 | AA33: 7N900 | AB33: 0 | AC33: 0 | AD33: 144 | AE33: 144 | AF33: 115 | AG33: 1627393 | AI33: 7N900 | AJ33: 0 | AK33: 0 | AL33: 144 | AM33: 144 | AN33: 115 | AO33: 2676764
A34: 28 | B34: J JILL | C34: KPT114841 | D34: 0 | E34: 0 | F34: 0 | G34: 0 | H34: 0 | I34: 0 | J34: 2292 | K34: 2292 | N34: KPT114841 | O34: 0 | P34: 0 | Q34: 0 | R34: 0 | S34: 0 | T34: 1.7 | U34: =VLOOKUP(N34,'[2]154'!$C$9:$T$554,18,0) -> 0 | V34: KPT114841 | W34: 2292 | X34: 36324.459 | Y34: 83255661 | AA34: KPT114841 | AB34: 0 | AC34: 0 | AD34: 0 | AE34: 0 | AF34: 0 | AG34: 0 | AI34: KPT114841 | AJ34: 0 | AK34: 0 | AL34: 0 | AM34: 0 | AN34: 0 | AO34: 0
A35: 29 | B35: ALFANI | C35: 100004400 | D35: 0 | E35: 66 | F35: 0 | G35: 0 | H35: 66 | I35: 0 | J35: 55 | K35: 55 | N35: 100004400 | O35: 0 | P35: 0 | Q35: 66 | R35: 66 | S35: 4577653 | T35: 4.05 | U35: =VLOOKUP(N35,'[2]154'!$C$9:$T$554,18,0) -> 66 | V35: 100004400 | W35: 55 | X35: 86370.818 | Y35: 4750395 | AA35: 100004400 | AB35: 0 | AC35: 0 | AD35: 66 | AE35: 66 | AF35: 53 | AG35: 1905620 | AI35: 100004400 | AJ35: 0 | AK35: 0 | AL35: 66 | AM35: 66 | AN35: 53 | AO35: 2672033
A36: 30 | B36: ALFANI | C36: 100008889 | D36: 0 | E36: 164 | F36: 0 | G36: 0 | H36: 164 | I36: 0 | J36: 103 | K36: 103 | N36: 100008889 | O36: 0 | P36: 0 | Q36: 164 | R36: 164 | S36: 5575665 | T36: 2 | U36: =VLOOKUP(N36,'[2]154'!$C$9:$T$554,18,0) -> 164 | V36: 100008889 | W36: 103 | X36: 42562.32 | Y36: 4383919 | AA36: 100008889 | AB36: 0 | AC36: 0 | AD36: 164 | AE36: 164 | AF36: 131 | AG36: 2334808 | AI36: 100008889 | AJ36: 0 | AK36: 0 | AL36: 164 | AM36: 164 | AN36: 131 | AO36: 3240857
A37: 31 | B37: ALFANI | C37: 100010579 | D37: 3460 | E37: 566 | F37: 39 | G37: 173 | H37: 354 | I37: 489 | J37: 0 | K37: 489 | N37: 100010579 | O37: 39 | P37: 173 | Q37: 354 | R37: 566 | S37: 14831260 | T37: 1.98 | U37: =VLOOKUP(N37,'[2]154'!$C$9:$T$554,18,0) -> 566 | V37: 100010579 | W37: 489 | X37: 39158.989 | Y37: =21067536-1918790 -> 19148746 | AA37: 100010579 | AB37: 39 | AC37: 173 | AD37: 354 | AE37: 566 | AF37: 378 | AG37: 5489196 | AI37: 100010579 | AJ37: 39 | AK37: 173 | AL37: 354 | AM37: 566 | AN37: 378 | AO37: 9342064
A38: 32 | B38: ALFANI | C38: 100006911 | D38: 0 | E38: 0 | F38: 0 | G38: 0 | H38: 0 | I38: 0 | J38: 34 | K38: 34 | N38: 100006911 | O38: 0 | P38: 0 | Q38: 0 | R38: 0 | S38: 0 | T38: 2.2 | U38: =VLOOKUP(N38,'[2]154'!$C$9:$T$554,18,0) -> 0 | V38: 100006911 | W38: 34 | X38: 38908.353 | Y38: 1322884 | AA38: 100006911 | AB38: 0 | AC38: 0 | AD38: 0 | AE38: 0 | AF38: 0 | AG38: 0 | AI38: 100006911 | AJ38: 0 | AK38: 0 | AL38: 0 | AM38: 0 | AN38: 0 | AO38: 0
A39: 33 | B39: TALBOTS | C39: 174034722 | D39: 0 | E39: 182 | F39: 0 | G39: 0 | H39: 182 | I39: 0 | J39: 40 | K39: 40 | N39: 174034722 | O39: 0 | P39: 0 | Q39: 182 | R39: 182 | S39: 10751887 | T39: 3.46 | U39: =VLOOKUP(N39,'[2]154'!$C$9:$T$554,18,0) -> 182 | V39: 174034722 | W39: 40 | X39: 73643.05 | Y39: 2945722 | AA39: 174034722 | AB39: 0 | AC39: 0 | AD39: 182 | AE39: 182 | AF39: 146 | AG39: 4500604 | AI39: 174034722 | AJ39: 0 | AK39: 0 | AL39: 182 | AM39: 182 | AN39: 146 | AO39: 6251283
A40: 34 | B40: TALBOTS | C40: 174034719 | D40: 0 | E40: 129 | F40: 0 | G40: 0 | H40: 129 | I40: 0 | J40: 17 | K40: 17 | N40: 174034719 | O40: 0 | P40: 0 | Q40: 129 | R40: 129 | S40: 7264411 | T40: 3.26 | U40: =VLOOKUP(N40,'[2]154'!$C$9:$T$554,18,0) -> 129 | V40: 174034719 | W40: 17 | X40: 70528.235 | Y40: 1198980 | AA40: 174034719 | AB40: 0 | AC40: 0 | AD40: 129 | AE40: 129 | AF40: 103 | AG40: 2903453 | AI40: 174034719 | AJ40: 0 | AK40: 0 | AL40: 129 | AM40: 129 | AN40: 103 | AO40: 4360958
A41: 35 | B41: TALBOTS | C41: 174034721 | D41: 0 | E41: 109 | F41: 0 | G41: 0 | H41: 109 | I41: 0 | J41: 84 | K41: 84 | N41: 174034721 | O41: 0 | P41: 0 | Q41: 109 | R41: 109 | S41: 7454935 | T41: 3.96 | U41: =VLOOKUP(N41,'[2]154'!$C$9:$T$554,18,0) -> 109 | V41: 174034721 | W41: 84 | X41: 83663.25 | Y41: 7027713 | AA41: 174034721 | AB41: 0 | AC41: 0 | AD41: 109 | AE41: 109 | AF41: 87 | AG41: 2979602 | AI41: 174034721 | AJ41: 0 | AK41: 0 | AL41: 109 | AM41: 109 | AN41: 87 | AO41: 4475333
A42: 36 | B42: ALFANI | C42: 100003226 | D42: 0 | E42: 101 | F42: 0 | G42: 0 | H42: 101 | I42: 0 | J42: 91 | K42: 91 | N42: 100003226 | O42: 0 | P42: 0 | Q42: 101 | R42: 101 | S42: 6659079 | T42: 3.8 | U42: =VLOOKUP(N42,'[2]154'!$C$9:$T$554,18,0) -> 101 | V42: 100003226 | W42: 91 | X42: 82210.857 | Y42: 7481188 | AA42: 100003226 | AB42: 0 | AC42: 0 | AD42: 101 | AE42: 101 | AF42: 81 | AG42: 2661513 | AI42: 100003226 | AJ42: 0 | AK42: 0 | AL42: 101 | AM42: 101 | AN42: 81 | AO42: 3997566
A43: 37 | B43: TALBOTS | C43: 174034717 | D43: 0 | E43: 99 | F43: 0 | G43: 0 | H43: 99 | I43: 0 | J43: 185 | K43: 185 | N43: 174034717 | O43: 0 | P43: 0 | Q43: 99 | R43: 99 | S43: 7964501 | T43: 4.66 | U43: =VLOOKUP(N43,'[2]154'!$C$9:$T$554,18,0) -> 99 | V43: 174034717 | W43: 185 | X43: 100816.47 | Y43: 18651047 | AA43: 174034717 | AB43: 0 | AC43: 0 | AD43: 99 | AE43: 99 | AF43: 79 | AG43: 3183266 | AI43: 174034717 | AJ43: 0 | AK43: 0 | AL43: 99 | AM43: 99 | AN43: 79 | AO43: 4781235
A44: 38 | B44: ALFANI | C44: 76710 | D44: 0 | E44: 0 | F44: 0 | G44: 0 | H44: 0 | I44: 0 | J44: 19 | K44: 19 | N44: 76710 | O44: 0 | P44: 0 | Q44: 0 | R44: 0 | S44: 0 | T44: 2.2 | U44: =VLOOKUP(N44,'[2]154'!$C$9:$T$554,18,0) -> 0 | V44: 76710 | W44: 19 | X44: 38824.526 | Y44: 737666 | AA44: 76710 | AB44: 0 | AC44: 0 | AD44: 0 | AE44: 0 | AF44: 0 | AG44: 0 | AI44: 76710 | AJ44: 0 | AK44: 0 | AL44: 0 | AM44: 0 | AN44: 0 | AO44: 0
A45: 39 | B45: ALFANI | C45: 7N304 | D45: 0 | E45: 0 | F45: 0 | G45: 0 | H45: 0 | I45: 0 | J45: 38 | K45: 38 | N45: 7N304 | O45: 0 | P45: 0 | Q45: 0 | R45: 0 | S45: 0 | T45: 1.65 | U45: =VLOOKUP(N45,'[2]154'!$C$9:$T$554,18,0) -> 0 | V45: 7N304 | W45: 38 | X45: 35681.553 | Y45: 1355899 | AA45: 7N304 | AB45: 0 | AC45: 0 | AD45: 0 | AE45: 0 | AF45: 0 | AG45: 0 | AI45: 7N304 | AJ45: 0 | AK45: 0 | AL45: 0 | AM45: 0 | AN45: 0 | AO45: 0
A46: 40 | B46: ALFANI | C46: 7N403 | D46: 0 | E46: 0 | F46: 0 | G46: 0 | H46: 0 | I46: 0 | J46: 33 | K46: 33 | N46: 7N403 | O46: 0 | P46: 0 | Q46: 0 | R46: 0 | S46: 0 | T46: 3.8 | U46: =VLOOKUP(N46,'[2]154'!$C$9:$T$554,18,0) -> 0 | V46: 7N403 | W46: 33 | X46: 82209.697 | Y46: 2712920 | AA46: 7N403 | AB46: 0 | AC46: 0 | AD46: 0 | AE46: 0 | AF46: 0 | AG46: 0 | AI46: 7N403 | AJ46: 0 | AK46: 0 | AL46: 0 | AM46: 0 | AN46: 0 | AO46: 0
A47: 41 | B47: ALFANI | C47: 7N713 | D47: 0 | E47: 179 | F47: 0 | G47: 0 | H47: 179 | I47: 0 | J47: 0 | K47: 0 | N47: 7N713 | O47: 0 | P47: 0 | Q47: 179 | R47: 179 | S47: 6187449 | T47: 2 | U47: =VLOOKUP(N47,'[2]154'!$C$9:$T$554,18,0) -> 179 | V47: 7N713 | W47: 0 | X47: 0 | Y47: 0 | AA47: 7N713 | AB47: 0 | AC47: 0 | AD47: 179 | AE47: 179 | AF47: 143 | AG47: 2473011 | AI47: 7N713 | AJ47: 0 | AK47: 0 | AL47: 179 | AM47: 179 | AN47: 143 | AO47: 3714438
A48: 42 | B48: NORDSTROM | C48: RK368419MI | D48: 0 | E48: 71 | F48: 0 | G48: 0 | H48: 71 | I48: 0 | J48: 27 | K48: 27 | N48: RK368419MI | O48: 0 | P48: 0 | Q48: 71 | R48: 71 | S48: 4747677 | T48: 3.5 | U48: =VLOOKUP(N48,'[2]154'!$C$9:$T$554,18,0) -> 71 | V48: RK368419MI | W48: 27 | X48: 83292.556 | Y48: 2248899 | AA48: RK368419MI | AB48: 0 | AC48: 0 | AD48: 71 | AE48: 71 | AF48: 57 | AG48: 1897560 | AI48: RK368419MI | AJ48: 0 | AK48: 0 | AL48: 71 | AM48: 71 | AN48: 57 | AO48: 2850117
A49: 43 | B49: ANN TAYLOR | C49: 453280 | D49: 0 | E49: 196 | F49: 0 | G49: 0 | H49: 196 | I49: 0 | J49: 25 | K49: 25 | N49: 453280 | O49: 0 | P49: 0 | Q49: 196 | R49: 196 | S49: 6283721 | T49: 1.85 | U49: =VLOOKUP(N49,'[2]154'!$C$9:$T$554,18,0) -> 196 | V49: 453280 | W49: 25 | X49: 40023.68 | Y49: 1000592 | AA49: 453280 | AB49: 0 | AC49: 0 | AD49: 196 | AE49: 196 | AF49: 157 | AG49: 2511489 | AI49: 453280 | AJ49: 0 | AK49: 0 | AL49: 196 | AM49: 196 | AN49: 157 | AO49: 3772232
A50: 44 | B50: ALFANI | C50: 100003227 | D50: 10247 | E50: 378 | F50: 20 | G50: 112 | H50: 246 | I50: 0 | J50: 177 | K50: 177 | N50: 100003227 | O50: 20 | P50: 112 | Q50: 246 | R50: 378 | S50: 9502769 | T50: 1.9 | U50: =VLOOKUP(N50,'[2]154'!$C$9:$T$554,18,0) -> 378 | V50: 100003227 | W50: 177 | X50: 36984.876 | Y50: 6546323 | AA50: 100003227 | AB50: 20 | AC50: 112 | AD50: 246 | AE50: 378 | AF50: 257 | AG50: 4025106 | AI50: 100003227 | AJ50: 20 | AK50: 112 | AL50: 246 | AM50: 378 | AN50: 257 | AO50: 5477663
A51: 45 | B51: ALFANI | C51: 100003486 | D51: 0 | E51: 249 | F51: 0 | G51: 0 | H51: 249 | I51: 0 | J51: 13 | K51: 13 | N51: 100003486 | O51: 0 | P51: 0 | Q51: 249 | R51: 249 | S51: 7852672 | T51: 1.85 | U51: =VLOOKUP(N51,'[2]154'!$C$9:$T$554,18,0) -> 249 | V51: 100003486 | W51: 13 | X51: 39460.692 | Y51: 512989 | AA51: 100003486 | AB51: 0 | AC51: 0 | AD51: 249 | AE51: 249 | AF51: 199 | AG51: 3229345 | AI51: 100003486 | AJ51: 0 | AK51: 0 | AL51: 249 | AM51: 249 | AN51: 199 | AO51: 4623327
A52: 46 | B52: ALFANI | C52: 100003532 | D52: 0 | E52: 68 | F52: 0 | G52: 0 | H52: 68 | I52: 0 | J52: 46 | K52: 46 | N52: 100003532 | O52: 0 | P52: 0 | Q52: 68 | R52: 68 | S52: 1902233 | T52: 1.65 | U52: =VLOOKUP(N52,'[2]154'!$C$9:$T$554,18,0) -> 68 | V52: 100003532 | W52: 46 | X52: 35226.522 | Y52: 1620420 | AA52: 100003532 | AB52: 0 | AC52: 0 | AD52: 68 | AE52: 68 | AF52: 54 | AG52: 778886 | AI52: 100003532 | AJ52: 0 | AK52: 0 | AL52: 68 | AM52: 68 | AN52: 54 | AO52: 1123347
A53: 47 | B53: ALFANI | C53: 100003576 | D53: 0 | E53: 96 | F53: 0 | G53: 0 | H53: 96 | I53: 0 | J53: 75 | K53: 75 | N53: 100003576 | O53: 0 | P53: 0 | Q53: 96 | R53: 96 | S53: 1662915 | T53: 1.02 | U53: =VLOOKUP(N53,'[2]154'!$C$9:$T$554,18,0) -> 96 | V53: 100003576 | W53: 75 | X53: 21474.96 | Y53: 1610622 | AA53: 100003576 | AB53: 0 | AC53: 0 | AD53: 96 | AE53: 96 | AF53: 77 | AG53: 703516 | AI53: 100003576 | AJ53: 0 | AK53: 0 | AL53: 96 | AM53: 96 | AN53: 77 | AO53: 959399
A54: 48 | B54: ALFANI | C54: 100004422 | D54: 0 | E54: 63 | F54: 0 | G54: 0 | H54: 63 | I54: 0 | J54: 0 | K54: 0 | N54: 100004422 | O54: 0 | P54: 0 | Q54: 63 | R54: 63 | S54: 1166158 | T54: 1.1 | U54: =VLOOKUP(N54,'[2]154'!$C$9:$T$554,18,0) -> 63 | V54: 100004422 | W54: 0 | X54: 0 | Y54: 0 | AA54: 100004422 | AB54: 0 | AC54: 0 | AD54: 63 | AE54: 63 | AF54: 50 | AG54: 493357 | AI54: 100004422 | AJ54: 0 | AK54: 0 | AL54: 63 | AM54: 63 | AN54: 50 | AO54: 672801
A55: 49 | B55: ALFANI | C55: 100004424 | D55: 0 | E55: 81 | F55: 0 | G55: 0 | H55: 81 | I55: 0 | J55: 37 | K55: 37 | N55: 100004424 | O55: 0 | P55: 0 | Q55: 81 | R55: 81 | S55: 1516005 | T55: 1.1 | U55: =VLOOKUP(N55,'[2]154'!$C$9:$T$554,18,0) -> 81 | V55: 100004424 | W55: 37 | X55: 23323.162 | Y55: 862957 | AA55: 100004424 | AB55: 0 | AC55: 0 | AD55: 81 | AE55: 81 | AF55: 65 | AG55: 641364 | AI55: 100004424 | AJ55: 0 | AK55: 0 | AL55: 81 | AM55: 81 | AN55: 65 | AO55: 874641
A56: 50 | B56: ALFANI | C56: 100005621 | D56: 0 | E56: 56 | F56: 0 | G56: 0 | H56: 56 | I56: 0 | J56: 4 | K56: 4 | N56: 100005621 | O56: 0 | P56: 0 | Q56: 56 | R56: 56 | S56: 3816515 | T56: 4 | U56: =VLOOKUP(N56,'[2]154'!$C$9:$T$554,18,0) -> 56 | V56: 100005621 | W56: 4 | X56: 84811.5 | Y56: 339246 | AA56: 100005621 | AB56: 0 | AC56: 0 | AD56: 56 | AE56: 56 | AF56: 45 | AG56: 1614622 | AI56: 100005621 | AJ56: 0 | AK56: 0 | AL56: 56 | AM56: 56 | AN56: 45 | AO56: 2201893
A57: 51 | B57: ALFANI | C57: 100005705 | D57: 5880 | E57: 1081 | F57: 0 | G57: 198 | H57: 883 | I57: 4986 | J57: 0 | K57: 4986 | N57: 100005705 | O57: 0 | P57: 198 | Q57: 883 | R57: 1081 | S57: 35179115 | T57: 2.2 | U57: =VLOOKUP(N57,'[2]154'!$C$9:$T$554,18,0) -> 1081 | V57: 100005705 | W57: 4986 | X57: 43755.268 | Y57: =ROUND(222276760/5080*W57,0) -> 218163765 | AA57: 100005705 | AB57: 0 | AC57: 198 | AD57: 883 | AE57: 1081 | AF57: 805 | AG57: 12637488 | AI57: 100005705 | AJ57: 0 | AK57: 198 | AL57: 883 | AM57: 1081 | AN57: 805 | AO57: 22541627
A58: 52 | B58: ALFANI | C58: 100005710 | D58: 0 | E58: 132 | F58: 0 | G58: 0 | H58: 132 | I58: 0 | J58: 0 | K58: 0 | N58: 100005710 | O58: 0 | P58: 0 | Q58: 132 | R58: 132 | S58: 6046604 | T58: 2.7 | U58: =VLOOKUP(N58,'[2]154'!$C$9:$T$554,18,0) -> 132 | V58: 100005710 | W58: 0 | X58: 0 | Y58: 0 | AA58: 100005710 | AB58: 0 | AC58: 0 | AD58: 132 | AE58: 132 | AF58: 106 | AG58: 2558088 | AI58: 100005710 | AJ58: 0 | AK58: 0 | AL58: 132 | AM58: 132 | AN58: 106 | AO58: 3488516
A59: 53 | B59: ALFANI | C59: 100006873 | D59: 0 | E59: 0 | F59: 0 | G59: 0 | H59: 0 | I59: 0 | J59: 10 | K59: 10 | N59: 100006873 | O59: 0 | P59: 0 | Q59: 0 | R59: 0 | S59: 0 | T59: 2.7 | U59: =VLOOKUP(N59,'[2]154'!$C$9:$T$554,18,0) -> 0 | V59: 100006873 | W59: 10 | X59: 57247.8 | Y59: 572478 | AA59: 100006873 | AB59: 0 | AC59: 0 | AD59: 0 | AE59: 0 | AF59: 0 | AG59: 0 | AI59: 100006873 | AJ59: 0 | AK59: 0 | AL59: 0 | AM59: 0 | AN59: 0 | AO59: 0
A60: 54 | B60: ALFANI | C60: 100006874 | D60: 0 | E60: 0 | F60: 0 | G60: 0 | H60: 0 | I60: 0 | J60: 26 | K60: 26 | N60: 100006874 | O60: 0 | P60: 0 | Q60: 0 | R60: 0 | S60: 0 | T60: 2.7 | U60: =VLOOKUP(N60,'[2]154'!$C$9:$T$554,18,0) -> 0 | V60: 100006874 | W60: 26 | X60: 57247.731 | Y60: 1488441 | AA60: 100006874 | AB60: 0 | AC60: 0 | AD60: 0 | AE60: 0 | AF60: 0 | AG60: 0 | AI60: 100006874 | AJ60: 0 | AK60: 0 | AL60: 0 | AM60: 0 | AN60: 0 | AO60: 0
A61: 55 | B61: ALFANI | C61: 100008197 | D61: 9784 | E61: 461 | F61: 0 | G61: 175 | H61: 286 | I61: 0 | J61: 18 | K61: 18 | N61: 100008197 | O61: 0 | P61: 175 | Q61: 286 | R61: 461 | S61: 11662004 | T61: 1.86 | U61: =VLOOKUP(N61,'[2]154'!$C$9:$T$554,18,0) -> 461 | V61: 100008197 | W61: 18 | X61: 36913.889 | Y61: 664450 | AA61: 100008197 | AB61: 0 | AC61: 175 | AD61: 286 | AE61: 461 | AF61: 316 | AG61: 4170768 | AI61: 100008197 | AJ61: 0 | AK61: 175 | AL61: 286 | AM61: 461 | AN61: 316 | AO61: 7491236
A62: 56 | B62: ALFANI | C62: 100008887 | D62: 0 | E62: 200 | F62: 0 | G62: 0 | H62: 200 | I62: 0 | J62: 18 | K62: 18 | N62: 100008887 | O62: 0 | P62: 0 | Q62: 200 | R62: 200 | S62: 9159637 | T62: 2.7 | U62: =VLOOKUP(N62,'[2]154'!$C$9:$T$554,18,0) -> 200 | V62: 100008887 | W62: 18 | X62: 57247.778 | Y62: 1030460 | AA62: 100008887 | AB62: 0 | AC62: 0 | AD62: 200 | AE62: 200 | AF62: 160 | AG62: 3875093 | AI62: 100008887 | AJ62: 0 | AK62: 0 | AL62: 200 | AM62: 200 | AN62: 160 | AO62: 5284544
A63: 57 | B63: ALFANI | C63: 100010879 | D63: 0 | E63: 250 | F63: 0 | G63: 0 | H63: 250 | I63: 0 | J63: 0 | K63: 0 | N63: 100010879 | O63: 0 | P63: 0 | Q63: 250 | R63: 250 | S63: 9396639 | T63: 2.2 | U63: =VLOOKUP(N63,'[2]154'!$C$9:$T$554,18,0) -> 250 | V63: 100010879 | W63: 0 | X63: 0 | Y63: 0 | AA63: 100010879 | AB63: 0 | AC63: 0 | AD63: 250 | AE63: 250 | AF63: 200 | AG63: 3841830 | AI63: 100010879 | AJ63: 0 | AK63: 0 | AL63: 250 | AM63: 250 | AN63: 200 | AO63: 5554809
A64: 58 | B64: ALFANI | C64: 100010914 | D64: 0 | E64: 55 | F64: 0 | G64: 0 | H64: 55 | I64: 0 | J64: 38 | K64: 38 | N64: 100010914 | O64: 0 | P64: 0 | Q64: 55 | R64: 55 | S64: 2056699 | T64: 2.2 | U64: =VLOOKUP(N64,'[2]154'!$C$9:$T$554,18,0) -> 55 | V64: 100010914 | W64: 38 | X64: 46726.105 | Y64: 1775592 | AA64: 100010914 | AB64: 0 | AC64: 0 | AD64: 55 | AE64: 55 | AF64: 44 | AG64: 861665 | AI64: 100010914 | AJ64: 0 | AK64: 0 | AL64: 55 | AM64: 55 | AN64: 44 | AO64: 1195034
A65: 59 | B65: ALFANI | C65: 100011006 | D65: 0 | E65: 94 | F65: 0 | G65: 0 | H65: 94 | I65: 0 | J65: 85 | K65: 85 | N65: 100011006 | O65: 0 | P65: 0 | Q65: 94 | R65: 94 | S65: 2553320 | T65: 1.6 | U65: =VLOOKUP(N65,'[2]154'!$C$9:$T$554,18,0) -> 94 | V65: 100011006 | W65: 85 | X65: 33560.435 | Y65: 2852637 | AA65: 100011006 | AB65: 0 | AC65: 0 | AD65: 94 | AE65: 94 | AF65: 75 | AG65: 1080212 | AI65: 100011006 | AJ65: 0 | AK65: 0 | AL65: 94 | AM65: 94 | AN65: 75 | AO65: 1473108
A66: 60 | B66: ALFANI | C66: 100011101 | D66: 0 | E66: 21 | F66: 0 | G66: 0 | H66: 21 | I66: 0 | J66: 20 | K66: 20 | N66: 100011101 | O66: 0 | P66: 0 | Q66: 21 | R66: 21 | S66: 391481 | T66: 1.1 | U66: =VLOOKUP(N66,'[2]154'!$C$9:$T$554,18,0) -> 21 | V66: 100011101 | W66: 20 | X66: 21132.15 | Y66: 422643 | AA66: 100011101 | AB66: 0 | AC66: 0 | AD66: 21 | AE66: 21 | AF66: 17 | AG66: 165621 | AI66: 100011101 | AJ66: 0 | AK66: 0 | AL66: 21 | AM66: 21 | AN66: 17 | AO66: 225860
A67: 61 | B67: ALFANI | C67: 100011102 | D67: 0 | E67: 31 | F67: 0 | G67: 0 | H67: 31 | I67: 0 | J67: 17 | K67: 17 | N67: 100011102 | O67: 0 | P67: 0 | Q67: 31 | R67: 31 | S67: 578563 | T67: 1.1 | U67: =VLOOKUP(N67,'[2]154'!$C$9:$T$554,18,0) -> 31 | V67: 100011102 | W67: 17 | X67: 20476.647 | Y67: 348103 | AA67: 100011102 | AB67: 0 | AC67: 0 | AD67: 31 | AE67: 31 | AF67: 25 | AG67: 244768 | AI67: 100011102 | AJ67: 0 | AK67: 0 | AL67: 31 | AM67: 31 | AN67: 25 | AO67: 333795
A68: 62 | B68: ALFANI | C68: 2335 | D68: 22526 | E68: 1055 | F68: 0 | G68: 128 | H68: 927 | I68: 0 | J68: 0 | K68: 0 | N68: 2335 | O68: 0 | P68: 128 | Q68: 927 | R68: 1055 | S68: 18968919 | T68: 1.23 | U68: =VLOOKUP(N68,'[2]154'!$C$9:$T$554,18,0) -> 1055 | V68: 2335 | AA68: 2335 | AB68: 0 | AC68: 128 | AD68: 927 | AE68: 1055 | AF68: 806 | AG68: 7267820 | AI68: 2335 | AJ68: 0 | AK68: 128 | AL68: 927 | AM68: 1055 | AN68: 806 | AO68: 11701099
A69: 63 | B69: ALFANI | C69: 7220 | D69: 4782 | E69: 398 | F69: 0 | G69: 76 | H69: 322 | I69: 0 | J69: 154 | K69: 154 | N69: 7220 | O69: 0 | P69: 76 | Q69: 322 | R69: 398 | S69: 13971245 | T69: 2.27 | U69: =VLOOKUP(N69,'[2]154'!$C$9:$T$554,18,0) -> 398 | V69: 7220 | W69: 154 | X69: 47144.727 | Y69: 7260288 | AA69: 7220 | AB69: 0 | AC69: 76 | AD69: 322 | AE69: 398 | AF69: 296 | AG69: 5749825 | AI69: 7220 | AJ69: 0 | AK69: 76 | AL69: 322 | AM69: 398 | AN69: 296 | AO69: 8221420
A70: 64 | B70: ALFANI | C70: 7D400 | D70: 0 | E70: 72 | F70: 0 | G70: 0 | H70: 72 | I70: 0 | J70: 56 | K70: 56 | N70: 7D400 | O70: 0 | P70: 0 | Q70: 72 | R70: 72 | S70: 4673111 | T70: 3.8 | U70: =VLOOKUP(N70,'[2]154'!$C$9:$T$554,18,0) -> 72 | V70: 7D400 | W70: 56 | X70: 80570.893 | Y70: 4511970 | AA70: 7D400 | AB70: 0 | AC70: 0 | AD70: 72 | AE70: 72 | AF70: 58 | AG70: 1977015 | AI70: 7D400 | AJ70: 0 | AK70: 0 | AL70: 72 | AM70: 72 | AN70: 58 | AO70: 2696096
A71: 65 | B71: ALFANI | C71: 7D701 | D71: 0 | E71: 180 | F71: 0 | G71: 0 | H71: 180 | I71: 0 | J71: 37 | K71: 37 | N71: 7D701 | O71: 0 | P71: 0 | Q71: 180 | R71: 180 | S71: 5941256 | T71: 1.95 | U71: =VLOOKUP(N71,'[2]154'!$C$9:$T$554,18,0) -> 180 | V71: 7D701 | W71: 37 | X71: 41051.243 | Y71: 1518896 | AA71: 7D701 | AB71: 0 | AC71: 0 | AD71: 180 | AE71: 180 | AF71: 144 | AG71: 2513519 | AI71: 7D701 | AJ71: 0 | AK71: 0 | AL71: 180 | AM71: 180 | AN71: 144 | AO71: 3427737
A72: 66 | B72: ALFANI | C72: 7D707 | D72: 0 | E72: 387 | F72: 0 | G72: 0 | H72: 387 | I72: 0 | J72: 316 | K72: 316 | N72: 7D707 | O72: 0 | P72: 0 | Q72: 387 | R72: 387 | S72: 24943442 | T72: 3.8 | U72: =VLOOKUP(N72,'[2]154'!$C$9:$T$554,18,0) -> 387 | V72: 7D707 | W72: 316 | X72: 70253.968 | Y72: 22200254 | AA72: 7D707 | AB72: 0 | AC72: 0 | AD72: 387 | AE72: 387 | AF72: 310 | AG72: 10552620 | AI72: 7D707 | AJ72: 0 | AK72: 0 | AL72: 387 | AM72: 387 | AN72: 310 | AO72: 14390822
A73: 67 | B73: ALFANI | C73: 7D713 | D73: 0 | E73: 0 | F73: 0 | G73: 0 | H73: 0 | I73: 0 | J73: 117 | K73: 117 | N73: 7D713 | O73: 0 | P73: 0 | Q73: 0 | R73: 0 | S73: 0 | T73: 2.2 | U73: =VLOOKUP(N73,'[2]154'!$C$9:$T$554,18,0) -> 0 | V73: 7D713 | W73: 117 | X73: 46646.308 | Y73: 5457618 | AA73: 7D713 | AB73: 0 | AC73: 0 | AD73: 0 | AE73: 0 | AF73: 0 | AG73: 0 | AI73: 7D713 | AJ73: 0 | AK73: 0 | AL73: 0 | AM73: 0 | AN73: 0 | AO73: 0
